Workbook
Name chiffre: #REF!
Name chiffre: #REF!
Name chiffre: #REF!
Name chiffre: #REF!
Name chiffre: #REF!
Name chiffre: #REF!
Name chiffre: #REF!
Name chiffre: #REF!
Name chiffre: #REF!
Name chiffre: #REF!
Name chiffre: #REF!
Name chiffre: #REF!
Name chiffre: #REF!
Name chiffre: #REF!
Name chiffre: #REF!
Name donnee: #REF!
Name donnee: #REF!
Name donnee: #REF!
Name donnee: #REF!
Name donnee: #REF!
Name donnee: #REF!
Name donnee: #REF!
Name donnee: #REF!
Name donnee: #REF!
Name donnee: #REF!
Name donnee: #REF!
Name donnee: #REF!
Name donnee: #REF!
Name donnee: #REF!
Name donnee: #REF!
Name note: #REF!
Name note: #REF!
Name note: #REF!
Name note: #REF!
Name note: #REF!
Name note: #REF!
Name note: #REF!
Name note: #REF!
Name note: #REF!
Name note: #REF!
Name note: #REF!
Name note: #REF!
Name note: #REF!
Name note: #REF!
Name note: #REF!
Name source: #REF!
Name source: #REF!
Name source: #REF!
Name source: #REF!
Name source: #REF!
Name source: #REF!
Name source: #REF!
Name source: #REF!
Name source: #REF!
Name source: #REF!
Name source: #REF!
Name source: #REF!
Name source: #REF!
Name source: #REF!
Name source: #REF!

Sheet SECTION_N_CR_2017
A1: Caractéristiques comptables, financières et d'emploi des entreprises - Compte de résultat au niveau division selon la catégorie d'entreprise
A2: Note de lecture : N = Donnée non disponible, S = Donnée soumise au secret statistique
A3: Champ : France - Ensemble des entreprises marchandes y compris auto-entrepreneurs, hors agriculture et hors services financiers et d'assurance (mais y compris auxiliaires de services financiers et d'assurance, sociétés holdings)
A4: Source : Insee, Esane 2017
A6: en millions d'euros
A7: secteur d'activité | B7: N | C7: N | D7: N | E7: N | F7: 77 | G7: 77 | H7: 77 | I7: 77 | J7: 78 | K7: 78 | L7: 78 | M7: 78 | N7: 79 | O7: 79 | P7: 79 | Q7: 79 | R7: 80 | S7: 80 | T7: 80 | U7: 80 | V7: 81 | W7: 81 | X7: 81 | Y7: 81 | Z7: 82 | AA7: 82 | AB7: 82 | AC7: 82
A8: activité | B8: Activités de services administratifs et de soutien | C8: Activités de services administratifs et de soutien | D8: Activités de services administratifs et de soutien | E8: Activités de services administratifs et de soutien | F8: Activités de location et location-bail | G8: Activités de location et location-bail | H8: Activités de location et location-bail | I8: Activités de location et location-bail | J8: Activités liées à l'emploi | K8: Activités liées à l'emploi | L8: Activités liées à l'emploi | M8: Activités liées à l'emploi | N8: Activités des agences de voyage, voyagistes, services de réservation et activités connexes | O8: Activités des agences de voyage, voyagistes, services de réservation et activités connexes | P8: Activités des agences de voyage, voyagistes, services de réservation et activités connexes | Q8: Activités des agences de voyage, voyagistes, services de réservation et activités connexes | R8: Enquêtes et sécurité | S8: Enquêtes et sécurité | T8: Enquêtes et sécurité | U8: Enquêtes et sécurité | V8: Services relatifs aux bâtiments et aménagement paysager | W8: Services relatifs aux bâtiments et aménagement paysager | X8: Services relatifs aux bâtiments et aménagement paysager | Y8: Services relatifs aux bâtiments et aménagement paysager | Z8: Activités administratives et autres activités de soutien aux entreprises | AA8: Activités administratives et autres activités de soutien aux entreprises | AB8: Activités administratives et autres activités de soutien aux entreprises | AC8: Activités administratives et autres activités de soutien aux entreprises
A9: Catégorie d'entreprise | B9: Ensemble des catégories d'entreprise | C9: Microentreprises (MICRO) | D9: Petites et moyennes entreprises (PME), hors Microentreprises | E9: Entreprises de taille intermédiaire (ETI) ou Grandes entreprises (GE) | F9: Ensemble des catégories d'entreprise | G9: Microentreprises (MICRO) | H9: Petites et moyennes entreprises (PME), hors Microentreprises | I9: Entreprises de taille intermédiaire (ETI) ou Grandes entreprises (GE) | J9: Ensemble des catégories d'entreprise | K9: Microentreprises (MICRO) | L9: Petites et moyennes entreprises (PME), hors Microentreprises | M9: Entreprises de taille intermédiaire (ETI) ou Grandes entreprises (GE) | N9: Ensemble des catégories d'entreprise | O9: Microentreprises (MICRO) | P9: Petites et moyennes entreprises (PME), hors Microentreprises | Q9: Entreprises de taille intermédiaire (ETI) ou Grandes entreprises (GE) | R9: Ensemble des catégories d'entreprise | S9: Microentreprises (MICRO) | T9: Petites et moyennes entreprises (PME), hors Microentreprises | U9: Entreprises de taille intermédiaire (ETI) ou Grandes entreprises (GE) | V9: Ensemble des catégories d'entreprise | W9: Microentreprises (MICRO) | X9: Petites et moyennes entreprises (PME), hors Microentreprises | Y9: Entreprises de taille intermédiaire (ETI) ou Grandes entreprises (GE) | Z9: Ensemble des catégories d'entreprise | AA9: Microentreprises (MICRO) | AB9: Petites et moyennes entreprises (PME), hors Microentreprises | AC9: Entreprises de taille intermédiaire (ETI) ou Grandes entreprises (GE)
A10: Nombre d'entreprises | B10: 191875 | C10: 181717 | D10: 9728 | E10: 430 | F10: 38581 | G10: 37634 | H10: 878 | I10: 69 | J10: 7486 | K10: 6207 | L10: 1214 | M10: 65 | N10: 8539 | O10: 7836 | P10: 676 | Q10: 27 | R10: 8085 | S10: 6681 | T10: 1332 | U10: 72 | V10: 76424 | W10: 72594 | X10: 3733 | Y10: 97 | Z10: 52760 | AA10: 50765 | AB10: 1895 | AC10: 100
A11: Chiffre d'affaires Hors Taxes (a+d1+d2) | B11: 149373.51 | C11: 20719.2 | D11: 38640.38 | E11: 90013.93 | F11: 38373.4 | G11: 3646.37 | H11: 7079.28 | I11: 27647.76 | J11: 34514.16 | K11: 2212.6 | L11: 7056.07 | M11: 25245.49 | N11: 12376.32 | O11: 2148.18 | P11: 4535.8 | Q11: 5692.34 | R11: 8841.16 | S11: 1102.07 | T11: 2884.53 | U11: 4854.56 | V11: 23101.76 | W11: 6232.9 | X11: 7572.44 | Y11: 9296.42 | Z11: 32166.7 | AA11: 5377.09 | AB11: 9512.27 | AC11: 17277.35
A12: dont exportations | B12: 12419.7 | C12: 1493.1 | D12: 4018.16 | E12: 6908.44 | F12: 3441.27 | G12: 406.06 | H12: 789.24 | I12: 2245.97 | J12: 364.93 | K12: 27.89 | L12: 138.46 | M12: 198.58 | N12: 4113.85 | O12: 545.49 | P12: 1599.6 | Q12: 1968.76 | R12: 236.88 | S12: 21.73 | T12: 33.02 | U12: 182.13 | V12: 313.91 | W12: 79.79 | X12: 72.86 | Y12: 161.26 | Z12: 3948.86 | AA12: 412.14 | AB12: 1384.98 | AC12: 2151.74
A13: Ventes de marchandises (a) | B13: 10319.87 | C13: 1449.11 | D13: 2305.69 | E13: 6565.07 | F13: 5344.04 | G13: 575.04 | H13: 1122.82 | I13: 3646.18 | J13: 82.98 | K13: 2.14 | L13: 14.28 | M13: 66.56 | N13: 222.53 | O13: 72.26 | P13: 138.63 | Q13: 11.65 | R13: 614.51 | S13: 47.39 | T13: 110.69 | U13: 456.43 | V13: 583.37 | W13: 213.3 | X13: 195.29 | Y13: 174.78 | Z13: 3472.44 | AA13: 538.97 | AB13: 723.99 | AC13: 2209.48
A14: - Achats de marchandises (y compris droits de douanes) (b) | B14: 8190.21 | C14: 1041.35 | D14: 1736.91 | E14: 5411.96 | F14: 4316.78 | G14: 425.7 | H14: 888.79 | I14: 3002.29 | J14: 58.73 | K14: 1.06 | L14: 9.17 | M14: 48.5 | N14: 211.31 | O14: 68.08 | P14: 130.51 | Q14: 12.73 | R14: 399.93 | S14: 24.61 | T14: 64.31 | U14: 311 | V14: 391.99 | W14: 125.02 | X14: 119.36 | Y14: 147.61 | Z14: 2811.47 | AA14: 396.89 | AB14: 524.76 | AC14: 1889.83
A15: - Variation de stock de marchandises (c) | B15: -67.14 | C15: -9.96 | D15: -11.92 | E15: -45.26 | F15: -50.05 | G15: -6.1 | H15: -3.31 | I15: -40.64 | J15: -0.33 | K15: 0 | L15: -0.21 | M15: -0.12 | N15: -0.53 | O15: -0.01 | P15: -0.37 | Q15: -0.15 | R15: -0.5 | S15: -0.47 | T15: -0.27 | U15: 0.24 | V15: -4.09 | W15: -0.46 | X15: -1.53 | Y15: -2.1 | Z15: -11.64 | AA15: -2.92 | AB15: -6.22 | AC15: -2.5
A16: = Marge commerciale I=a-b-c | B16: 2196.81 | C16: 417.72 | D16: 580.7 | E16: 1198.38 | F16: 1077.31 | G16: 155.44 | H16: 237.33 | I16: 684.53 | J16: 24.59 | K16: 1.09 | L16: 5.31 | M16: 18.19 | N16: 11.75 | O16: 4.19 | P16: 8.49 | Q16: -0.93 | R16: 215.09 | S16: 23.25 | T16: 46.65 | U16: 145.18 | V16: 195.46 | W16: 88.74 | X16: 77.46 | Y16: 29.26 | Z16: 672.61 | AA16: 145.01 | AB16: 205.45 | AC16: 322.15
A17: Production vendue de biens (d1) | B17: 2942.83 | C17: 20.62 | D17: 618.12 | E17: 2304.09 | F17: 1720.27 | G17: 5.87 | H17: 179.55 | I17: 1534.86 | J17: 140.3 | K17: 0 | L17: 26.75 | M17: 113.55 | N17: 0 | O17: 0 | P17: 0 | Q17: 0 | R17: 280.86 | S17: 2.26 | T17: 41.3 | U17: 237.31 | V17: 569.7 | W17: 6.03 | X17: 217.81 | Y17: 345.86 | Z17: 231.69 | AA17: 6.47 | AB17: 152.71 | AC17: 72.51
A18: Production vendue de services (d2) | B18: 136110.81 | C18: 19249.47 | D18: 35716.58 | E18: 81144.76 | F18: 31309.09 | G18: 3065.46 | H18: 5776.92 | I18: 22466.71 | J18: 34290.88 | K18: 2210.46 | L18: 7015.04 | M18: 25065.38 | N18: 12153.79 | O18: 2075.93 | P18: 4397.17 | Q18: 5680.69 | R18: 7945.78 | S18: 1052.42 | T18: 2732.54 | U18: 4160.83 | V18: 21948.69 | W18: 6013.56 | X18: 7159.34 | Y18: 8775.78 | Z18: 28462.57 | AA18: 4831.65 | AB18: 8635.57 | AC18: 14995.36
A19: + Production stockée | B19: 36.44 | C19: 159.82 | D19: 38.14 | E19: -161.52 | F19: -165.21 | G19: 0.82 | H19: 12.91 | I19: -178.94 | J19: 2.88 | K19: 2.58 | L19: 0.07 | M19: 0.22 | N19: 3.86 | O19: 0.92 | P19: 2.08 | Q19: 0.86 | R19: 13.91 | S19: 1.67 | T19: 5.38 | U19: 6.86 | V19: 23.39 | W19: 9.39 | X19: -1.04 | Y19: 15.04 | Z19: 157.62 | AA19: 144.44 | AB19: 18.73 | AC19: -5.56
A20: + Production immobilisée | B20: 535.37 | C20: 74.67 | D20: 103.28 | E20: 357.43 | F20: 253.1 | G20: 30.37 | H20: 49.19 | I20: 173.53 | J20: 13.13 | K20: 0.74 | L20: 2.43 | M20: 9.97 | N20: 29.62 | O20: 1.81 | P20: 8.23 | Q20: 19.58 | R20: 56.35 | S20: 0.79 | T20: 3.15 | U20: 52.41 | V20: 69.55 | W20: 7.48 | X20: 4.31 | Y20: 57.76 | Z20: 113.62 | AA20: 33.47 | AB20: 35.97 | AC20: 44.18
A21: = Production totale de biens et services (hors marge commerciale) (d') | B21: 139625.45 | C21: 19504.58 | D21: 36476.12 | E21: 83644.76 | F21: 33117.25 | G21: 3102.52 | H21: 6018.57 | I21: 23996.16 | J21: 34447.18 | K21: 2213.78 | L21: 7044.29 | M21: 25189.12 | N21: 12187.27 | O21: 2078.66 | P21: 4407.48 | Q21: 5701.13 | R21: 8296.9 | S21: 1057.13 | T21: 2782.36 | U21: 4457.41 | V21: 22611.33 | W21: 6036.46 | X21: 7380.43 | Y21: 9194.45 | Z21: 28965.51 | AA21: 5016.03 | AB21: 8842.99 | AC21: 15106.49
... A54: Capacité d'autofinancement | B54: 15430.1 | C54: 2153.49 | D54: 2218.13 | E54: 11058.48 | F54: 9656.82 | G54: 709.68 | H54: 857.86 | I54: 8089.28 | J54: 1723.02 | K54: 85.91 | L54: 448.43 | M54: 1188.67 | N54: 153.71 | O54: 11.05 | P54: 25.38 | Q54: 117.28 | R54: 224.64 | S54: 52.8 | T54: 44.92 | U54: 126.92 | V54: 1570.22 | W54: 775.85 | X54: 393.42 | Y54: 400.95 | Z54: 2101.69 | AA54: 518.19 | AB54: 448.13 | AC54: 1135.37

Sheet SECTION_N_CR_2018
A1: Caractéristiques comptables, financières et d'emploi des entreprises - Compte de résultat au niveau division selon la catégorie d'entreprise
A2: Note de lecture : N = Donnée non disponible, S = Donnée soumise au secret statistique
A3: Champ : France - Ensemble des entreprises marchandes y compris auto-entrepreneurs, hors agriculture et hors services financiers et d'assurance (mais y compris auxiliaires de services financiers et d'assurance, sociétés holdings)
A4: Source : Insee, Esane 2018
A6: en millions d'euros
A7: secteur d'activité | B7: N | C7: N | D7: N | E7: N | F7: 77 | G7: 77 | H7: 77 | I7: 77 | J7: 78 | K7: 78 | L7: 78 | M7: 78 | N7: 79 | O7: 79 | P7: 79 | Q7: 79 | R7: 80 | S7: 80 | T7: 80 | U7: 80 | V7: 81 | W7: 81 | X7: 81 | Y7: 81 | Z7: 82 | AA7: 82 | AB7: 82 | AC7: 82
A8: activité | B8: Activités de services administratifs et de soutien | C8: Activités de services administratifs et de soutien | D8: Activités de services administratifs et de soutien | E8: Activités de services administratifs et de soutien | F8: Activités de location et location-bail | G8: Activités de location et location-bail | H8: Activités de location et location-bail | I8: Activités de location et location-bail | J8: Activités liées à l'emploi | K8: Activités liées à l'emploi | L8: Activités liées à l'emploi | M8: Activités liées à l'emploi | N8: Activités des agences de voyage, voyagistes, services de réservation et activités connexes | O8: Activités des agences de voyage, voyagistes, services de réservation et activités connexes | P8: Activités des agences de voyage, voyagistes, services de réservation et activités connexes | Q8: Activités des agences de voyage, voyagistes, services de réservation et activités connexes | R8: Enquêtes et sécurité | S8: Enquêtes et sécurité | T8: Enquêtes et sécurité | U8: Enquêtes et sécurité | V8: Services relatifs aux bâtiments et aménagement paysager | W8: Services relatifs aux bâtiments et aménagement paysager | X8: Services relatifs aux bâtiments et aménagement paysager | Y8: Services relatifs aux bâtiments et aménagement paysager | Z8: Activités administratives et autres activités de soutien aux entreprises | AA8: Activités administratives et autres activités de soutien aux entreprises | AB8: Activités administratives et autres activités de soutien aux entreprises | AC8: Activités administratives et autres activités de soutien aux entreprises
A9: Catégorie d'entreprise | B9: Ensemble des catégories d'entreprise | C9: Microentreprises (MICRO) | D9: Petites et moyennes entreprises (PME), hors Microentreprises | E9: Entreprises de taille intermédiaire (ETI) ou Grandes entreprises (GE) | F9: Ensemble des catégories d'entreprise | G9: Microentreprises (MICRO) | H9: Petites et moyennes entreprises (PME), hors Microentreprises | I9: Entreprises de taille intermédiaire (ETI) ou Grandes entreprises (GE) | J9: Ensemble des catégories d'entreprise | K9: Microentreprises (MICRO) | L9: Petites et moyennes entreprises (PME), hors Microentreprises | M9: Entreprises de taille intermédiaire (ETI) ou Grandes entreprises (GE) | N9: Ensemble des catégories d'entreprise | O9: Microentreprises (MICRO) | P9: Petites et moyennes entreprises (PME), hors Microentreprises | Q9: Entreprises de taille intermédiaire (ETI) ou Grandes entreprises (GE) | R9: Ensemble des catégories d'entreprise | S9: Microentreprises (MICRO) | T9: Petites et moyennes entreprises (PME), hors Microentreprises | U9: Entreprises de taille intermédiaire (ETI) ou Grandes entreprises (GE) | V9: Ensemble des catégories d'entreprise | W9: Microentreprises (MICRO) | X9: Petites et moyennes entreprises (PME), hors Microentreprises | Y9: Entreprises de taille intermédiaire (ETI) ou Grandes entreprises (GE) | Z9: Ensemble des catégories d'entreprise | AA9: Microentreprises (MICRO) | AB9: Petites et moyennes entreprises (PME), hors Microentreprises | AC9: Entreprises de taille intermédiaire (ETI) ou Grandes entreprises (GE)
A10: Nombre d'entreprises | B10: 201304 | C10: 191012 | D10: 9846 | E10: 446 | F10: 39220 | G10: 38288 | H10: 854 | I10: 78 | J10: 7471 | K10: 6169 | L10: 1231 | M10: 71 | N10: 9035 | O10: 8330 | P10: 678 | Q10: 27 | R10: 7928 | S10: 6566 | T10: 1295 | U10: 67 | V10: 81427 | W10: 77429 | X10: 3896 | Y10: 102 | Z10: 56223 | AA10: 54230 | AB10: 1892 | AC10: 101
A11: Chiffre d'affaires Hors Taxes (a+d1+d2) | B11: 154125.72 | C11: 21417.07 | D11: 40018.54 | E11: 92690.11 | F11: 39069.84 | G11: 3621.9 | H11: 7182.58 | I11: 28265.36 | J11: 37988.47 | K11: 2455.25 | L11: 7392.72 | M11: 28140.5 | N11: 12682.18 | O11: 2192.85 | P11: 4488.2 | Q11: 6001.13 | R11: 9768.98 | S11: 1271.28 | T11: 3129.1 | U11: 5368.6 | V11: 23955.93 | W11: 6377.85 | X11: 7661.13 | Y11: 9916.95 | Z11: 30660.33 | AA11: 5497.94 | AB11: 10164.81 | AC11: 14997.58
A12: dont exportations | B12: 13056.72 | C12: 1288.06 | D12: 4187.66 | E12: 7580.99 | F12: 4355.91 | G12: 319.5 | H12: 833.17 | I12: 3203.23 | J12: 574.99 | K12: 31.59 | L12: 160.14 | M12: 383.26 | N12: 4159.73 | O12: 497.41 | P12: 1691.97 | Q12: 1970.36 | R12: 233.68 | S12: 23.38 | T12: 26.4 | U12: 183.9 | V12: 224.96 | W12: 82.57 | X12: 94.32 | Y12: 48.07 | Z12: 3507.45 | AA12: 333.61 | AB12: 1381.66 | AC12: 1792.18
A13: Ventes de marchandises (a) | B13: 9969.06 | C13: 1548.6 | D13: 2324.72 | E13: 6095.75 | F13: 6131.58 | G13: 569.08 | H13: 1154.89 | I13: 4407.61 | J13: 150.87 | K13: 3.27 | L13: 27.2 | M13: 120.4 | N13: 364.56 | O13: 139.23 | P13: 130.17 | Q13: 95.16 | R13: 561.54 | S13: 43.8 | T13: 69.3 | U13: 448.44 | V13: 530.81 | W13: 220.11 | X13: 190.02 | Y13: 120.67 | Z13: 2229.7 | AA13: 573.1 | AB13: 753.13 | AC13: 903.47
A14: - Achats de marchandises (y compris droits de douanes) (b) | B14: 7669.18 | C14: 1121.87 | D14: 1746.44 | E14: 4800.87 | F14: 4882.15 | G14: 444.94 | H14: 907.42 | I14: 3529.78 | J14: 120.72 | K14: 1.95 | L14: 20.23 | M14: 98.54 | N14: 280.06 | O14: 113.5 | P14: 103.77 | Q14: 62.8 | R14: 323.65 | S14: 21.32 | T14: 33.8 | U14: 268.53 | V14: 309.02 | W14: 122.43 | X14: 103.45 | Y14: 83.14 | Z14: 1753.58 | AA14: 417.72 | AB14: 577.77 | AC14: 758.09
A15: - Variation de stock de marchandises (c) | B15: -123.03 | C15: -33.75 | D15: -27.2 | E15: -62.07 | F15: -87.73 | G15: -21.18 | H15: -15.92 | I15: -50.64 | J15: -0.86 | K15: -0.11 | L15: -0.89 | M15: 0.13 | N15: -2.71 | O15: -0.2 | P15: -1.67 | Q15: -0.85 | R15: -1.97 | S15: -0.66 | T15: -0.47 | U15: -0.85 | V15: -1.7 | W15: -1.69 | X15: -0.75 | Y15: 0.75 | Z15: -28.05 | AA15: -9.91 | AB15: -7.51 | AC15: -10.63
A16: = Marge commerciale I=a-b-c | B16: 2422.91 | C16: 460.48 | D16: 605.48 | E16: 1356.95 | F16: 1337.17 | G16: 145.31 | H16: 263.39 | I16: 928.46 | J16: 31.01 | K16: 1.43 | L16: 7.85 | M16: 21.73 | N16: 87.21 | O16: 25.92 | P16: 28.08 | Q16: 33.21 | R16: 239.86 | S16: 23.14 | T16: 35.97 | U16: 180.75 | V16: 223.48 | W16: 99.37 | X16: 87.32 | Y16: 36.79 | Z16: 504.17 | AA16: 165.29 | AB16: 182.87 | AC16: 156.01
A17: Production vendue de biens (d1) | B17: 3345.39 | C17: 24.6 | D17: 614.19 | E17: 2706.59 | F17: 1835.63 | G17: 3.88 | H17: 233.31 | I17: 1598.44 | J17: 113.34 | K17: 0.95 | L17: 40.78 | M17: 71.61 | N17: 34.84 | O17: 7.1 | P17: 22.09 | Q17: 5.65 | R17: 323.48 | S17: 4.04 | T17: 62.5 | U17: 256.95 | V17: 802.77 | W17: 7.27 | X17: 226.68 | Y17: 568.82 | Z17: 235.3 | AA17: 1.35 | AB17: 28.84 | AC17: 205.11
A18: Production vendue de services (d2) | B18: 140811.27 | C18: 19843.87 | D18: 37079.63 | E18: 83887.77 | F18: 31102.62 | G18: 3048.93 | H18: 5794.39 | I18: 22259.3 | J18: 37724.25 | K18: 2451.02 | L18: 7324.74 | M18: 27948.48 | N18: 12282.77 | O18: 2046.52 | P18: 4335.94 | Q18: 5900.31 | R18: 8883.96 | S18: 1223.44 | T18: 2997.3 | U18: 4663.22 | V18: 22622.34 | W18: 6150.47 | X18: 7244.42 | Y18: 9227.45 | Z18: 28195.33 | AA18: 4923.49 | AB18: 9382.84 | AC18: 13889
A19: + Production stockée | B19: 180.99 | C19: 43.85 | D19: 50.24 | E19: 86.9 | F19: 140.78 | G19: 9.62 | H19: 21.8 | I19: 109.36 | J19: -6.32 | K19: 0.12 | L19: 0.6 | M19: -7.03 | N19: 2.4 | O19: 0.02 | P19: 1.05 | Q19: 1.32 | R19: 5.88 | S19: 0.76 | T19: 5.02 | U19: 0.09 | V19: 22.78 | W19: 9.24 | X19: 9.21 | Y19: 4.33 | Z19: 15.48 | AA19: 24.09 | AB19: 12.56 | AC19: -21.17
A20: + Production immobilisée | B20: 804.11 | C20: 73.96 | D20: 115.45 | E20: 614.7 | F20: 286.64 | G20: 16.15 | H20: 55.66 | I20: 214.82 | J20: 165.85 | K20: 0.42 | L20: 3 | M20: 162.43 | N20: 44.19 | O20: 2.73 | P20: 12.63 | Q20: 28.82 | R20: 62.46 | S20: 1.1 | T20: 3.31 | U20: 58.05 | V20: 73.53 | W20: 8.72 | X20: 4.18 | Y20: 60.64 | Z20: 171.45 | AA20: 44.84 | AB20: 36.67 | AC20: 89.94
A21: = Production totale de biens et services (hors marge commerciale) (d') | B21: 145141.76 | C21: 19986.29 | D21: 37859.51 | E21: 87295.96 | F21: 33365.67 | G21: 3078.58 | H21: 6105.15 | I21: 24181.93 | J21: 37997.12 | K21: 2452.51 | L21: 7369.12 | M21: 28175.49 | N21: 12364.2 | O21: 2056.38 | P21: 4371.71 | Q21: 5936.11 | R21: 9275.77 | S21: 1229.34 | T21: 3068.13 | U21: 4978.3 | V21: 23521.43 | W21: 6175.71 | X21: 7484.49 | Y21: 9861.23 | Z21: 28617.56 | AA21: 4993.76 | AB21: 9460.9 | AC21: 14162.89
... A54: Capacité d'autofinancement | B54: 14348.17 | C54: 2297.27 | D54: 2106.79 | E54: 9944.1 | F54: 9395.42 | G54: 699.21 | H54: 913.23 | I54: 7782.98 | J54: 1152.34 | K54: 62.35 | L54: 216.12 | M54: 873.87 | N54: 82.12 | O54: 58.79 | P54: 56.37 | Q54: -33.04 | R54: 369.17 | S54: 95.57 | T54: 66.79 | U54: 206.81 | V54: 1631.64 | W54: 823.01 | X54: 414.25 | Y54: 394.38 | Z54: 1717.48 | AA54: 558.35 | AB54: 440.03 | AC54: 719.11

Sheet SECTION_N_BILAN_2017
A1: Caractéristiques comptables, financières et d'emploi des unités légales - Bilan au niveau division selon la catégorie d'entreprise
A2: Note de lecture : N = Donnée non disponible, S = Donnée soumise au secret statistique
A3: Champ : France - Ensemble des entreprises marchandes y compris auto-entrepreneurs, hors agriculture et hors services financiers et d'assurance (mais y compris auxiliaires de services financiers et d'assurance, sociétés holdings)
A4: Source : Insee, Esane 2017
A5: en millions d'euros
A6: ACTIF
A7: secteur d'activité | B7: N | C7: N | D7: N | E7: N | F7: 77 | G7: 77 | H7: 77 | I7: 77 | J7: 78 | K7: 78 | L7: 78 | M7: 78 | N7: 79 | O7: 79 | P7: 79 | Q7: 79 | R7: 80 | S7: 80 | T7: 80 | U7: 80 | V7: 81 | W7: 81 | X7: 81 | Y7: 81 | Z7: 82 | AA7: 82 | AB7: 82 | AC7: 82
A8: activité | B8: Activités de services administratifs et de soutien | C8: Activités de services administratifs et de soutien | D8: Activités de services administratifs et de soutien | E8: Activités de services administratifs et de soutien | F8: Activités de location et location-bail | G8: Activités de location et location-bail | H8: Activités de location et location-bail | I8: Activités de location et location-bail | J8: Activités liées à l'emploi | K8: Activités liées à l'emploi | L8: Activités liées à l'emploi | M8: Activités liées à l'emploi | N8: Activités des agences de voyage, voyagistes, services de réservation et activités connexes | O8: Activités des agences de voyage, voyagistes, services de réservation et activités connexes | P8: Activités des agences de voyage, voyagistes, services de réservation et activités connexes | Q8: Activités des agences de voyage, voyagistes, services de réservation et activités connexes | R8: Enquêtes et sécurité | S8: Enquêtes et sécurité | T8: Enquêtes et sécurité | U8: Enquêtes et sécurité | V8: Services relatifs aux bâtiments et aménagement paysager | W8: Services relatifs aux bâtiments et aménagement paysager | X8: Services relatifs aux bâtiments et aménagement paysager | Y8: Services relatifs aux bâtiments et aménagement paysager | Z8: Activités administratives et autres activités de soutien aux entreprises | AA8: Activités administratives et autres activités de soutien aux entreprises | AB8: Activités administratives et autres activités de soutien aux entreprises | AC8: Activités administratives et autres activités de soutien aux entreprises
A9: Tranche d'effectif | B9: Ensemble des catégories d'entreprise | C9: Microentreprises (MICRO) | D9: Petites et moyennes entreprises (PME), hors Microentreprises | E9: Entreprises de taille intermédiaire (ETI) ou Grandes entreprises (GE) | F9: Ensemble des catégories d'entreprise | G9: Microentreprises (MICRO) | H9: Petites et moyennes entreprises (PME), hors Microentreprises | I9: Entreprises de taille intermédiaire (ETI) ou Grandes entreprises (GE) | J9: Ensemble des catégories d'entreprise | K9: Microentreprises (MICRO) | L9: Petites et moyennes entreprises (PME), hors Microentreprises | M9: Entreprises de taille intermédiaire (ETI) ou Grandes entreprises (GE) | N9: Ensemble des catégories d'entreprise | O9: Microentreprises (MICRO) | P9: Petites et moyennes entreprises (PME), hors Microentreprises | Q9: Entreprises de taille intermédiaire (ETI) ou Grandes entreprises (GE) | R9: Ensemble des catégories d'entreprise | S9: Microentreprises (MICRO) | T9: Petites et moyennes entreprises (PME), hors Microentreprises | U9: Entreprises de taille intermédiaire (ETI) ou Grandes entreprises (GE) | V9: Ensemble des catégories d'entreprise | W9: Microentreprises (MICRO) | X9: Petites et moyennes entreprises (PME), hors Microentreprises | Y9: Entreprises de taille intermédiaire (ETI) ou Grandes entreprises (GE) | Z9: Ensemble des catégories d'entreprise | AA9: Microentreprises (MICRO) | AB9: Petites et moyennes entreprises (PME), hors Microentreprises | AC9: Entreprises de taille intermédiaire (ETI) ou Grandes entreprises (GE)
A10: Nombre d'entreprises | B10: 191875 | C10: 181717 | D10: 9728 | E10: 430 | F10: 38581 | G10: 37634 | H10: 878 | I10: 69 | J10: 7486 | K10: 6207 | L10: 1214 | M10: 65 | N10: 8539 | O10: 7836 | P10: 676 | Q10: 27 | R10: 8085 | S10: 6681 | T10: 1332 | U10: 72 | V10: 76424 | W10: 72594 | X10: 3733 | Y10: 97 | Z10: 52760 | AA10: 50765 | AB10: 1895 | AC10: 100
A11: Capital souscrit non appelé (I) | B11: 580.18 | C11: 5.77 | D11: 4.53 | E11: 569.88 | F11: 554.52 | G11: 1.56 | H11: 1.61 | I11: 551.35 | J11: 1.01 | K11: 0.5 | L11: 0.28 | M11: 0.24 | N11: 2.55 | O11: 1.16 | P11: 0.6 | Q11: 0.79 | R11: 1.09 | S11: 0.3 | T11: 0.73 | U11: 0.05 | V11: 1.89 | W11: 0.48 | X11: 0.35 | Y11: 1.06 | Z11: 19.13 | AA11: 1.78 | AB11: 0.96 | AC11: 16.39
A12: Immobilisations incorporelles brutes (a) | B12: 17596.43 | C12: 1389.12 | D12: 2798.9 | E12: 13408.41 | F12: 5775.72 | G12: 311.58 | H12: 828.27 | I12: 4635.87 | J12: 2231.97 | K12: 64.23 | L12: 162.24 | M12: 2005.49 | N12: 1479.47 | O12: 117.62 | P12: 254.12 | Q12: 1107.73 | R12: 1046.01 | S12: 32.33 | T12: 118.18 | U12: 895.51 | V12: 2074.17 | W12: 350.53 | X12: 348.51 | Y12: 1375.13 | Z12: 4989.1 | AA12: 512.84 | AB12: 1087.58 | AC12: 3388.68
A13: Dont Fonds commercial | B13: 10272.66 | C13: 753.31 | D13: 1619.04 | E13: 7900.3 | F13: 3231.96 | G13: 181.64 | H13: 565.11 | I13: 2485.21 | J13: 1606.28 | K13: 12.94 | L13: 104.91 | M13: 1488.43 | N13: 981.95 | O13: 67.41 | P13: 122.93 | Q13: 791.61 | R13: 843.26 | S13: 22.3 | T13: 72.18 | U13: 748.79 | V13: 1659.77 | W13: 266.25 | X13: 291.53 | Y13: 1102 | Z13: 1949.43 | AA13: 202.77 | AB13: 462.38 | AC13: 1284.28
A14: Immobilisations corporelles brutes (b) | B14: 91004.52 | C14: 16219.12 | D14: 12657.41 | E14: 62127.99 | F14: 67817.96 | G14: 8140.76 | H14: 7191.57 | I14: 52485.63 | J14: 1289.26 | K14: 87.65 | L14: 245.75 | M14: 955.85 | N14: 1205.95 | O14: 284.83 | P14: 419.65 | Q14: 501.47 | R14: 1516.66 | S14: 121.55 | T14: 241.68 | U14: 1153.44 | V14: 9206.09 | W14: 5062.84 | X14: 1721.57 | Y14: 2421.68 | Z14: 9968.6 | AA14: 2521.49 | AB14: 2837.19 | AC14: 4609.92
A15: Dont Terrains | B15: 2316.76 | C15: 257.74 | D15: 248.78 | E15: 1810.24 | F15: 1224.87 | G15: 134.39 | H15: 106.42 | I15: 984.06 | J15: 35.32 | K15: 2.41 | L15: 15.49 | M15: 17.42 | N15: 4.05 | O15: 5.79 | P15: 3.29 | Q15: -N- | R15: 13.03 | S15: 2.06 | T15: 2.79 | U15: 8.18 | V15: 150.6 | W15: 62.64 | X15: 35.86 | Y15: 52.1 | Z15: 888.88 | AA15: 50.46 | AB15: 84.92 | AC15: 753.5
A16: Constructions | B16: 11326.61 | C16: 2287.25 | D16: 2133.3 | E16: 6906.06 | F16: 5242.99 | G16: 480.92 | H16: 797.54 | I16: 3964.53 | J16: 383.24 | K16: 11.32 | L16: 65.45 | M16: 306.46 | N16: 99.83 | O16: 15.11 | P16: 83.03 | Q16: 1.69 | R16: 151.99 | S16: 9.42 | T16: 37.41 | U16: 105.16 | V16: 2896.32 | W16: 1295.51 | X16: 317.14 | Y16: 1283.67 | Z16: 2552.24 | AA16: 474.98 | AB16: 832.73 | AC16: 1244.54
A17: Installations techniques, matériel et outillage industriels | B17: 28530.16 | C17: 9968.77 | D17: 5212.94 | E17: 13348.44 | F17: 20210.19 | G17: 5401.99 | H17: 3528.98 | I17: 11279.21 | J17: 145.04 | K17: 14.92 | L17: 8.96 | M17: 121.17 | N17: 235.65 | O17: 156.38 | P17: 63.27 | Q17: 15.99 | R17: 654.27 | S17: 76.8 | T17: 69.95 | U17: 507.52 | V17: 4120.85 | W17: 2874.47 | X17: 656.21 | Y17: 590.17 | Z17: 3164.16 | AA17: 1444.21 | AB17: 885.57 | AC17: 834.38
A18: Autres immobilisations corporelles | B18: 47054.36 | C18: 3598.12 | D18: 4756.86 | E18: 38699.38 | F18: 40186.88 | G18: 2079.85 | H18: 2603.19 | I18: 35503.84 | J18: 696.75 | K18: 48.85 | L18: 151.42 | M18: 496.48 | N18: 825.97 | O18: 106.58 | P18: 265.71 | Q18: 453.67 | R18: 652.82 | S18: 32.92 | T18: 127.1 | U18: 492.81 | V18: 1957.98 | W18: 823.04 | X18: 701.56 | Y18: 433.38 | Z18: 2733.96 | AA18: 506.89 | AB18: 907.87 | AC18: 1319.2
A19: dont matériel de transport: | B19: 31108.44 | C19: 3868.7 | D19: 2817.1 | E19: 24422.64 | F19: 28703.47 | G19: 2667.25 | H19: 2123.79 | I19: 23912.42 | J19: 62.27 | K19: 17.45 | L19: 26.1 | M19: 18.72 | N19: 305.23 | O19: 33.47 | P19: 81.48 | Q19: 190.28 | R19: 220.96 | S19: 36.55 | T19: 46.94 | U19: 137.47 | V19: 1433.52 | W19: 835.19 | X19: 457.02 | Y19: 141.31 | Z19: 382.98 | AA19: 278.79 | AB19: 81.76 | AC19: 22.43
A20: Immobilisations en cours | B20: 1657.1 | C20: 101.81 | D20: 236.16 | E20: 1319.13 | F20: 922.69 | G20: 41.61 | H20: 144 | I20: 737.08 | J20: 27.67 | K20: 10.1 | L20: 4.09 | M20: 13.48 | N20: 19.86 | O20: 0.93 | P20: 3.32 | Q20: 15.61 | R20: 42.91 | S20: 0.3 | T20: 4.09 | U20: 38.52 | V20: 77.37 | W20: 6.92 | X20: 9.3 | Y20: 61.14 | Z20: 566.61 | AA20: 41.94 | AB20: 71.36 | AC20: 453.31
A21: Avances et acomptes | B21: 119.53 | C21: 5.42 | D21: 69.36 | E21: 44.76 | F21: 30.34 | G21: 2 | H21: 11.44 | I21: 16.91 | J21: 1.24 | K21: 0.06 | L21: 0.33 | M21: 0.85 | N21: 20.59 | O21: 0.03 | P21: 1.02 | Q21: 19.54 | R21: 1.63 | S21: 0.05 | T21: 0.33 | U21: 1.25 | V21: 2.97 | W21: 0.26 | X21: 1.5 | Y21: 1.21 | Z21: 62.76 | AA21: 3.01 | AB21: 54.75 | AC21: 5
A22: Immobilisations financières brutes (c) | B22: 187743.87 | C22: 6544.53 | D22: 13360 | E22: 167839.34 | F22: 105029.2 | G22: 912.15 | H22: 4379.33 | I22: 99737.72 | J22: 17786.7 | K22: 119.66 | L22: 2728.39 | M22: 14938.64 | N22: 4954.33 | O22: 242.51 | P22: 1086.17 | Q22: 3625.66 | R22: 1874.66 | S22: 40.97 | T22: 476.6 | U22: 1357.09 | V22: 6455.12 | W22: 1285.31 | X22: 975.34 | Y22: 4194.48 | Z22: 51643.86 | AA22: 3943.94 | AB22: 3714.16 | AC22: 43985.75
A23: Total de l'actif immobilisé brut (II=a+b+c) | B23: 296344.82 | C23: 24152.77 | D23: 28816.3 | E23: 243375.75 | F23: 178622.88 | G23: 9364.48 | H23: 12399.17 | I23: 156859.23 | J23: 21307.92 | K23: 271.55 | L23: 3136.38 | M23: 17899.99 | N23: 7639.75 | O23: 644.96 | P23: 1759.94 | Q23: 5234.85 | R23: 4437.33 | S23: 194.84 | T23: 836.46 | U23: 3406.03 | V23: 17735.38 | W23: 6698.67 | X23: 3045.42 | Y23: 7991.29 | Z23: 66601.56 | AA23: 6978.26 | AB23: 7638.94 | AC23: 51984.36
A24: Stocks (d) | B24: 3520.67 | C24: 756.03 | D24: 913.92 | E24: 1850.72 | F24: 1922.64 | G24: 190.63 | H24: 327.64 | I24: 1404.38 | J24: 15.42 | K24: 4.77 | L24: 6.69 | M24: 3.96 | N24: 63.93 | O24: 16.45 | P24: 27.36 | Q24: 20.12 | R24: 158.34 | S24: 15.69 | T24: 36.32 | U24: 106.32 | V24: 470.01 | W24: 196.05 | X24: 178.12 | Y24: 95.84 | Z24: 890.33 | AA24: 332.43 | AB24: 337.78 | AC24: 220.12
A25: Dont Stocks - Matières premières approvisionnement et en cours | B25: 2129.34 | C25: 434.63 | D25: 451.22 | E25: 1243.49 | F25: 1070.16 | G25: 29.4 | H25: 108.02 | I25: 932.74 | J25: 8.36 | K25: 4.35 | L25: 3.07 | M25: 0.94 | N25: 41.04 | O25: 7.94 | P25: 16.75 | Q25: 16.35 | R25: 112.85 | S25: 7.91 | T25: 23.1 | U25: 81.83 | V25: 336.95 | W25: 141.15 | X25: 138.13 | Y25: 57.67 | Z25: 559.99 | AA25: 243.87 | AB25: 162.15 | AC25: 153.97
A26: Stocks de marchandises | B26: 1391.33 | C26: 321.4 | D26: 462.7 | E26: 607.23 | F26: 852.48 | G26: 161.23 | H26: 219.62 | I26: 471.64 | J26: 7.06 | K26: 0.42 | L26: 3.62 | M26: 3.02 | N26: 22.89 | O26: 8.51 | P26: 10.61 | Q26: 3.77 | R26: 45.49 | S26: 7.78 | T26: 13.22 | U26: 24.49 | V26: 133.06 | W26: 54.9 | X26: 39.99 | Y26: 38.17 | Z26: 330.34 | AA26: 88.56 | AB26: 175.63 | AC26: 66.15
A27: Avances et acomptes versés sur commandes (e) | B27: 718.17 | C27: 110.48 | D27: 196.33 | E27: 411.36 | F27: 189.64 | G27: 28.38 | H27: 28.81 | I27: 132.45 | J27: 12.24 | K27: 0.75 | L27: 3.18 | M27: 8.31 | N27: 284.84 | O27: 42.06 | P27: 77.01 | Q27: 165.77 | R27: 20.52 | S27: 2.11 | T27: 2.99 | U27: 15.42 | V27: 22.81 | W27: 12.23 | X27: 6.86 | Y27: 3.72 | Z27: 188.12 | AA27: 24.95 | AB27: 77.48 | AC27: 85.69
... A31: Total actif circulant (III=d+e+f+g+h) | B31: 129645.95 | C31: 17270.51 | D31: 25591.55 | E31: 86783.89 | F31: 49504.7 | G31: 3341.7 | H31: 5400.8 | I31: 40762.19 | J31: 21734.31 | K31: 1140.56 | L31: 3543.6 | M31: 17050.15 | N31: 7457.63 | O31: 1313.24 | P31: 2443.41 | Q31: 3700.98 | R31: 4872.33 | S31: 534.5 | T31: 1427.25 | U31: 2910.57 | V31: 14050.32 | W31: 3657.97 | X31: 4114.98 | Y31: 6277.37 | Z31: 32026.67 | AA31: 7282.54 | AB31: 8661.51 | AC31: 16082.63
A32: Autres comptes de régularisation (IV) | B32: 2672.27 | C32: 873.34 | D32: 338.09 | E32: 1460.84 | F32: 1949.11 | G32: 1006.31 | H32: -N- | I32: 971.93 | J32: 317.16 | K32: 38.68 | L32: 318.45 | M32: -N- | N32: 15.51 | O32: -N- | P32: 29.76 | Q32: 109.13 | R32: 6.98 | S32: 11.41 | T32: 8.82 | U32: -N- | V32: -N- | W32: -N- | X32: 21.35 | Y32: 41.62 | Z32: 463.36 | AA32: 83.15 | AB32: -N- | AC32: 391.38
A33: TOTAL ACTIF BRUT (I+II+III+IV) | B33: 429243.23 | C33: 42302.39 | D33: 54750.48 | E33: 332190.36 | F33: 230631.21 | G33: 13714.05 | H33: 17772.46 | I33: 199144.7 | J33: 43360.4 | K33: 1451.28 | L33: 6998.71 | M33: 34910.4 | N33: 15115.44 | O33: 1835.97 | P33: 4233.7 | Q33: 9045.76 | R33: 9317.73 | S33: 741.05 | T33: 2273.27 | U33: 6303.41 | V33: 31707.74 | W33: 10214.3 | X33: 7182.1 | Y33: 14311.33 | Z33: 99110.72 | AA33: 14345.73 | AB33: 16290.24 | AC33: 68474.75
A34: TOTAL DE L'ACTIF NET DES AMORTISSEMENTS ET PROVISIONS INSCRITS A L'ACTIF | B34: 368533.49 | C34: 32076.55 | D34: 45144.98 | E34: 291311.96 | F34: 192351.79 | G34: 8185.47 | H34: 13301.34 | I34: 170864.98 | J34: 41064.02 | K34: 1307.81 | L34: 6526.39 | M34: 33229.82 | N34: 12028.24 | O34: 1669.48 | P34: 3725.6 | Q34: 6633.16 | R34: 7775.29 | S34: 666.45 | T34: 2011.63 | U34: 5097.21 | V34: 25785.68 | W34: 7338.87 | X34: 5851.7 | Y34: 12595.11 | Z34: 89528.47 | AA34: 12908.46 | AB34: 13728.33 | AC34: 62891.68
A36: PASSIF
A37: en millions d'euros
A38: secteur d'activité | B38: N | C38: N | D38: N | E38: N | F38: 77 | G38: 77 | H38: 77 | I38: 77 | J38: 78 | K38: 78 | L38: 78 | M38: 78 | N38: 79 | O38: 79 | P38: 79 | Q38: 79 | R38: 80 | S38: 80 | T38: 80 | U38: 80 | V38: 81 | W38: 81 | X38: 81 | Y38: 81 | Z38: 82 | AA38: 82 | AB38: 82 | AC38: 82
B39: Activités de services administratifs et de soutien | C39: Activités de services administratifs et de soutien | D39: Activités de services administratifs et de soutien | E39: Activités de services administratifs et de soutien | F39: Activités de location et location-bail | G39: Activités de location et location-bail | H39: Activités de location et location-bail | I39: Activités de location et location-bail | J39: Activités liées à l'emploi | K39: Activités liées à l'emploi | L39: Activités liées à l'emploi | M39: Activités liées à l'emploi | N39: Activités des agences de voyage, voyagistes, services de réservation et activités connexes | O39: Activités des agences de voyage, voyagistes, services de réservation et activités connexes | P39: Activités des agences de voyage, voyagistes, services de réservation et activités connexes | Q39: Activités des agences de voyage, voyagistes, services de réservation et activités connexes | R39: Enquêtes et sécurité | S39: Enquêtes et sécurité | T39: Enquêtes et sécurité | U39: Enquêtes et sécurité | V39: Services relatifs aux bâtiments et aménagement paysager | W39: Services relatifs aux bâtiments et aménagement paysager | X39: Services relatifs aux bâtiments et aménagement paysager | Y39: Services relatifs aux bâtiments et aménagement paysager | Z39: Activités administratives et autres activités de soutien aux entreprises | AA39: Activités administratives et autres activités de soutien aux entreprises | AB39: Activités administratives et autres activités de soutien aux entreprises | AC39: Activités administratives et autres activités de soutien aux entreprises
A40: Tranche d'effectif | B40: Ensemble des catégories d'entreprise | C40: Microentreprises (MICRO) | D40: Petites et moyennes entreprises (PME), hors Microentreprises | E40: Entreprises de taille intermédiaire (ETI) ou Grandes entreprises (GE) | F40: Ensemble des catégories d'entreprise | G40: Microentreprises (MICRO) | H40: Petites et moyennes entreprises (PME), hors Microentreprises | I40: Entreprises de taille intermédiaire (ETI) ou Grandes entreprises (GE) | J40: Ensemble des catégories d'entreprise | K40: Microentreprises (MICRO) | L40: Petites et moyennes entreprises (PME), hors Microentreprises | M40: Entreprises de taille intermédiaire (ETI) ou Grandes entreprises (GE) | N40: Ensemble des catégories d'entreprise | O40: Microentreprises (MICRO) | P40: Petites et moyennes entreprises (PME), hors Microentreprises | Q40: Entreprises de taille intermédiaire (ETI) ou Grandes entreprises (GE) | R40: Ensemble des catégories d'entreprise | S40: Microentreprises (MICRO) | T40: Petites et moyennes entreprises (PME), hors Microentreprises | U40: Entreprises de taille intermédiaire (ETI) ou Grandes entreprises (GE) | V40: Ensemble des catégories d'entreprise | W40: Microentreprises (MICRO) | X40: Petites et moyennes entreprises (PME), hors Microentreprises | Y40: Entreprises de taille intermédiaire (ETI) ou Grandes entreprises (GE) | Z40: Ensemble des catégories d'entreprise | AA40: Microentreprises (MICRO) | AB40: Petites et moyennes entreprises (PME), hors Microentreprises | AC40: Entreprises de taille intermédiaire (ETI) ou Grandes entreprises (GE)
A41: Nombre d'entreprises | B41: 191875 | C41: 181717 | D41: 9728 | E41: 430 | F41: 38581 | G41: 37634 | H41: 878 | I41: 69 | J41: 7486 | K41: 6207 | L41: 1214 | M41: 65 | N41: 8539 | O41: 7836 | P41: 676 | Q41: 27 | R41: 8085 | S41: 6681 | T41: 1332 | U41: 72 | V41: 76424 | W41: 72594 | X41: 3733 | Y41: 97 | Z41: 52760 | AA41: 50765 | AB41: 1895 | AC41: 100
A42: Capital social (ou individuel) y compris primes (i) | B42: 65602.22 | C42: 8379.22 | D42: 8428.51 | E42: 48794.5 | F42: 26594.52 | G42: 2854.15 | H42: 3456.68 | I42: 20283.69 | J42: 8761.19 | K42: 141.37 | L42: 1177.84 | M42: 7441.97 | N42: 3277.62 | O42: 279.94 | P42: 813.76 | Q42: 2183.91 | R42: 1437.93 | S42: 53.35 | T42: 227.94 | U42: 1156.65 | V42: 4601.48 | W42: 2041.21 | X42: 678.26 | Y42: 1882 | Z42: 20929.48 | AA42: 3009.19 | AB42: 2074.02 | AC42: 15846.27
A43: Report à nouveau (j) | B43: 834.23 | C43: -2817.51 | D43: 462.23 | E43: 3189.51 | F43: -4585.02 | G43: -2077.83 | H43: -482.82 | I43: -2024.37 | J43: 939.5 | K43: 46.44 | L43: 417.3 | M43: 475.76 | N43: -954.16 | O43: 5.9 | P43: -28.89 | Q43: -931.18 | R43: -117.7 | S43: -6.2 | T43: 33.06 | U43: -144.56 | V43: 84.98 | W43: -521.74 | X43: 239 | Y43: 367.71 | Z43: 5466.63 | AA43: -264.08 | AB43: 284.57 | AC43: 5446.14
A44: Résultat de l'exercice comptable (k) | B44: 7544.36 | C44: 1056.14 | D44: 1716.28 | E44: 4771.95 | F44: 2795.16 | G44: -34.13 | H44: 494.46 | I44: 2334.83 | J44: 2022.72 | K44: 88.79 | L44: 436.68 | M44: 1497.25 | N44: -94.33 | O44: -17.46 | P44: 48.63 | Q44: -125.5 | R44: 190.56 | S44: 39.54 | T44: 78.96 | U44: 72.06 | V44: 1010.66 | W44: 444.75 | X44: 321.09 | Y44: 244.82 | Z44: 1619.61 | AA44: 534.65 | AB44: 336.47 | AC44: 748.49
A45: Réserves (l) | B45: 25522.04 | C45: 3816.82 | D45: 5389.79 | E45: 16315.43 | F45: 7350.78 | G45: 963.4 | H45: 1606.38 | I45: 4780.99 | J45: 3432.43 | K45: 199.23 | L45: 645.67 | M45: 2587.53 | N45: 1024.51 | O45: 198.17 | P45: 383.6 | Q45: 442.74 | R45: 887.6 | S45: 77.13 | T45: 377.96 | U45: 432.5 | V45: 3853.12 | W45: 1303.96 | X45: 1205.95 | Y45: 1343.21 | Z45: 8973.6 | AA45: 1074.92 | AB45: 1170.22 | AC45: 6728.46
A46: Autres capitaux propres (m) | B46: 6318.85 | C46: 259.34 | D46: 598.19 | E46: 5461.29 | F46: 5613.59 | G46: 112.93 | H46: 462.92 | I46: 5037.75 | J46: 71.68 | K46: 1.73 | L46: 2.78 | M46: 67.18 | N46: 50.11 | O46: 2.74 | P46: 23.25 | Q46: 24.13 | R46: 10.79 | S46: 0.79 | T46: 2.94 | U46: 7.06 | V46: 60.24 | W46: 16.21 | X46: 11.9 | Y46: 32.15 | Z46: 512.42 | AA46: 124.96 | AB46: 94.41 | AC46: 293.05
A47: Total des capitaux propres (I=i+j+k+l+m) | B47: 105821.7 | C47: 10694.01 | D47: 16595 | E47: 78532.68 | F47: 37769.03 | G47: 1818.52 | H47: 5537.62 | I47: 30412.89 | J47: 15227.52 | K47: 477.56 | L47: 2680.27 | M47: 12069.69 | N47: 3303.75 | O47: 469.29 | P47: 1240.35 | Q47: 1594.1 | R47: 2409.18 | S47: 164.61 | T47: 720.86 | U47: 1523.71 | V47: 9610.48 | W47: 3284.39 | X47: 2456.2 | Y47: 3869.89 | Z47: 37501.74 | AA47: 4479.64 | AB47: 3959.69 | AC47: 29062.41
A48: Total des autres fonds propres (II) | B48: 4058.73 | C48: 38.68 | D48: 194.44 | E48: 3825.61 | F48: 3494.84 | G48: 1.02 | H48: 55.39 | I48: 3438.42 | J48: 2.97 | K48: 0.07 | L48: 1.58 | M48: 1.31 | N48: 5.71 | O48: 1.97 | P48: 3.32 | Q48: 0.42 | R48: 26.74 | S48: 0 | T48: 0.04 | U48: 26.7 | V48: 146.44 | W48: 1.43 | X48: 0.64 | Y48: 144.38 | Z48: 382.04 | AA48: 34.19 | AB48: 133.47 | AC48: 214.38
A49: Total des provisions pour risques et charges (III) | B49: 3623.09 | C49: 159.6 | D49: 504.12 | E49: 2959.37 | F49: 1101.99 | G49: 39.59 | H49: 103.45 | I49: 958.95 | J49: 579.19 | K49: 12.47 | L49: 60.52 | M49: 506.2 | N49: 189.24 | O49: 6.8 | P49: 30.63 | Q49: 151.81 | R49: 143.3 | S49: 6.26 | T49: 31.4 | U49: 105.64 | V49: 243.5 | W49: 12.32 | X49: 59.82 | Y49: 171.36 | Z49: 1365.88 | AA49: 82.16 | AB49: 218.3 | AC49: 1065.42
A50: Emprunts, dettes assimilées (n) | B50: 181686.93 | C50: 8948.19 | D50: 13309.18 | E50: 159429.55 | F50: 127333.91 | G50: 3448.11 | H50: 5013.66 | I50: 118872.14 | J50: 13738.31 | K50: 122.66 | L50: 1834.49 | M50: 11781.16 | N50: 3025.51 | O50: 249.64 | P50: 686.22 | Q50: 2089.65 | R50: 1567.12 | S50: 79.42 | T50: 233.65 | U50: 1254.05 | V50: 6042.59 | W50: 1712.78 | X50: 1070.92 | Y50: 3258.88 | Z50: 29979.49 | AA50: 3335.59 | AB50: 4470.23 | AC50: 22173.66
A51: Avances et acomptes reçus sur commandes en cours (o) | B51: 1525.76 | C51: 325.33 | D51: 434.7 | E51: 765.73 | F51: 296.31 | G51: 40.29 | H51: 49.94 | I51: 206.08 | J51: 27.52 | K51: 6.39 | L51: 9.13 | M51: 12 | N51: 693.4 | O51: 139.21 | P51: 244.2 | Q51: 309.99 | R51: 107.05 | S51: 2.55 | T51: 5.41 | U51: 99.09 | V51: 80.6 | W51: 43.69 | X51: 25.73 | Y51: 11.18 | Z51: 320.89 | AA51: 93.21 | AB51: 100.3 | AC51: 127.38
A52: Dettes fournisseurs et comptes rattachés (p) | B52: 17184.11 | C52: 2617.83 | D52: 4427.35 | E52: 10138.93 | F52: 5693.46 | G52: 595.18 | H52: 1019.61 | I52: 4078.67 | J52: 883.98 | K52: 89.67 | L52: 248.6 | M52: 545.71 | N52: 2165.59 | O52: 324.17 | P52: 685.19 | Q52: 1156.23 | R52: 756.01 | S52: 110.09 | T52: 252.23 | U52: 393.69 | V52: 1940.35 | W52: 520.91 | X52: 690.57 | Y52: 728.87 | Z52: 5744.72 | AA52: 977.81 | AB52: 1531.15 | AC52: 3235.76
... A56: TOTAL PASSIF (I à V) | B56: 368533.49 | C56: 32076.55 | D56: 45144.98 | E56: 291311.96 | F56: 192351.79 | G56: 8185.47 | H56: 13301.34 | I56: 170864.98 | J56: 41064.02 | K56: 1307.81 | L56: 6526.39 | M56: 33229.82 | N56: 12028.24 | O56: 1669.48 | P56: 3725.6 | Q56: 6633.16 | R56: 7775.29 | S56: 666.45 | T56: 2011.63 | U56: 5097.21 | V56: 25785.68 | W56: 7338.87 | X56: 5851.7 | Y56: 12595.11 | Z56: 89528.47 | AA56: 12908.46 | AB56: 13728.33 | AC56: 62891.68

Sheet SECTION_N_BILAN_2018
A1: Caractéristiques comptables, financières et d'emploi des unités légales - Bilan au niveau division selon la catégorie d'entreprise
A2: Note de lecture : N = Donnée non disponible, S = Donnée soumise au secret statistique
A3: Champ : France - Ensemble des entreprises marchandes y compris auto-entrepreneurs, hors agriculture et hors services financiers et d'assurance (mais y compris auxiliaires de services financiers et d'assurance, sociétés holdings)
A4: Source : Insee, Esane 2018
A5: en millions d'euros
A6: ACTIF
A7: secteur d'activité | B7: N | C7: N | D7: N | E7: N | F7: 77 | G7: 77 | H7: 77 | I7: 77 | J7: 78 | K7: 78 | L7: 78 | M7: 78 | N7: 79 | O7: 79 | P7: 79 | Q7: 79 | R7: 80 | S7: 80 | T7: 80 | U7: 80 | V7: 81 | W7: 81 | X7: 81 | Y7: 81 | Z7: 82 | AA7: 82 | AB7: 82 | AC7: 82
A8: activité | B8: Activités de services administratifs et de soutien | C8: Activités de services administratifs et de soutien | D8: Activités de services administratifs et de soutien | E8: Activités de services administratifs et de soutien | F8: Activités de location et location-bail | G8: Activités de location et location-bail | H8: Activités de location et location-bail | I8: Activités de location et location-bail | J8: Activités liées à l'emploi | K8: Activités liées à l'emploi | L8: Activités liées à l'emploi | M8: Activités liées à l'emploi | N8: Activités des agences de voyage, voyagistes, services de réservation et activités connexes | O8: Activités des agences de voyage, voyagistes, services de réservation et activités connexes | P8: Activités des agences de voyage, voyagistes, services de réservation et activités connexes | Q8: Activités des agences de voyage, voyagistes, services de réservation et activités connexes | R8: Enquêtes et sécurité | S8: Enquêtes et sécurité | T8: Enquêtes et sécurité | U8: Enquêtes et sécurité | V8: Services relatifs aux bâtiments et aménagement paysager | W8: Services relatifs aux bâtiments et aménagement paysager | X8: Services relatifs aux bâtiments et aménagement paysager | Y8: Services relatifs aux bâtiments et aménagement paysager | Z8: Activités administratives et autres activités de soutien aux entreprises | AA8: Activités administratives et autres activités de soutien aux entreprises | AB8: Activités administratives et autres activités de soutien aux entreprises | AC8: Activités administratives et autres activités de soutien aux entreprises
A9: Tranche d'effectif | B9: Ensemble des catégories d'entreprise | C9: Microentreprises (MICRO) | D9: Petites et moyennes entreprises (PME), hors Microentreprises | E9: Entreprises de taille intermédiaire (ETI) ou Grandes entreprises (GE) | F9: Ensemble des catégories d'entreprise | G9: Microentreprises (MICRO) | H9: Petites et moyennes entreprises (PME), hors Microentreprises | I9: Entreprises de taille intermédiaire (ETI) ou Grandes entreprises (GE) | J9: Ensemble des catégories d'entreprise | K9: Microentreprises (MICRO) | L9: Petites et moyennes entreprises (PME), hors Microentreprises | M9: Entreprises de taille intermédiaire (ETI) ou Grandes entreprises (GE) | N9: Ensemble des catégories d'entreprise | O9: Microentreprises (MICRO) | P9: Petites et moyennes entreprises (PME), hors Microentreprises | Q9: Entreprises de taille intermédiaire (ETI) ou Grandes entreprises (GE) | R9: Ensemble des catégories d'entreprise | S9: Microentreprises (MICRO) | T9: Petites et moyennes entreprises (PME), hors Microentreprises | U9: Entreprises de taille intermédiaire (ETI) ou Grandes entreprises (GE) | V9: Ensemble des catégories d'entreprise | W9: Microentreprises (MICRO) | X9: Petites et moyennes entreprises (PME), hors Microentreprises | Y9: Entreprises de taille intermédiaire (ETI) ou Grandes entreprises (GE) | Z9: Ensemble des catégories d'entreprise | AA9: Microentreprises (MICRO) | AB9: Petites et moyennes entreprises (PME), hors Microentreprises | AC9: Entreprises de taille intermédiaire (ETI) ou Grandes entreprises (GE)
A10: Nombre d'entreprises | B10: 201304 | C10: 191012 | D10: 9846 | E10: 446 | F10: 39220 | G10: 38288 | H10: 854 | I10: 78 | J10: 7471 | K10: 6169 | L10: 1231 | M10: 71 | N10: 9035 | O10: 8330 | P10: 678 | Q10: 27 | R10: 7928 | S10: 6566 | T10: 1295 | U10: 67 | V10: 81427 | W10: 77429 | X10: 3896 | Y10: 102 | Z10: 56223 | AA10: 54230 | AB10: 1892 | AC10: 101
A11: Capital souscrit non appelé (I) | B11: 400.57 | C11: 4.56 | D11: 6.15 | E11: 389.86 | F11: 358.02 | G11: 1.5 | H11: 1.62 | I11: 354.9 | J11: 1.98 | K11: 0.5 | L11: 0.57 | M11: 0.91 | N11: 2.05 | O11: 0.63 | P11: 1.42 | Q11: 0 | R11: 1.62 | S11: 0.7 | T11: 0.72 | U11: 0.19 | V11: 1.81 | W11: 0.28 | X11: 1.53 | Y11: 0 | Z11: 35.09 | AA11: 0.95 | AB11: 0.29 | AC11: 33.85
A12: Immobilisations incorporelles brutes (a) | B12: 18952.93 | C12: 1326.12 | D12: 2816.5 | E12: 14810.3 | F12: 5993.93 | G12: 300.74 | H12: 678.62 | I12: 5014.57 | J12: 3065.09 | K12: 72.82 | L12: 145.74 | M12: 2846.53 | N12: 1565.76 | O12: 114.77 | P12: 238.34 | Q12: 1212.64 | R12: 1034.9 | S12: 34.18 | T12: 132.79 | U12: 867.94 | V12: 2131.29 | W12: 358.02 | X12: 359.5 | Y12: 1413.77 | Z12: 5161.96 | AA12: 445.59 | AB12: 1261.52 | AC12: 3454.85
A13: Dont Fonds commercial | B13: 10429.88 | C13: 749.92 | D13: 1407.67 | E13: 8272.28 | F13: 3484.27 | G13: 183.16 | H13: 395.09 | I13: 2906.02 | J13: 1705.01 | K13: 10.98 | L13: 89.71 | M13: 1604.32 | N13: 928.34 | O13: 63.55 | P13: 107.51 | Q13: 757.28 | R13: 807.66 | S13: 22.41 | T13: 80.1 | U13: 705.15 | V13: 1687.89 | W13: 272.48 | X13: 291.46 | Y13: 1123.95 | Z13: 1816.72 | AA13: 197.35 | AB13: 443.8 | AC13: 1175.56
A14: Immobilisations corporelles brutes (b) | B14: 79824.83 | C14: 14835.14 | D14: 14068.34 | E14: 50921.34 | F14: 56927.88 | G14: 8256.33 | H14: 7673.33 | I14: 40998.23 | J14: 1976.62 | K14: 100.82 | L14: 244.83 | M14: 1630.97 | N14: 1395.77 | O14: 327.73 | P14: 432.79 | Q14: 635.25 | R14: 1697.29 | S14: 132.45 | T14: 304.8 | U14: 1260.05 | V14: 8055.95 | W14: 3511.3 | X14: 2122.73 | Y14: 2421.92 | Z14: 9771.3 | AA14: 2506.51 | AB14: 3289.87 | AC14: 3974.92
A15: Dont Terrains | B15: 1528.98 | C15: 198.74 | D15: 216.02 | E15: 1114.22 | F15: 856.6 | G15: 128.11 | H15: 69.6 | I15: 658.89 | J15: 35.22 | K15: 2.41 | L15: 9.63 | M15: 23.18 | N15: 28.95 | O15: 4.64 | P15: 11.29 | Q15: 13.02 | R15: 17.48 | S15: 1.87 | T15: 4.2 | U15: 11.41 | V15: 69.04 | W15: 16.47 | X15: 34.18 | Y15: 18.39 | Z15: 521.7 | AA15: 45.24 | AB15: 87.13 | AC15: 389.33
A16: Constructions | B16: 9003.17 | C16: 1054.31 | D16: 2297.59 | E16: 5651.27 | F16: 3559.93 | G16: 460.31 | H16: 507.66 | I16: 2591.95 | J16: 389.08 | K16: 10.95 | L16: 66.08 | M16: 312.05 | N16: 280.67 | O16: 34.87 | P16: 108.24 | Q16: 137.56 | R16: 163.63 | S16: 7.8 | T16: 54.81 | U16: 101.02 | V16: 1979.34 | W16: 100.33 | X16: 518.56 | Y16: 1360.44 | Z16: 2630.54 | AA16: 440.05 | AB16: 1042.24 | AC16: 1148.25
A17: Installations techniques, matériel et outillage industriels | B17: 24604.07 | C17: 4830.52 | D17: 5370.05 | E17: 14403.5 | F17: 17024.27 | G17: 1700.28 | H17: 3586.65 | I17: 11737.35 | J17: 697.99 | K17: 10.57 | L17: 8.44 | M17: 678.99 | N17: 208.12 | O17: 137.85 | P17: 46.99 | Q17: 23.28 | R17: 723.65 | S17: 55.93 | T17: 90.65 | U17: 577.06 | V17: 3012.23 | W17: 1772.12 | X17: 674.42 | Y17: 565.69 | Z17: 2937.81 | AA17: 1153.77 | AB17: 962.9 | AC17: 821.14
A18: Autres immobilisations corporelles | B18: 43231.93 | C18: 8630.24 | D18: 5966.85 | E18: 28634.84 | F18: 34682.71 | G18: 5941.91 | H18: 3389.25 | I18: 25351.55 | J18: 784.19 | K18: 64.71 | L18: 157.49 | M18: 561.99 | N18: 843.67 | O18: 149.39 | P18: 261.25 | Q18: 433.02 | R18: 749.92 | S18: 66.61 | T18: 147.26 | U18: 536.04 | V18: 2961.93 | W18: 1616.58 | X18: 883.29 | Y18: 462.06 | Z18: 3209.52 | AA18: 791.02 | AB18: 1128.32 | AC18: 1290.18
A19: dont matériel de transport: | B19: 28357.37 | C19: 3127.33 | D19: 3575.89 | E19: 21654.15 | F19: 26015.12 | G19: 2007.19 | H19: 2859.04 | I19: 21148.9 | J19: 48.43 | K19: 11.83 | L19: 22.05 | M19: 14.54 | N19: 287.1 | O19: 35.58 | P19: 73.99 | Q19: 177.53 | R19: 226.57 | S19: 37.08 | T19: 46.32 | U19: 143.17 | V19: 1482.25 | W19: 863.19 | X19: 479.24 | Y19: 139.83 | Z19: 297.9 | AA19: 172.46 | AB19: 95.25 | AC19: 30.19
A20: Immobilisations en cours | B20: 1322.47 | C20: 112.95 | D20: 156.63 | E20: 1052.9 | F20: 726.34 | G20: 22.01 | H20: 72.54 | I20: 631.79 | J20: 66.57 | K20: 11.95 | L20: 2.91 | M20: 51.71 | N20: 22.75 | O20: 0.86 | P20: 3.58 | Q20: 18.32 | R20: 39.75 | S20: 0.21 | T20: 6.53 | U20: 33.01 | V20: 30.17 | W20: 5.62 | X20: 10.39 | Y20: 14.16 | Z20: 436.89 | AA20: 72.3 | AB20: 60.68 | AC20: 303.92
A21: Avances et acomptes | B21: 134.2 | C21: 8.39 | D21: 61.2 | E21: 64.61 | F21: 78.02 | G21: 3.71 | H21: 47.62 | I21: 26.7 | J21: 3.58 | K21: 0.23 | L21: 0.29 | M21: 3.06 | N21: 11.63 | O21: 0.12 | P21: 1.44 | Q21: 10.06 | R21: 2.87 | S21: 0.02 | T21: 1.35 | U21: 1.5 | V21: 3.25 | W21: 0.17 | X21: 1.89 | Y21: 1.18 | Z21: 34.85 | AA21: 4.13 | AB21: 8.61 | AC21: 22.1
... A31: Total actif circulant (III=d+e+f+g+h) | B31: 159095.84 | C31: 16366.32 | D31: 25235.75 | E31: 117493.77 | F31: 45042.16 | G31: 3396.37 | H31: 5483.79 | I31: 36162 | J31: 58225.07 | K31: 1313.77 | L31: 3589.09 | M31: 53322.21 | N31: 7180.19 | O31: 1229.29 | P31: 2423.9 | Q31: 3527.01 | R31: 5707.54 | S31: 603.33 | T31: 1689.7 | U31: 3414.5 | V31: 14636.99 | W31: 3538.92 | X31: 4147.85 | Y31: 6950.23 | Z31: 28303.89 | AA31: 6284.64 | AB31: 7901.43 | AC31: 14117.82
A32: Autres comptes de régularisation (IV) | B32: 979.31 | C32: -N- | D32: -N- | E32: 1793.01 | F32: 359.68 | G32: -N- | H32: -N- | I32: 572.3 | J32: 712.41 | K32: 3.49 | L32: -N- | M32: 713.29 | N32: -N- | O32: -N- | P32: 46.62 | Q32: -N- | R32: 20.34 | S32: 7.66 | T32: -N- | U32: 78.2 | V32: -N- | W32: -N- | X32: -N- | Y32: 87.64 | Z32: 121.78 | AA32: -N- | AB32: -N- | AC32: 385.59
A33: TOTAL ACTIF BRUT (I+II+III+IV) | B33: 421775.8 | C33: 38096.27 | D33: 50282.52 | E33: 333397.01 | F33: 216749.93 | G33: 12641.19 | H33: 16838.65 | I33: 187270.09 | J33: 84563.96 | K33: 1945.71 | L33: 4785 | M33: 77833.25 | N33: 13136.51 | O33: 1824.3 | P33: 3797.46 | Q33: 7514.75 | R33: 10580.62 | S33: 841.65 | T33: 2509.21 | U33: 7229.76 | V33: 30862.48 | W33: 7954.75 | X33: 7696.77 | Y33: 15210.96 | Z33: 65882.31 | AA33: 12888.68 | AB33: 14655.44 | AC33: 38338.19
A34: TOTAL DE L'ACTIF NET DES AMORTISSEMENTS ET PROVISIONS INSCRITS A L'ACTIF | B34: 366607.39 | C34: 30673.81 | D34: 39835.61 | E34: 296097.98 | F34: 183583.11 | G34: 8463.04 | H34: 11485.65 | I34: 163634.42 | J34: 80969.15 | K34: 1743.8 | L34: 4476.87 | M34: 74748.48 | N34: 10108.67 | O34: 1657.87 | P34: 3376.23 | Q34: 5074.57 | R34: 8962.83 | S34: 760.21 | T34: 2202.05 | U34: 6000.57 | V34: 26066.27 | W34: 6347.72 | X34: 6263.86 | Y34: 13454.68 | Z34: 56917.37 | AA34: 11701.17 | AB34: 12030.95 | AC34: 33185.25
A36: PASSIF
A37: en millions d'euros
A38: secteur d'activité | B38: N | C38: N | D38: N | E38: N | F38: 77 | G38: 77 | H38: 77 | I38: 77 | J38: 78 | K38: 78 | L38: 78 | M38: 78 | N38: 79 | O38: 79 | P38: 79 | Q38: 79 | R38: 80 | S38: 80 | T38: 80 | U38: 80 | V38: 81 | W38: 81 | X38: 81 | Y38: 81 | Z38: 82 | AA38: 82 | AB38: 82 | AC38: 82
B39: Activités de services administratifs et de soutien | C39: Activités de services administratifs et de soutien | D39: Activités de services administratifs et de soutien | E39: Activités de services administratifs et de soutien | F39: Activités de location et location-bail | G39: Activités de location et location-bail | H39: Activités de location et location-bail | I39: Activités de location et location-bail | J39: Activités liées à l'emploi | K39: Activités liées à l'emploi | L39: Activités liées à l'emploi | M39: Activités liées à l'emploi | N39: Activités des agences de voyage, voyagistes, services de réservation et activités connexes | O39: Activités des agences de voyage, voyagistes, services de réservation et activités connexes | P39: Activités des agences de voyage, voyagistes, services de réservation et activités connexes | Q39: Activités des agences de voyage, voyagistes, services de réservation et activités connexes | R39: Enquêtes et sécurité | S39: Enquêtes et sécurité | T39: Enquêtes et sécurité | U39: Enquêtes et sécurité | V39: Services relatifs aux bâtiments et aménagement paysager | W39: Services relatifs aux bâtiments et aménagement paysager | X39: Services relatifs aux bâtiments et aménagement paysager | Y39: Services relatifs aux bâtiments et aménagement paysager | Z39: Activités administratives et autres activités de soutien aux entreprises | AA39: Activités administratives et autres activités de soutien aux entreprises | AB39: Activités administratives et autres activités de soutien aux entreprises | AC39: Activités administratives et autres activités de soutien aux entreprises
A40: Tranche d'effectif | B40: Ensemble des catégories d'entreprise | C40: Microentreprises (MICRO) | D40: Petites et moyennes entreprises (PME), hors Microentreprises | E40: Entreprises de taille intermédiaire (ETI) ou Grandes entreprises (GE) | F40: Ensemble des catégories d'entreprise | G40: Microentreprises (MICRO) | H40: Petites et moyennes entreprises (PME), hors Microentreprises | I40: Entreprises de taille intermédiaire (ETI) ou Grandes entreprises (GE) | J40: Ensemble des catégories d'entreprise | K40: Microentreprises (MICRO) | L40: Petites et moyennes entreprises (PME), hors Microentreprises | M40: Entreprises de taille intermédiaire (ETI) ou Grandes entreprises (GE) | N40: Ensemble des catégories d'entreprise | O40: Microentreprises (MICRO) | P40: Petites et moyennes entreprises (PME), hors Microentreprises | Q40: Entreprises de taille intermédiaire (ETI) ou Grandes entreprises (GE) | R40: Ensemble des catégories d'entreprise | S40: Microentreprises (MICRO) | T40: Petites et moyennes entreprises (PME), hors Microentreprises | U40: Entreprises de taille intermédiaire (ETI) ou Grandes entreprises (GE) | V40: Ensemble des catégories d'entreprise | W40: Microentreprises (MICRO) | X40: Petites et moyennes entreprises (PME), hors Microentreprises | Y40: Entreprises de taille intermédiaire (ETI) ou Grandes entreprises (GE) | Z40: Ensemble des catégories d'entreprise | AA40: Microentreprises (MICRO) | AB40: Petites et moyennes entreprises (PME), hors Microentreprises | AC40: Entreprises de taille intermédiaire (ETI) ou Grandes entreprises (GE)
A41: Nombre d'entreprises | B41: 201304 | C41: 191012 | D41: 9846 | E41: 446 | F41: 39220 | G41: 38288 | H41: 854 | I41: 78 | J41: 7471 | K41: 6169 | L41: 1231 | M41: 71 | N41: 9035 | O41: 8330 | P41: 678 | Q41: 27 | R41: 7928 | S41: 6566 | T41: 1295 | U41: 67 | V41: 81427 | W41: 77429 | X41: 3896 | Y41: 102 | Z41: 56223 | AA41: 54230 | AB41: 1892 | AC41: 101
A42: Capital social (ou individuel) y compris primes (i) | B42: 58675.98 | C42: 6993.07 | D42: 6605.62 | E42: 45077.3 | F42: 28512.27 | G42: 2643.48 | H42: 2470.93 | I42: 23397.86 | J42: 10398.5 | K42: 203.85 | L42: 445.34 | M42: 9749.32 | N42: 1927.37 | O42: 254.43 | P42: 503.54 | Q42: 1169.41 | R42: 1643.05 | S42: 56.49 | T42: 259.37 | U42: 1327.2 | V42: 3621.31 | W42: 1000.68 | X42: 738.74 | Y42: 1881.89 | Z42: 12573.48 | AA42: 2834.15 | AB42: 2187.71 | AC42: 7551.63
A43: Report à nouveau (j) | B43: 3117.61 | C43: -N- | D43: 196.04 | E43: 4199.24 | F43: 1145.86 | G43: -N- | H43: -N- | I43: 3605.14 | J43: 1462.1 | K43: 267.39 | L43: 367.28 | M43: 827.43 | N43: -N- | O43: 5.57 | P43: 58.15 | Q43: -N- | R43: 302.44 | S43: 2.13 | T43: 66.37 | U43: 233.94 | V43: 615.07 | W43: 90.27 | X43: 248.89 | Y43: 275.92 | Z43: 32.3 | AA43: -N- | AB43: 374.51 | AC43: -N-
A44: Résultat de l'exercice comptable (k) | B44: 5709.53 | C44: 1046.61 | D44: 1253.37 | E44: 3409.55 | F44: 2614.97 | G44: -108.82 | H44: 377.89 | I44: 2345.89 | J44: 846.34 | K44: 82.14 | L44: 278.51 | M44: 485.69 | N44: -36.5 | O44: 34.72 | P44: 56.39 | Q44: -127.6 | R44: 279.2 | S44: 61.25 | T44: 57.18 | U44: 160.78 | V44: 919.57 | W44: 487.9 | X44: 282.82 | Y44: 148.85 | Z44: 1085.95 | AA44: 489.42 | AB44: 200.59 | AC44: 395.94
A45: Réserves (l) | B45: 16332.72 | C45: 3564.54 | D45: 5772.3 | E45: 6995.88 | F45: 9341.69 | G45: 955.34 | H45: 1882 | I45: 6504.34 | J45: -N- | K45: 269.46 | L45: 663.09 | M45: -N- | N45: 917.53 | O45: 188.89 | P45: 347.28 | Q45: 381.35 | R45: 956.2 | S45: 98.78 | T45: 332.52 | U45: 524.9 | V45: 3729.75 | W45: 888.77 | X45: 1355.05 | Y45: 1485.93 | Z45: 3586.99 | AA45: 1163.29 | AB45: 1192.36 | AC45: 1231.34
A46: Autres capitaux propres (m) | B46: 5321.58 | C46: -N- | D46: 624.94 | E46: 4503.37 | F46: 4487.39 | G46: -N- | H46: -N- | I46: 4041.92 | J46: -N- | K46: 1.57 | L46: 3.06 | M46: -N- | N46: -N- | O46: 1.55 | P46: 23.15 | Q46: -N- | R46: 10.16 | S46: 0.46 | T46: 2.66 | U46: 7.01 | V46: 86.68 | W46: 16.92 | X46: 47.3 | Y46: 22.45 | Z46: 541.47 | AA46: -N- | AB46: 185.64 | AC46: -N-
A47: Total des capitaux propres (I=i+j+k+l+m) | B47: 89157.42 | C47: 10519.82 | D47: 14452.27 | E47: 64185.34 | F47: 46102.18 | G47: 2032.27 | H47: 4174.77 | I47: 39895.15 | J47: 10663.76 | K47: 824.41 | L47: 1757.28 | M47: 8082.07 | N47: 2407.87 | O47: 485.16 | P47: 988.51 | Q47: 934.2 | R47: 3191.05 | S47: 219.11 | T47: 718.1 | U47: 2253.83 | V47: 8972.38 | W47: 2484.54 | X47: 2672.8 | Y47: 3815.04 | Z47: 17820.19 | AA47: 4474.33 | AB47: 4140.81 | AC47: 9205.06
A48: Total des autres fonds propres (II) | B48: 1502.94 | C48: 19.21 | D48: 178.73 | E48: 1304.99 | F48: 1013.86 | G48: 0.4 | H48: 54.58 | I48: 958.88 | J48: 1.26 | K48: 0.12 | L48: 0.39 | M48: 0.74 | N48: 5.42 | O48: -N- | P48: 5.94 | Q48: 1.84 | R48: 27.01 | S48: 0.05 | T48: 0.12 | U48: 26.84 | V48: 308.83 | W48: 0.58 | X48: 1.55 | Y48: 306.71 | Z48: 146.56 | AA48: 20.42 | AB48: 116.16 | AC48: 9.98
A49: Total des provisions pour risques et charges (III) | B49: 4114.44 | C49: 138.01 | D49: 584.92 | E49: 3391.52 | F49: 1215.87 | G49: 34.37 | H49: 130.92 | I49: 1050.59 | J49: 1210.65 | K49: 12.96 | L49: 45.64 | M49: 1152.05 | N49: 172.25 | O49: 6.43 | P49: 31.35 | Q49: 134.46 | R49: 138.47 | S49: 6.36 | T49: 27.23 | U49: 104.88 | V49: 216.07 | W49: 10.99 | X49: 48.76 | Y49: 156.33 | Z49: 1161.13 | AA49: 66.9 | AB49: 301.02 | AC49: 793.21
A50: Emprunts, dettes assimilées (n) | B50: 169798.1 | C50: 8708.42 | D50: 10312.69 | E50: 150776.99 | F50: 117083.26 | G50: 3439.51 | H50: 4668.52 | I50: 108975.24 | J50: 23680.65 | K50: 141.26 | L50: 700.21 | M50: 22839.19 | N50: 2092.35 | O50: 245.84 | P50: 544.88 | Q50: 1301.64 | R50: 1769.41 | S50: 89.5 | T50: 336.82 | U50: 1343.1 | V50: 6721.09 | W50: 1527.41 | X50: 1280.4 | Y50: 3913.28 | Z50: 18451.33 | AA50: 3264.92 | AB50: 2781.87 | AC50: 12404.55
A51: Avances et acomptes reçus sur commandes en cours (o) | B51: 1590.64 | C51: 339.67 | D51: 525.05 | E51: 725.91 | F51: 252.67 | G51: 62.11 | H51: 49.57 | I51: 140.98 | J51: 35.63 | K51: 7.34 | L51: 9.21 | M51: 19.08 | N51: 658.78 | O51: 129.14 | P51: 242.08 | Q51: 287.56 | R51: 105.33 | S51: 2.69 | T51: 3.34 | U51: 99.3 | V51: 110.42 | W51: 48.96 | X51: 49.35 | Y51: 12.11 | Z51: 427.81 | AA51: 89.43 | AB51: 171.5 | AC51: 166.88
A52: Dettes fournisseurs et comptes rattachés (p) | B52: 17896.4 | C52: 2621.79 | D52: 4854.52 | E52: 10420.08 | F52: 5705.87 | G52: 596.89 | H52: 1121.21 | I52: 3987.77 | J52: 1556.83 | K52: 111.23 | L52: 284.51 | M52: 1161.09 | N52: 1977.24 | O52: 306.34 | P52: 685.49 | Q52: 985.41 | R52: 859.29 | S52: 118.05 | T52: 293.52 | U52: 447.73 | V52: 1865.09 | W52: 509.81 | X52: 653.41 | Y52: 701.88 | Z52: 5932.07 | AA52: 979.47 | AB52: 1816.39 | AC52: 3136.21
A53: Autres dettes et produits constatés d'avance (q) | B53: 82106.93 | C53: 8314.82 | D53: 8903.99 | E53: 64888.14 | F53: 12095.15 | G53: 2295.46 | H53: 1268.29 | I53: 8531.39 | J53: 43597.45 | K53: 645.82 | L53: 1679.51 | M53: 41272.12 | N53: 2785.59 | O53: 487.18 | P53: 876.22 | Q53: 1422.19 | R53: 2871.46 | S53: 324.46 | T53: 822.32 | U53: 1724.68 | V53: 7858.82 | W53: 1765.32 | X53: 1557.55 | Y53: 4535.94 | Z53: 12898.46 | AA53: 2796.56 | AB53: 2700.1 | AC53: 7401.8
A54: Total des dettes (IV=n+o+p+q) | B54: 271392.07 | C54: 19984.7 | D54: 24596.25 | E54: 226811.12 | F54: 135136.95 | G54: 6393.98 | H54: 7107.59 | I54: 121635.39 | J54: 68870.57 | K54: 905.65 | L54: 2673.44 | M54: 65291.48 | N54: 7513.97 | O54: 1168.5 | P54: 2348.66 | Q54: 3996.8 | R54: 5605.5 | S54: 534.69 | T54: 1455.99 | U54: 3614.82 | V54: 16555.42 | W54: 3851.51 | X54: 3540.71 | Y54: 9163.2 | Z54: 37709.67 | AA54: 7130.38 | AB54: 7469.86 | AC54: 23109.44
A55: Ecart de conversion passif (V) | B55: 440.52 | C55: 12.07 | D55: 23.45 | E55: 405 | F55: 114.25 | G55: 2.04 | H55: 17.79 | I55: 94.42 | J55: 222.91 | K55: 0.66 | L55: 0.11 | M55: 222.14 | N55: 9.17 | O55: 0.12 | P55: 1.77 | Q55: 7.28 | R55: 0.79 | S55: 0 | T55: 0.6 | U55: 0.19 | V55: 13.57 | W55: 0.11 | X55: 0.05 | Y55: 13.4 | Z55: 79.82 | AA55: 9.15 | AB55: 3.11 | AC55: 67.56
A56: TOTAL PASSIF (I à V) | B56: 366607.39 | C56: 30673.81 | D56: 39835.61 | E56: 296097.98 | F56: 183583.11 | G56: 8463.04 | H56: 11485.65 | I56: 163634.42 | J56: 80969.15 | K56: 1743.8 | L56: 4476.87 | M56: 74748.48 | N56: 10108.67 | O56: 1657.87 | P56: 3376.23 | Q56: 5074.57 | R56: 8962.83 | S56: 760.21 | T56: 2202.05 | U56: 6000.57 | V56: 26066.27 | W56: 6347.72 | X56: 6263.86 | Y56: 13454.68 | Z56: 56917.37 | AA56: 11701.17 | AB56: 12030.95 | AC56: 33185.25

Sheet SECTION_I_CR_2017
A1: Caractéristiques comptables, financières et d'emploi des entreprises - Compte de résultat au niveau division selon la catégorie d'entreprise
A2: Note de lecture : N = Donnée non disponible, S = Donnée soumise au secret statistique
A3: Champ : France - Ensemble des entreprises marchandes y compris auto-entrepreneurs, hors agriculture et hors services financiers et d'assurance (mais y compris auxiliaires de services financiers et d'assurance, sociétés holdings)
A4: Source : Insee, Esane 2017
A6: en millions d'euros
A7: secteur d'activité | B7: I | C7: I | D7: I | E7: I | F7: 55 | G7: 55 | H7: 55 | I7: 55 | J7: 56 | K7: 56 | L7: 56 | M7: 56
A8: activité | B8: Hébergement et restauration | C8: Hébergement et restauration | D8: Hébergement et restauration | E8: Hébergement et restauration | F8: Hébergement | G8: Hébergement | H8: Hébergement | I8: Hébergement | J8: Restauration | K8: Restauration | L8: Restauration | M8: Restauration
A9: Catégorie d'entreprise | B9: Ensemble des catégories d'entreprise | C9: Microentreprises (MICRO) | D9: Petites et moyennes entreprises (PME), hors Microentreprises | E9: Entreprises de taille intermédiaire (ETI) ou Grandes entreprises (GE) | F9: Ensemble des catégories d'entreprise | G9: Microentreprises (MICRO) | H9: Petites et moyennes entreprises (PME), hors Microentreprises | I9: Entreprises de taille intermédiaire (ETI) ou Grandes entreprises (GE) | J9: Ensemble des catégories d'entreprise | K9: Microentreprises (MICRO) | L9: Petites et moyennes entreprises (PME), hors Microentreprises | M9: Entreprises de taille intermédiaire (ETI) ou Grandes entreprises (GE)
A10: Nombre d'entreprises | B10: 256539 | C10: 244045 | D10: 12330 | E10: 164 | F10: 50417 | G10: 46892 | H10: 3439 | I10: 86 | J10: 206122 | K10: 197153 | L10: 8891 | M10: 78
A11: Chiffre d'affaires Hors Taxes (a+d1+d2) | B11: 99627.5 | C11: 36581.75 | D11: 32432.65 | E11: 30613.1 | F11: 27066.42 | G11: 6683.89 | H11: 10440.04 | I11: 9942.48 | J11: 72561.08 | K11: 29897.86 | L11: 21992.61 | M11: 20670.61
A12: dont exportations | B12: 2214.92 | C12: 377.74 | D12: 263.29 | E12: 1573.89 | F12: 974.47 | G12: 51.55 | H12: 124.53 | I12: 798.39 | J12: 1240.45 | K12: 326.19 | L12: 138.76 | M12: 775.5
A13: Ventes de marchandises (a) | B13: 2850.81 | C13: 1939.36 | D13: 712.15 | E13: 199.3 | F13: 577.18 | G13: 301.51 | H13: 237.58 | I13: 38.09 | J13: 2273.63 | K13: 1637.85 | L13: 474.57 | M13: 161.21
A14: - Achats de marchandises (y compris droits de douanes) (b) | B14: 1515.23 | C14: 1015.43 | D14: 357.27 | E14: 142.52 | F14: 357.65 | G14: 177.37 | H14: 138.57 | I14: 41.72 | J14: 1157.57 | K14: 838.06 | L14: 218.7 | M14: 100.81
A15: - Variation de stock de marchandises (c) | B15: -4.17 | C15: -4.89 | D15: -2.58 | E15: 3.3 | F15: -6.66 | G15: -0.68 | H15: 0.41 | I15: -6.39 | J15: 2.49 | K15: -4.21 | L15: -2.99 | M15: 9.69
A16: = Marge commerciale I=a-b-c | B16: 1339.75 | C16: 928.81 | D16: 357.45 | E16: 53.48 | F16: 226.18 | G16: 124.82 | H16: 98.6 | I16: 2.77 | J16: 1113.57 | K16: 804 | L16: 258.86 | M16: 50.71
A17: Production vendue de biens (d1) | B17: 2033.05 | C17: 66.75 | D17: 600.91 | E17: 1365.38 | F17: 682.56 | G17: 6.05 | H17: 129.57 | I17: 546.94 | J17: 1350.49 | K17: 60.71 | L17: 471.34 | M17: 818.44
A18: Production vendue de services (d2) | B18: 94743.64 | C18: 34575.64 | D18: 31119.58 | E18: 29048.41 | F18: 25806.68 | G18: 6376.34 | H18: 10072.89 | I18: 9357.45 | J18: 68936.96 | K18: 28199.3 | L18: 21046.7 | M18: 19690.96
A19: + Production stockée | B19: 134.35 | C19: 15.69 | D19: 64.45 | E19: 54.22 | F19: 130.06 | G19: 9.7 | H19: 63.86 | I19: 56.51 | J19: 4.29 | K19: 5.99 | L19: 0.59 | M19: -2.29
A20: + Production immobilisée | B20: 259.49 | C20: 84.84 | D20: 114.54 | E20: 60.11 | F20: 137.22 | G20: 35.94 | H20: 74.68 | I20: 26.6 | J20: 122.28 | K20: 48.9 | L20: 39.87 | M20: 33.51
A21: = Production totale de biens et services (hors marge commerciale) (d') | B21: 97170.53 | C21: 34742.92 | D21: 31899.49 | E21: 30528.12 | F21: 26756.52 | G21: 6428.03 | H21: 10340.99 | I21: 9987.5 | J21: 70414.01 | K21: 28314.89 | L21: 21558.49 | M21: 20540.63
... A52: - Impôts sur les bénéfices (y) | B52: 936.47 | C52: 315.05 | D52: 458.97 | E52: 162.45 | F52: 384.74 | G52: 95.14 | H52: 190.21 | I52: 99.39 | J52: 551.72 | K52: 219.91 | L52: 268.76 | M52: 63.06
A53: = Résultat net comptable VII=VI+v-w-x-y | B53: 2981.59 | C53: -N- | D53: 2635.13 | E53: 2742.04 | F53: 390.31 | G53: -252.67 | H53: 874.14 | I53: -231.16 | J53: 2591.27 | K53: -N- | L53: 1760.99 | M53: 2973.2
A54: Capacité d'autofinancement | B54: 8094.6 | C54: -413.32 | D54: 3835.01 | E54: 4672.91 | F54: 2568.19 | G54: 461.54 | H54: 1432.4 | I54: 674.25 | J54: 5526.41 | K54: -874.86 | L54: 2402.62 | M54: 3998.66

Sheet SECTION_I_CR_2018
A1: Caractéristiques comptables, financières et d'emploi des entreprises - Compte de résultat au niveau division selon la catégorie d'entreprise
A2: Note de lecture : N = Donnée non disponible, S = Donnée soumise au secret statistique
A3: Champ : France - Ensemble des entreprises marchandes y compris auto-entrepreneurs, hors agriculture et hors services financiers et d'assurance (mais y compris auxiliaires de services financiers et d'assurance, sociétés holdings)
A4: Source : Insee, Esane 2018
A6: en millions d'euros
A7: secteur d'activité | B7: I | C7: I | D7: I | E7: I | F7: 55 | G7: 55 | H7: 55 | I7: 55 | J7: 56 | K7: 56 | L7: 56 | M7: 56
A8: activité | B8: Hébergement et restauration | C8: Hébergement et restauration | D8: Hébergement et restauration | E8: Hébergement et restauration | F8: Hébergement | G8: Hébergement | H8: Hébergement | I8: Hébergement | J8: Restauration | K8: Restauration | L8: Restauration | M8: Restauration
A9: Catégorie d'entreprise | B9: Ensemble des catégories d'entreprise | C9: Microentreprises (MICRO) | D9: Petites et moyennes entreprises (PME), hors Microentreprises | E9: Entreprises de taille intermédiaire (ETI) ou Grandes entreprises (GE) | F9: Ensemble des catégories d'entreprise | G9: Microentreprises (MICRO) | H9: Petites et moyennes entreprises (PME), hors Microentreprises | I9: Entreprises de taille intermédiaire (ETI) ou Grandes entreprises (GE) | J9: Ensemble des catégories d'entreprise | K9: Microentreprises (MICRO) | L9: Petites et moyennes entreprises (PME), hors Microentreprises | M9: Entreprises de taille intermédiaire (ETI) ou Grandes entreprises (GE)
A10: Nombre d'entreprises | B10: 258278 | C10: 245788 | D10: 12322 | E10: 168 | F10: 51354 | G10: 47821 | H10: 3445 | I10: 88 | J10: 206924 | K10: 197967 | L10: 8877 | M10: 80
A11: Chiffre d'affaires Hors Taxes (a+d1+d2) | B11: 104859.15 | C11: 38333.13 | D11: 34386.67 | E11: 32139.35 | F11: 29223.48 | G11: 6965.87 | H11: 11601.4 | I11: 10656.2 | J11: 75635.67 | K11: 31367.26 | L11: 22785.27 | M11: 21483.15
A12: dont exportations | B12: 2086.24 | C12: 304.42 | D12: 189.76 | E12: 1592.06 | F12: 763.45 | G12: 49.13 | H12: 89.07 | I12: 625.25 | J12: 1322.79 | K12: 255.29 | L12: 100.69 | M12: 966.81
A13: Ventes de marchandises (a) | B13: 4682.68 | C13: 3017.47 | D13: 1248.41 | E13: 416.8 | F13: 816.5 | G13: 431.98 | H13: 300.25 | I13: 84.27 | J13: 3866.17 | K13: 2585.48 | L13: 948.16 | M13: 332.53
A14: - Achats de marchandises (y compris droits de douanes) (b) | B14: 2337.91 | C14: 1429.99 | D14: 571.95 | E14: 335.97 | F14: 514.72 | G14: 216.72 | H14: 175.59 | I14: 122.4 | J14: 1823.19 | K14: 1213.27 | L14: 396.36 | M14: 213.56
A15: - Variation de stock de marchandises (c) | B15: 11.22 | C15: 1.75 | D15: -6.45 | E15: 15.92 | F15: -14.46 | G15: -1.05 | H15: -6.65 | I15: -6.76 | J15: 25.68 | K15: 2.8 | L15: 0.2 | M15: 22.68
A16: = Marge commerciale I=a-b-c | B16: 2333.55 | C16: 1585.72 | D16: 682.91 | E16: 64.92 | F16: 316.25 | G16: 216.31 | H16: 131.31 | I16: -31.37 | J16: 2017.31 | K16: 1369.42 | L16: 551.61 | M16: 96.28
A17: Production vendue de biens (d1) | B17: 885.2 | C17: 44.45 | D17: 151.12 | E17: 689.62 | F17: 657.87 | G17: 3.17 | H17: 50.29 | I17: 604.42 | J17: 227.33 | K17: 41.28 | L17: 100.84 | M17: 85.21
A18: Production vendue de services (d2) | B18: 99291.27 | C18: 35271.21 | D18: 32987.14 | E18: 31032.92 | F18: 27749.1 | G18: 6530.72 | H18: 11250.87 | I18: 9967.51 | J18: 71542.17 | K18: 28740.49 | L18: 21736.27 | M18: 21065.41
A19: + Production stockée | B19: 57.1 | C19: 19.54 | D19: 65.99 | E19: -28.42 | F19: 29.23 | G19: 12.61 | H19: 47.57 | I19: -30.96 | J19: 27.88 | K19: 6.93 | L19: 18.41 | M19: 2.54
A20: + Production immobilisée | B20: 228.85 | C20: 81.28 | D20: 72.61 | E20: 74.96 | F20: 105.29 | G20: 32.36 | H20: 36.23 | I20: 36.71 | J20: 123.55 | K20: 48.93 | L20: 36.38 | M20: 38.25
A21: = Production totale de biens et services (hors marge commerciale) (d') | B21: 100462.43 | C21: 35416.48 | D21: 33276.86 | E21: 31769.09 | F21: 28541.5 | G21: 6578.85 | H21: 11384.96 | I21: 10577.68 | J21: 71920.93 | K21: 28837.63 | L21: 21891.9 | M21: 21191.41
... A52: - Impôts sur les bénéfices (y) | B52: 954.27 | C52: 324.62 | D52: 484.03 | E52: 145.62 | F52: 405.49 | G52: 89.09 | H52: 231.64 | I52: 84.75 | J52: 548.79 | K52: 235.53 | L52: 252.39 | M52: 60.87
A53: = Résultat net comptable VII=VI+v-w-x-y | B53: 4521.7 | C53: -N- | D53: 2257.89 | E53: 3886.94 | F53: 323.89 | G53: -168.54 | H53: 503.22 | I53: -10.8 | J53: 4197.81 | K53: -N- | L53: 1754.67 | M53: 3897.73
A54: Capacité d'autofinancement | B54: 8475.24 | C54: 156.26 | D54: 3704.56 | E54: 4614.42 | F54: 2761.12 | G54: 593.32 | H54: 1498.47 | I54: 669.33 | J54: 5714.12 | K54: -437.06 | L54: 2206.09 | M54: 3945.09

Sheet SECTION_I_BILAN_2017
A1: Caractéristiques comptables, financières et d'emploi des unités légales - Bilan au niveau division selon la catégorie d'entreprise
A2: Note de lecture : N = Donnée non disponible, S = Donnée soumise au secret statistique
A3: Champ : France - Ensemble des entreprises marchandes y compris auto-entrepreneurs, hors agriculture et hors services financiers et d'assurance (mais y compris auxiliaires de services financiers et d'assurance, sociétés holdings)
A4: Source : Insee, Esane 2017
A5: en millions d'euros
A6: ACTIF
A7: secteur d'activité | B7: I | C7: I | D7: I | E7: I | F7: 55 | G7: 55 | H7: 55 | I7: 55 | J7: 56 | K7: 56 | L7: 56 | M7: 56
A8: activité | B8: Hébergement et restauration | C8: Hébergement et restauration | D8: Hébergement et restauration | E8: Hébergement et restauration | F8: Hébergement | G8: Hébergement | H8: Hébergement | I8: Hébergement | J8: Restauration | K8: Restauration | L8: Restauration | M8: Restauration
A9: Tranche d'effectif | B9: Ensemble des catégories d'entreprise | C9: Microentreprises (MICRO) | D9: Petites et moyennes entreprises (PME), hors Microentreprises | E9: Entreprises de taille intermédiaire (ETI) ou Grandes entreprises (GE) | F9: Ensemble des catégories d'entreprise | G9: Microentreprises (MICRO) | H9: Petites et moyennes entreprises (PME), hors Microentreprises | I9: Entreprises de taille intermédiaire (ETI) ou Grandes entreprises (GE) | J9: Ensemble des catégories d'entreprise | K9: Microentreprises (MICRO) | L9: Petites et moyennes entreprises (PME), hors Microentreprises | M9: Entreprises de taille intermédiaire (ETI) ou Grandes entreprises (GE)
A10: Nombre d'entreprises | B10: 256539 | C10: 244045 | D10: 12330 | E10: 164 | F10: 50417 | G10: 46892 | H10: 3439 | I10: 86 | J10: 206122 | K10: 197153 | L10: 8891 | M10: 78
A11: Capital souscrit non appelé (I) | B11: 18.62 | C11: 5.1 | D11: 7.5 | E11: 6.02 | F11: 4.9 | G11: 2.3 | H11: 2.41 | I11: 0.19 | J11: 13.72 | K11: 2.8 | L11: 5.1 | M11: 5.83
A12: Immobilisations incorporelles brutes (a) | B12: 24531.47 | C12: 14413.42 | D12: -N- | E12: -N- | F12: 7539.16 | G12: 2682.57 | H12: -N- | I12: -N- | J12: 16992.31 | K12: 11730.85 | L12: 2872.89 | M12: 2388.57
A13: Dont Fonds commercial | B13: 21079.76 | C13: 13479.27 | D13: 4445.11 | E13: 3155.39 | F13: 5792.48 | G13: 2369.7 | H13: 1972.58 | I13: 1450.21 | J13: 15287.28 | K13: 11109.57 | L13: 2472.53 | M13: 1705.18
A14: Immobilisations corporelles brutes (b) | B14: 75827.29 | C14: 26648.79 | D14: -N- | E14: -N- | F14: 44379.62 | G14: 13445.11 | H14: -N- | I14: -N- | J14: 31447.67 | K14: 13203.68 | L14: 9818.04 | M14: 8425.94
A15: Dont Terrains | B15: 4267.58 | C15: 555.9 | D15: 1669.36 | E15: 2042.32 | F15: 3551.54 | G15: 510.9 | H15: 1455.77 | I15: 1584.87 | J15: 716.04 | K15: 45 | L15: 213.59 | M15: 457.45
A16: Constructions | B16: 28302.77 | C16: 4529.24 | D16: 12153.41 | E16: 11620.12 | F16: 20277.37 | G16: 3616.75 | H16: 9379.98 | I16: 7280.64 | J16: 8025.4 | K16: 912.49 | L16: 2773.43 | M16: 4339.48
A17: Installations techniques, matériel et outillage industriels | B17: 23351.93 | C17: 16115.14 | D17: 3987.03 | E17: 3249.75 | F17: 10402.9 | G17: 6783.9 | H17: 1897.23 | I17: 1721.77 | J17: 12949.03 | K17: 9331.24 | L17: 2089.8 | M17: 1527.99
A18: Autres immobilisations corporelles | B18: 18655.1 | C18: 5105.09 | D18: 9196.83 | E18: 4353.19 | F18: 9331.34 | G18: 2329.06 | H18: 4598.97 | I18: 2403.31 | J18: 9323.76 | K18: 2776.03 | L18: 4597.86 | M18: 1949.87
A19: dont matériel de transport: | B19: 1253.15 | C19: 812.89 | D19: -N- | E19: -N- | F19: 376.49 | G19: 183.17 | H19: -N- | I19: -N- | J19: 876.66 | K19: 629.73 | L19: 174.77 | M19: 72.17
A20: Immobilisations en cours | B20: 1118.88 | C20: 286.39 | D20: 399.97 | E20: 432.52 | F20: 741.26 | G20: 170.83 | H20: 267.52 | I20: 302.91 | J20: 377.63 | K20: 115.56 | L20: 132.45 | M20: 129.61
A21: Avances et acomptes | B21: 131.03 | C21: 57.03 | D21: 27.57 | E21: 46.43 | F21: 75.22 | G21: 33.67 | H21: 16.67 | I21: 24.88 | J21: 55.81 | K21: 23.37 | L21: 10.9 | M21: 21.55
A22: Immobilisations financières brutes (c) | B22: 60473.08 | C22: 5243.51 | D22: -N- | E22: -N- | F22: 38719.42 | G22: 3033.91 | H22: -N- | I22: -N- | J22: 21753.66 | K22: 2209.59 | L22: 7813.28 | M22: 11730.78
A23: Total de l'actif immobilisé brut (II=a+b+c) | B23: 160831.83 | C23: 46305.71 | D23: 53809.97 | E23: 60716.15 | F23: 90638.2 | G23: 19161.59 | H23: 33305.75 | I23: 38170.85 | J23: 70193.64 | K23: 27144.12 | L23: 20504.22 | M23: 22545.3
A24: Stocks (d) | B24: 2902.47 | C24: 993.69 | D24: 915.66 | E24: 993.12 | F24: 1281.92 | G24: 175.92 | H24: 372.24 | I24: 733.77 | J24: 1620.55 | K24: 817.77 | L24: 543.42 | M24: 259.35
A25: Dont Stocks - Matières premières approvisionnement et en cours | B25: 1839.85 | C25: 464.04 | D25: 527.82 | E25: 847.99 | F25: 951.41 | G25: 95.55 | H25: 194.2 | I25: 661.66 | J25: 888.44 | K25: 368.49 | L25: 333.62 | M25: 186.33
A26: Stocks de marchandises | B26: 1062.62 | C26: 529.65 | D26: 387.84 | E26: 145.13 | F26: 330.51 | G26: 80.37 | H26: 178.04 | I26: 72.11 | J26: 732.11 | K26: 449.28 | L26: 209.8 | M26: 73.02
A27: Avances et acomptes versés sur commandes (e) | B27: 265.71 | C27: 128.12 | D27: 55.77 | E27: 81.82 | F27: 103.69 | G27: 33.4 | H27: 24.76 | I27: 45.53 | J27: 162.02 | K27: 94.72 | L27: 31.01 | M27: 36.3
A28: Créances clients et comptes rattachés (f) | B28: 6448.08 | C28: 884.34 | D28: 1829.52 | E28: 3734.22 | F28: 3134.59 | G28: 392.43 | H28: 977.23 | I28: 1764.93 | J28: 3313.49 | K28: 491.91 | L28: 852.3 | M28: 1969.28
A29: Autres créances et charges constatées d'avance (g) | B29: 30751.03 | C29: 6135.03 | D29: 8516.16 | E29: 16099.85 | F29: 16944.68 | G29: 2125 | H29: 5150.27 | I29: 9669.42 | J29: 13806.35 | K29: 4010.03 | L29: 3365.88 | M29: 6430.43
A30: Valeurs mobilières de placement et disponibilités (h) | B30: 21125.78 | C30: 7269.43 | D30: 7225.87 | E30: 6630.48 | F30: 10509.55 | G30: 2181.09 | H30: 3763.66 | I30: 4564.79 | J30: 10616.23 | K30: 5088.34 | L30: 3462.21 | M30: 2065.69
A31: Total actif circulant (III=d+e+f+g+h) | B31: 61493.07 | C31: 15410.61 | D31: 18542.98 | E31: 27539.48 | F31: 31974.43 | G31: 4907.84 | H31: 10288.15 | I31: 16778.43 | J31: 29518.64 | K31: 10502.76 | L31: 8254.83 | M31: 10761.05
A32: Autres comptes de régularisation (IV) | B32: 1950.53 | C32: -N- | D32: 1794.69 | E32: 1525.39 | F32: 747.84 | G32: 357.46 | H32: 786.99 | I32: -N- | J32: 1202.69 | K32: -N- | L32: 1007.69 | M32: 1922.01
A33: TOTAL ACTIF BRUT (I+II+III+IV) | B33: 224294.06 | C33: 60351.87 | D33: 74155.14 | E33: 89787.05 | F33: 123365.36 | G33: 24429.2 | H33: 44383.31 | I33: 54552.86 | J33: 100928.69 | K33: 35922.68 | L33: 29771.83 | M33: 35234.19
A34: TOTAL DE L'ACTIF NET DES AMORTISSEMENTS ET PROVISIONS INSCRITS A L'ACTIF | B34: 173029.82 | C34: 44757.23 | D34: 56484.72 | E34: 71787.87 | F34: 93274.71 | G34: 16693.48 | H34: 33214.33 | I34: 43366.9 | J34: 79755.12 | K34: 28063.76 | L34: 23270.39 | M34: 28420.97
A36: PASSIF
A37: en millions d'euros
A38: secteur d'activité | B38: I | C38: I | D38: I | E38: I | F38: 55 | G38: 55 | H38: 55 | I38: 55 | J38: 56 | K38: 56 | L38: 56 | M38: 56
B39: Hébergement et restauration | C39: Hébergement et restauration | D39: Hébergement et restauration | E39: Hébergement et restauration | F39: Hébergement | G39: Hébergement | H39: Hébergement | I39: Hébergement | J39: Restauration | K39: Restauration | L39: Restauration | M39: Restauration
A40: Tranche d'effectif | B40: Ensemble des catégories d'entreprise | C40: Microentreprises (MICRO) | D40: Petites et moyennes entreprises (PME), hors Microentreprises | E40: Entreprises de taille intermédiaire (ETI) ou Grandes entreprises (GE) | F40: Ensemble des catégories d'entreprise | G40: Microentreprises (MICRO) | H40: Petites et moyennes entreprises (PME), hors Microentreprises | I40: Entreprises de taille intermédiaire (ETI) ou Grandes entreprises (GE) | J40: Ensemble des catégories d'entreprise | K40: Microentreprises (MICRO) | L40: Petites et moyennes entreprises (PME), hors Microentreprises | M40: Entreprises de taille intermédiaire (ETI) ou Grandes entreprises (GE)
A41: Nombre d'entreprises | B41: 256539 | C41: 244045 | D41: 12330 | E41: 164 | F41: 50417 | G41: 46892 | H41: 3439 | I41: 86 | J41: 206122 | K41: 197153 | L41: 8891 | M41: 78
A42: Capital social (ou individuel) y compris primes (i) | B42: 43059.46 | C42: 9852.15 | D42: 13814.25 | E42: 19393.07 | F42: 28060.1 | G42: 4309.58 | H42: 8908.58 | I42: 14841.94 | J42: 14999.36 | K42: 5542.57 | L42: 4905.67 | M42: 4551.13
A43: Report à nouveau (j) | B43: -4320.83 | C43: -1626.28 | D43: -1190.36 | E43: -1504.19 | F43: -2630.22 | G43: -1011.05 | H43: -1103.96 | I43: -515.22 | J43: -1690.6 | K43: -615.24 | L43: -86.4 | M43: -988.97
A44: Résultat de l'exercice comptable (k) | B44: 2981.59 | C44: -2395.58 | D44: 2635.13 | E44: 2742.04 | F44: 390.31 | G44: -252.67 | H44: 874.14 | I44: -231.16 | J44: 2591.27 | K44: -2142.91 | L44: 1760.99 | M44: 2973.2
A45: Réserves (l) | B45: 17964.04 | C45: 5905.02 | D45: 9581.73 | E45: 2477.29 | F45: 10273.4 | G45: 2421.38 | H45: 5833.61 | I45: 2018.41 | J45: 7690.64 | K45: 3483.64 | L45: 3748.12 | M45: 458.88
A46: Autres capitaux propres (m) | B46: 1712.33 | C46: 274.12 | D46: 541.86 | E46: 896.35 | F46: 1332.57 | G46: 195.5 | H46: 411.19 | I46: 725.89 | J46: 379.76 | K46: 78.62 | L46: 130.67 | M46: 170.46
A47: Total des capitaux propres (I=i+j+k+l+m) | B47: 61396.59 | C47: 12009.43 | D47: 25382.61 | E47: 24004.56 | F47: 37426.16 | G47: 5662.74 | H47: 14923.56 | I47: 16839.86 | J47: 23970.43 | K47: 6346.68 | L47: 10459.05 | M47: 7164.7
A48: Total des autres fonds propres (II) | B48: 97.08 | C48: 15.99 | D48: 58.94 | E48: 22.15 | F48: 78.18 | G48: 12.78 | H48: 45.49 | I48: 19.91 | J48: 18.9 | K48: 3.22 | L48: 13.45 | M48: 2.24
A49: Total des provisions pour risques et charges (III) | B49: 2438.67 | C49: 147.6 | D49: 380.64 | E49: 1910.43 | F49: 818.7 | G49: 66.58 | H49: 228.79 | I49: 523.33 | J49: 1619.98 | K49: 81.02 | L49: 151.85 | M49: 1387.11
A50: Emprunts, dettes assimilées (n) | B50: 67951.57 | C50: 16193.43 | D50: 21851.33 | E50: 29906.81 | F50: 39817.16 | G50: 6582.83 | H50: 13895.07 | I50: 19339.26 | J50: 28134.41 | K50: 9610.61 | L50: 7956.25 | M50: 10567.55
A51: Avances et acomptes reçus sur commandes en cours (o) | B51: 982.59 | C51: 116.62 | D51: 303.93 | E51: 562.04 | F51: 617.23 | G51: 82.88 | H51: 245.27 | I51: 289.08 | J51: 365.36 | K51: 33.74 | L51: 58.66 | M51: 272.96
A52: Dettes fournisseurs et comptes rattachés (p) | B52: 12588.84 | C52: 4808.03 | D52: 3253.8 | E52: 4527.01 | F52: 4113.17 | G52: 906.28 | H52: 1337.49 | I52: 1869.4 | J52: 8475.67 | K52: 3901.75 | L52: 1916.31 | M52: 2657.61
... A56: TOTAL PASSIF (I à V) | B56: 173029.82 | C56: 44757.23 | D56: 56484.72 | E56: 71787.87 | F56: 93274.71 | G56: 16693.48 | H56: 33214.33 | I56: 43366.9 | J56: 79755.12 | K56: 28063.76 | L56: 23270.39 | M56: 28420.97

Sheet SECTION_I_BILAN_2018
A1: Caractéristiques comptables, financières et d'emploi des unités légales - Bilan au niveau division selon la catégorie d'entreprise
A2: Note de lecture : N = Donnée non disponible, S = Donnée soumise au secret statistique
A3: Champ : France - Ensemble des entreprises marchandes y compris auto-entrepreneurs, hors agriculture et hors services financiers et d'assurance (mais y compris auxiliaires de services financiers et d'assurance, sociétés holdings)
A4: Source : Insee, Esane 2018
A5: en millions d'euros
A6: ACTIF
A7: secteur d'activité | B7: I | C7: I | D7: I | E7: I | F7: 55 | G7: 55 | H7: 55 | I7: 55 | J7: 56 | K7: 56 | L7: 56 | M7: 56
A8: activité | B8: Hébergement et restauration | C8: Hébergement et restauration | D8: Hébergement et restauration | E8: Hébergement et restauration | F8: Hébergement | G8: Hébergement | H8: Hébergement | I8: Hébergement | J8: Restauration | K8: Restauration | L8: Restauration | M8: Restauration
A9: Tranche d'effectif | B9: Ensemble des catégories d'entreprise | C9: Microentreprises (MICRO) | D9: Petites et moyennes entreprises (PME), hors Microentreprises | E9: Entreprises de taille intermédiaire (ETI) ou Grandes entreprises (GE) | F9: Ensemble des catégories d'entreprise | G9: Microentreprises (MICRO) | H9: Petites et moyennes entreprises (PME), hors Microentreprises | I9: Entreprises de taille intermédiaire (ETI) ou Grandes entreprises (GE) | J9: Ensemble des catégories d'entreprise | K9: Microentreprises (MICRO) | L9: Petites et moyennes entreprises (PME), hors Microentreprises | M9: Entreprises de taille intermédiaire (ETI) ou Grandes entreprises (GE)
A10: Nombre d'entreprises | B10: 258278 | C10: 245788 | D10: 12322 | E10: 168 | F10: 51354 | G10: 47821 | H10: 3445 | I10: 88 | J10: 206924 | K10: 197967 | L10: 8877 | M10: 80
A11: Capital souscrit non appelé (I) | B11: 18.46 | C11: 5.93 | D11: 6.4 | E11: 6.14 | F11: 8.47 | G11: 2.46 | H11: 4.56 | I11: 1.45 | J11: 10 | K11: 3.47 | L11: 1.84 | M11: 4.69
A12: Immobilisations incorporelles brutes (a) | B12: 23721.26 | C12: 13858.09 | D12: 5233.2 | E12: 4629.98 | F12: 7162.56 | G12: 2400.79 | H12: 2285.94 | I12: 2475.83 | J12: 16558.7 | K12: 11457.29 | L12: 2947.26 | M12: 2154.15
A13: Dont Fonds commercial | B13: 20630.55 | C13: 13029.94 | D13: 4412.09 | E13: 3188.52 | F13: 5682.61 | G13: 2112.51 | H13: 1802.8 | I13: 1767.29 | J13: 14947.95 | K13: 10917.43 | L13: 2609.28 | M13: 1421.23
A14: Immobilisations corporelles brutes (b) | B14: 85245.17 | C14: 28886.08 | D14: 31743.49 | E14: 24615.6 | F14: 54053.74 | G14: 15733.32 | H14: 21896.89 | I14: 16423.52 | J14: 31191.43 | K14: 13152.76 | L14: 9846.6 | M14: 8192.08
A15: Dont Terrains | B15: 5552.23 | C15: 692.9 | D15: 2113.78 | E15: 2745.55 | F15: 4799.58 | G15: 651.47 | H15: 1837.83 | I15: 2310.28 | J15: 752.65 | K15: 41.43 | L15: 275.95 | M15: 435.27
A16: Constructions | B16: 32595.42 | C16: 4810.04 | D16: 14625.11 | E16: 13160.27 | F16: 25539.61 | G16: 4044.13 | H16: 12184.12 | I16: 9311.36 | J16: 7055.81 | K16: 765.91 | L16: 2440.99 | M16: 3848.9
A17: Installations techniques, matériel et outillage industriels | B17: 12577.31 | C17: 5348.75 | D17: 3889.8 | E17: 3338.76 | F17: 5448.59 | G17: 1807.54 | H17: 1933.67 | I17: 1707.39 | J17: 7128.72 | K17: 3541.22 | L17: 1956.13 | M17: 1631.37
A18: Autres immobilisations corporelles | B18: 33108.56 | C18: 17713.31 | D18: 10575.14 | E18: 4820.11 | F18: 17174.66 | G18: 8989.97 | H18: 5518.8 | I18: 2665.89 | J18: 15933.9 | K18: 8723.34 | L18: 5056.34 | M18: 2154.22
A19: dont matériel de transport: | B19: 1301.47 | C19: 800.98 | D19: 285.09 | E19: 215.39 | F19: 348.61 | G19: 170.75 | H19: 99.24 | I19: 78.62 | J19: 952.86 | K19: 630.23 | L19: 185.85 | M19: 136.77
A20: Immobilisations en cours | B20: 1209.65 | C20: 266.41 | D20: 498.83 | E20: 444.41 | F20: 928.51 | G20: 193.76 | H20: 396.2 | I20: 338.54 | J20: 281.14 | K20: 72.64 | L20: 102.63 | M20: 105.87
A21: Avances et acomptes | B21: 202 | C21: 54.67 | D21: 40.83 | E21: 106.5 | F21: 162.79 | G21: 46.46 | H21: 26.27 | I21: 90.06 | J21: 39.21 | K21: 8.21 | L21: 14.56 | M21: 16.44
... A31: Total actif circulant (III=d+e+f+g+h) | B31: 61021.73 | C31: 15136.45 | D31: 20477.29 | E31: 25407.99 | F31: 28921.28 | G31: 4999.04 | H31: 11279.48 | I31: 12642.77 | J31: 32100.45 | K31: 10137.41 | L31: 9197.81 | M31: 12765.23
A32: Autres comptes de régularisation (IV) | B32: 556.62 | C32: -N- | D32: 983 | E32: 2420.65 | F32: -N- | G32: -N- | H32: 416.45 | I32: -N- | J32: 725.48 | K32: -N- | L32: 566.55 | M32: 2616.09
A33: TOTAL ACTIF BRUT (I+II+III+IV) | B33: 236224.05 | C33: 60193.45 | D33: 80207.91 | E33: 95822.7 | F33: 129296.47 | G33: 25838.92 | H33: 50286.95 | I33: 53170.6 | J33: 106927.58 | K33: 34354.52 | L33: 29920.95 | M33: 42652.1
A34: TOTAL DE L'ACTIF NET DES AMORTISSEMENTS ET PROVISIONS INSCRITS A L'ACTIF | B34: 180887.59 | C34: 44261.39 | D34: 60623.44 | E34: 76002.76 | F34: 95193.1 | G34: 17594.69 | H34: 37334.86 | I34: 40263.55 | J34: 85694.49 | K34: 26666.7 | L34: 23288.58 | M34: 35739.2
A36: PASSIF
A37: en millions d'euros
A38: secteur d'activité | B38: I | C38: I | D38: I | E38: I | F38: 55 | G38: 55 | H38: 55 | I38: 55 | J38: 56 | K38: 56 | L38: 56 | M38: 56
B39: Hébergement et restauration | C39: Hébergement et restauration | D39: Hébergement et restauration | E39: Hébergement et restauration | F39: Hébergement | G39: Hébergement | H39: Hébergement | I39: Hébergement | J39: Restauration | K39: Restauration | L39: Restauration | M39: Restauration
A40: Tranche d'effectif | B40: Ensemble des catégories d'entreprise | C40: Microentreprises (MICRO) | D40: Petites et moyennes entreprises (PME), hors Microentreprises | E40: Entreprises de taille intermédiaire (ETI) ou Grandes entreprises (GE) | F40: Ensemble des catégories d'entreprise | G40: Microentreprises (MICRO) | H40: Petites et moyennes entreprises (PME), hors Microentreprises | I40: Entreprises de taille intermédiaire (ETI) ou Grandes entreprises (GE) | J40: Ensemble des catégories d'entreprise | K40: Microentreprises (MICRO) | L40: Petites et moyennes entreprises (PME), hors Microentreprises | M40: Entreprises de taille intermédiaire (ETI) ou Grandes entreprises (GE)
A41: Nombre d'entreprises | B41: 258278 | C41: 245788 | D41: 12322 | E41: 168 | F41: 51354 | G41: 47821 | H41: 3445 | I41: 88 | J41: 206924 | K41: 197967 | L41: 8877 | M41: 80
A42: Capital social (ou individuel) y compris primes (i) | B42: 38358.1 | C42: 9005.8 | D42: 15236.91 | E42: 14115.39 | F42: 25676.81 | G42: 5097.17 | H42: 11117.02 | I42: 9462.62 | J42: 12681.28 | K42: 3908.62 | L42: 4119.9 | M42: 4652.77
A43: Report à nouveau (j) | B43: -N- | C43: -N- | D43: -N- | E43: -N- | F43: -N- | G43: -N- | H43: -N- | I43: -N- | J43: -N- | K43: -N- | L43: -N- | M43: 431.32
A44: Résultat de l'exercice comptable (k) | B44: 4521.7 | C44: -1623.13 | D44: 2257.89 | E44: 3886.94 | F44: 323.89 | G44: -168.54 | H44: 503.22 | I44: -10.8 | J44: 4197.81 | K44: -1454.59 | L44: 1754.67 | M44: 3897.73
A45: Réserves (l) | B45: 19913.27 | C45: 5666.39 | D45: 8854.33 | E45: 5392.55 | F45: 9860.65 | G45: 2099.18 | H45: 5091.77 | I45: 2669.71 | J45: 10052.61 | K45: 3567.21 | L45: 3762.56 | M45: 2722.84
A46: Autres capitaux propres (m) | B46: -N- | C46: -N- | D46: -N- | E46: -N- | F46: -N- | G46: -N- | H46: -N- | I46: -N- | J46: -N- | K46: -N- | L46: -N- | M46: 136.37
A47: Total des capitaux propres (I=i+j+k+l+m) | B47: 58157.68 | C47: 11493.65 | D47: 25234.25 | E47: 21429.78 | F47: 31029.99 | G47: 5712.82 | H47: 15728.43 | I47: 9588.75 | J47: 27127.69 | K47: 5780.83 | L47: 9505.82 | M47: 11841.03
A48: Total des autres fonds propres (II) | B48: 122.95 | C48: 12.05 | D48: 100.34 | E48: 10.56 | F48: 68.61 | G48: 8.89 | H48: 52.6 | I48: 7.12 | J48: 54.34 | K48: 3.16 | L48: 47.74 | M48: 3.44
A49: Total des provisions pour risques et charges (III) | B49: 2633.34 | C49: 140.16 | D49: 350.53 | E49: 2142.64 | F49: 742.06 | G49: 66.17 | H49: 214.36 | I49: 461.53 | J49: 1891.28 | K49: 73.99 | L49: 136.17 | M49: 1681.11
A50: Emprunts, dettes assimilées (n) | B50: 75210.1 | C50: 16484.1 | D50: 24540.08 | E50: 34185.92 | F50: 46055.07 | G50: 7265 | H50: 15847.86 | I50: 22942.21 | J50: 29155.03 | K50: 9219.1 | L50: 8692.22 | M50: 11243.71
A51: Avances et acomptes reçus sur commandes en cours (o) | B51: 1086.97 | C51: 117.92 | D51: 347.56 | E51: 621.5 | F51: 752.8 | G51: 87.2 | H51: 289.73 | I51: 375.87 | J51: 334.17 | K51: 30.72 | L51: 57.83 | M51: 245.62
A52: Dettes fournisseurs et comptes rattachés (p) | B52: 11906.93 | C52: 4591.12 | D52: 3320.37 | E52: 3995.45 | F52: 4318.23 | G52: 880.08 | H52: 1365.83 | I52: 2072.32 | J52: 7588.7 | K52: 3711.03 | L52: 1954.53 | M52: 1923.13
A53: Autres dettes et produits constatés d'avance (q) | B53: 31734.47 | C53: 11420.78 | D53: 6727.69 | E53: 13586 | F53: 12201.58 | G53: 3573.65 | H53: 3833.71 | I53: 4794.21 | J53: 19532.88 | K53: 7847.13 | L53: 2893.97 | M53: 8791.79
A54: Total des dettes (IV=n+o+p+q) | B54: 119938.47 | C54: 32613.91 | D54: 34935.7 | E54: 52388.86 | F54: 63327.69 | G54: 11805.93 | H54: 21337.15 | I54: 30184.61 | J54: 56610.78 | K54: 20807.98 | L54: 13598.55 | M54: 22204.25
A55: Ecart de conversion passif (V) | B55: 35.15 | C55: 1.62 | D55: 2.62 | E55: 30.91 | F55: 24.74 | G55: 0.88 | H55: 2.32 | I55: 21.54 | J55: 10.41 | K55: 0.74 | L55: 0.3 | M55: 9.37
A56: TOTAL PASSIF (I à V) | B56: 180887.59 | C56: 44261.39 | D56: 60623.44 | E56: 76002.76 | F56: 95193.1 | G56: 17594.69 | H56: 37334.86 | I56: 40263.55 | J56: 85694.49 | K56: 26666.7 | L56: 23288.58 | M56: 35739.2

Sheet SECTION_G_CR_2017
A1: Caractéristiques comptables, financières et d'emploi des entreprises - Compte de résultat au niveau division selon la catégorie d'entreprise
A2: Note de lecture : N = Donnée non disponible, S = Donnée soumise au secret statistique
A3: Champ : France - Ensemble des entreprises marchandes y compris auto-entrepreneurs, hors agriculture et hors services financiers et d'assurance (mais y compris auxiliaires de services financiers et d'assurance, sociétés holdings)
A4: Source : Insee, Esane 2017
A6: en millions d'euros
A7: secteur d'activité | B7: G | C7: G | D7: G | E7: G | F7: 45 | G7: 45 | H7: 45 | I7: 45 | J7: 46 | K7: 46 | L7: 46 | M7: 46 | N7: 47 | O7: 47 | P7: 47 | Q7: 47
A8: activité | B8: Commerce - réparation d'automobiles et de motocycles | C8: Commerce - réparation d'automobiles et de motocycles | D8: Commerce - réparation d'automobiles et de motocycles | E8: Commerce - réparation d'automobiles et de motocycles | F8: Commerce et réparation d'automobiles et de motocycles | G8: Commerce et réparation d'automobiles et de motocycles | H8: Commerce et réparation d'automobiles et de motocycles | I8: Commerce et réparation d'automobiles et de motocycles | J8: Commerce de gros, à l'exception des automobiles et des motocycles | K8: Commerce de gros, à l'exception des automobiles et des motocycles | L8: Commerce de gros, à l'exception des automobiles et des motocycles | M8: Commerce de gros, à l'exception des automobiles et des motocycles | N8: Commerce de détail, à l'exception des automobiles et des motocycles | O8: Commerce de détail, à l'exception des automobiles et des motocycles | P8: Commerce de détail, à l'exception des automobiles et des motocycles | Q8: Commerce de détail, à l'exception des automobiles et des motocycles
A9: Catégorie d'entreprise | B9: Ensemble des catégories d'entreprise | C9: Microentreprises (MICRO) | D9: Petites et moyennes entreprises (PME), hors Microentreprises | E9: Entreprises de taille intermédiaire (ETI) ou Grandes entreprises (GE) | F9: Ensemble des catégories d'entreprise | G9: Microentreprises (MICRO) | H9: Petites et moyennes entreprises (PME), hors Microentreprises | I9: Entreprises de taille intermédiaire (ETI) ou Grandes entreprises (GE) | J9: Ensemble des catégories d'entreprise | K9: Microentreprises (MICRO) | L9: Petites et moyennes entreprises (PME), hors Microentreprises | M9: Entreprises de taille intermédiaire (ETI) ou Grandes entreprises (GE) | N9: Ensemble des catégories d'entreprise | O9: Microentreprises (MICRO) | P9: Petites et moyennes entreprises (PME), hors Microentreprises | Q9: Entreprises de taille intermédiaire (ETI) ou Grandes entreprises (GE)
A10: Nombre d'entreprises | B10: 685853 | C10: 648989 | D10: 35298 | E10: 1566 | F10: 93198 | G10: 88749 | H10: 4201 | I10: 248 | J10: 146707 | K10: 131215 | L10: 14691 | M10: 801 | N10: 445948 | O10: 429025 | P10: 16406 | Q10: 517
A11: Chiffre d'affaires Hors Taxes (a+d1+d2) | B11: 1315218.5 | C11: 181607.03 | D11: 347497.35 | E11: 786114.13 | F11: 180825.72 | G11: 31744.8 | H11: 41346.07 | I11: 107734.84 | J11: 660993.89 | K11: 52540.3 | L11: 178053.46 | M11: 430400.13 | N11: 473398.9 | O11: 97321.92 | P11: 128097.82 | Q11: 247979.16
A12: dont exportations | B12: 125157.03 | C12: 8848.59 | D12: 30622.6 | E12: 85685.84 | F12: 7522.15 | G12: 740.57 | H12: 1609.04 | I12: 5172.54 | J12: 101456.26 | K12: 6665.02 | L12: 26544.14 | M12: 68247.1 | N12: 16178.62 | O12: 1442.99 | P12: 2469.42 | Q12: 12266.21
A13: Ventes de marchandises (a) | B13: 1219882.6 | C13: 161692.26 | D13: 326341.86 | E13: 731848.51 | F13: 160695.75 | G13: 24372.79 | H13: 37020.66 | I13: 99302.31 | J13: 606623.41 | K13: 45240.51 | L13: 165583.94 | M13: 395798.96 | N13: 452563.48 | O13: 92078.96 | P13: 123737.27 | Q13: 236747.24
A14: - Achats de marchandises (y compris droits de douanes) (b) | B14: 947134.39 | C14: 111815.8 | D14: 248458.31 | E14: 586860.29 | F14: 140657.53 | G14: 19227.64 | H14: 32036.51 | I14: 89393.39 | J14: 483631.04 | K14: 32754.72 | L14: 125122.72 | M14: 325753.6 | N14: 322845.82 | O14: 59833.44 | P14: 91299.08 | Q14: 171713.3
A15: - Variation de stock de marchandises (c) | B15: -6584.46 | C15: -816.22 | D15: -2121.56 | E15: -3646.68 | F15: -2581.3 | G15: -325.46 | H15: -769.75 | I15: -1486.09 | J15: -2035.27 | K15: -116.52 | L15: -899.79 | M15: -1018.96 | N15: -1967.88 | O15: -374.24 | P15: -452.01 | Q15: -1141.63
A16: = Marge commerciale I=a-b-c | B16: 279332.7 | C16: 50692.68 | D16: 80005.12 | E16: 148634.91 | F16: 22619.52 | G16: 5470.61 | H16: 5753.9 | I16: 11395.01 | J16: 125027.63 | K16: 12602.31 | L16: 41361.01 | M16: 71064.31 | N16: 131685.54 | O16: 32619.76 | P16: 32890.2 | Q16: 66175.58
A17: Production vendue de biens (d1) | B17: 34887.9 | C17: 4034.31 | D17: 7760.17 | E17: 23093.42 | F17: 3236.12 | G17: 304.63 | H17: 141.49 | I17: 2790.01 | J17: 26282.71 | K17: 2397.4 | L17: 5893.11 | M17: 17992.2 | N17: 5369.06 | O17: 1332.28 | P17: 1725.57 | Q17: 2311.21
A18: Production vendue de services (d2) | B18: 60447.97 | C18: 15880.46 | D18: 13395.31 | E18: 31172.2 | F18: 16893.85 | G18: 7067.39 | H18: 4183.93 | I18: 5642.53 | J18: 28087.77 | K18: 4902.39 | L18: 6576.41 | M18: 16608.97 | N18: 15466.35 | O18: 3910.68 | P18: 2634.97 | Q18: 8920.7
A19: + Production stockée | B19: 1423.86 | C19: 268.81 | D19: 192.26 | E19: 962.79 | F19: 26.19 | G19: 10.97 | H19: 41.17 | I19: -25.95 | J19: 1300.68 | K19: 223.8 | L19: 138.42 | M19: 938.47 | N19: 96.98 | O19: 34.04 | P19: 12.66 | Q19: 50.28
A20: + Production immobilisée | B20: 881.77 | C20: 99.97 | D20: 176.67 | E20: 605.13 | F20: 131.22 | G20: 14.62 | H20: 29.38 | I20: 87.23 | J20: 368.21 | K20: 37.48 | L20: 102.68 | M20: 228.04 | N20: 382.34 | O20: 47.87 | P20: 44.6 | Q20: 289.86
A21: = Production totale de biens et services (hors marge commerciale) (d') | B21: 97641.49 | C21: 20283.55 | D21: 21524.41 | E21: 55833.54 | F21: 20287.38 | G21: 7397.6 | H21: 4395.97 | I21: 8493.81 | J21: 56039.38 | K21: 7561.08 | L21: 12710.63 | M21: 35767.67 | N21: 21314.74 | O21: 5324.87 | P21: 4417.81 | Q21: 11572.06
... A54: Capacité d'autofinancement | B54: 41626.33 | C54: 6549.84 | D54: 9545.19 | E54: 25531.3 | F54: 3567.4 | G54: 1068.61 | H54: 809.33 | I54: 1689.46 | J54: 17509.68 | K54: 1271.89 | L54: 4433.48 | M54: 11804.32 | N54: 20549.26 | O54: 4209.35 | P54: 4302.38 | Q54: 12037.53

Sheet SECTION_G_CR_2018
A1: Caractéristiques comptables, financières et d'emploi des entreprises - Compte de résultat au niveau division selon la catégorie d'entreprise
A2: Note de lecture : N = Donnée non disponible, S = Donnée soumise au secret statistique
A3: Champ : France - Ensemble des entreprises marchandes y compris auto-entrepreneurs, hors agriculture et hors services financiers et d'assurance (mais y compris auxiliaires de services financiers et d'assurance, sociétés holdings)
A4: Source : Insee, Esane 2018
A6: en millions d'euros
A7: secteur d'activité | B7: G | C7: G | D7: G | E7: G | F7: 45 | G7: 45 | H7: 45 | I7: 45 | J7: 46 | K7: 46 | L7: 46 | M7: 46 | N7: 47 | O7: 47 | P7: 47 | Q7: 47
A8: activité | B8: Commerce - réparation d'automobiles et de motocycles | C8: Commerce - réparation d'automobiles et de motocycles | D8: Commerce - réparation d'automobiles et de motocycles | E8: Commerce - réparation d'automobiles et de motocycles | F8: Commerce et réparation d'automobiles et de motocycles | G8: Commerce et réparation d'automobiles et de motocycles | H8: Commerce et réparation d'automobiles et de motocycles | I8: Commerce et réparation d'automobiles et de motocycles | J8: Commerce de gros, à l'exception des automobiles et des motocycles | K8: Commerce de gros, à l'exception des automobiles et des motocycles | L8: Commerce de gros, à l'exception des automobiles et des motocycles | M8: Commerce de gros, à l'exception des automobiles et des motocycles | N8: Commerce de détail, à l'exception des automobiles et des motocycles | O8: Commerce de détail, à l'exception des automobiles et des motocycles | P8: Commerce de détail, à l'exception des automobiles et des motocycles | Q8: Commerce de détail, à l'exception des automobiles et des motocycles
A9: Catégorie d'entreprise | B9: Ensemble des catégories d'entreprise | C9: Microentreprises (MICRO) | D9: Petites et moyennes entreprises (PME), hors Microentreprises | E9: Entreprises de taille intermédiaire (ETI) ou Grandes entreprises (GE) | F9: Ensemble des catégories d'entreprise | G9: Microentreprises (MICRO) | H9: Petites et moyennes entreprises (PME), hors Microentreprises | I9: Entreprises de taille intermédiaire (ETI) ou Grandes entreprises (GE) | J9: Ensemble des catégories d'entreprise | K9: Microentreprises (MICRO) | L9: Petites et moyennes entreprises (PME), hors Microentreprises | M9: Entreprises de taille intermédiaire (ETI) ou Grandes entreprises (GE) | N9: Ensemble des catégories d'entreprise | O9: Microentreprises (MICRO) | P9: Petites et moyennes entreprises (PME), hors Microentreprises | Q9: Entreprises de taille intermédiaire (ETI) ou Grandes entreprises (GE)
A10: Nombre d'entreprises | B10: 680929 | C10: 643897 | D10: 35445 | E10: 1587 | F10: 94790 | G10: 90224 | H10: 4312 | I10: 254 | J10: 145013 | K10: 129638 | L10: 14569 | M10: 806 | N10: 441126 | O10: 424035 | P10: 16564 | Q10: 527
A11: Chiffre d'affaires Hors Taxes (a+d1+d2) | B11: 1354598 | C11: 180628.66 | D11: 350815.19 | E11: 823154.18 | F11: 180895.21 | G11: 31108.3 | H11: 42568.37 | I11: 107218.54 | J11: 700970.13 | K11: 51442.38 | L11: 179048.67 | M11: 470479.08 | N11: 472732.7 | O11: 98077.98 | P11: 129198.16 | Q11: 245456.56
A12: dont exportations | B12: 136925.48 | C12: 8773.99 | D12: 29874.57 | E12: 98276.92 | F12: 7766.56 | G12: 709.55 | H12: 1550.11 | I12: 5506.9 | J12: 113741.76 | K12: 6452.13 | L12: 25838.75 | M12: 81450.88 | N12: 15417.16 | O12: 1612.31 | P12: 2485.71 | Q12: 11319.14
A13: Ventes de marchandises (a) | B13: 1253745.6 | C13: 160345.22 | D13: 328464.01 | E13: 764936.35 | F13: 160156.41 | G13: 23943.22 | H13: 38141.73 | I13: 98071.46 | J13: 641831.75 | K13: 43669.89 | L13: 165623.26 | M13: 432538.59 | N13: 451757.43 | O13: 92732.1 | P13: 124699.02 | Q13: 234326.3
A14: - Achats de marchandises (y compris droits de douanes) (b) | B14: 968295.25 | C14: 110717.07 | D14: 250037.3 | E14: 607540.88 | F14: 139669.19 | G14: 18929.55 | H14: 33005.03 | I14: 87734.61 | J14: 507076.3 | K14: 31724.12 | L14: 125087.63 | M14: 350264.55 | N14: 321549.76 | O14: 60063.41 | P14: 91944.63 | Q14: 169541.72
A15: - Variation de stock de marchandises (c) | B15: -6998.64 | C15: -919.81 | D15: -2598.87 | E15: -3479.95 | F15: -2928.86 | G15: -301.54 | H15: -695.13 | I15: -1932.19 | J15: -2594.38 | K15: -234.69 | L15: -1333.07 | M15: -1026.62 | N15: -1475.4 | O15: -383.59 | P15: -570.67 | Q15: -521.14
A16: = Marge commerciale I=a-b-c | B16: 292448.97 | C16: 50547.96 | D16: 81025.59 | E16: 160875.42 | F16: 23416.08 | G16: 5315.21 | H16: 5831.83 | I16: 12269.04 | J16: 137349.82 | K16: 12180.47 | L16: 41868.7 | M16: 83300.65 | N16: 131683.06 | O16: 33052.28 | P16: 33325.06 | Q16: 65305.73
A17: Production vendue de biens (d1) | B17: 37708.42 | C17: 4137.44 | D17: 8491.99 | E17: 25078.99 | F17: 3672.93 | G17: 301.71 | H17: 181.7 | I17: 3189.52 | J17: 28621.09 | K17: 2551.14 | L17: 6447.18 | M17: 19622.77 | N17: 5414.4 | O17: 1284.59 | P17: 1863.11 | Q17: 2266.69
A18: Production vendue de services (d2) | B18: 63144.04 | C18: 16146 | D18: 13859.19 | E18: 33138.84 | F18: 17065.87 | G18: 6863.37 | H18: 4244.94 | I18: 5957.56 | J18: 30517.29 | K18: 5221.35 | L18: 6978.22 | M18: 18317.72 | N18: 15560.87 | O18: 4061.28 | P18: 2636.03 | Q18: 8863.57
A19: + Production stockée | B19: -151.73 | C19: 102.67 | D19: 94.54 | E19: -348.94 | F19: 102.97 | G19: 13.74 | H19: 7.87 | I19: 81.36 | J19: -302.94 | K19: 31.27 | L19: 74.12 | M19: -408.33 | N19: 48.25 | O19: 57.67 | P19: 12.55 | Q19: -21.98
A20: + Production immobilisée | B20: 934.85 | C20: 98.28 | D20: 201.16 | E20: 635.4 | F20: 116.44 | G20: 14.26 | H20: 23.65 | I20: 78.53 | J20: 379.72 | K20: 42.34 | L20: 132.51 | M20: 204.88 | N20: 438.69 | O20: 41.69 | P20: 45 | Q20: 352
A21: = Production totale de biens et services (hors marge commerciale) (d') | B21: 101635.57 | C21: 20484.4 | D21: 22646.88 | E21: 58504.3 | F21: 20958.2 | G21: 7193.07 | H21: 4458.16 | I21: 9306.97 | J21: 59215.16 | K21: 7846.09 | L21: 13632.03 | M21: 37737.04 | N21: 21462.21 | O21: 5445.23 | P21: 4556.69 | Q21: 11460.29
... A54: Capacité d'autofinancement | B54: 51080.27 | C54: 7030.84 | D54: 10763.89 | E54: 33285.54 | F54: 4024.97 | G54: 1135.64 | H54: 817.82 | I54: 2071.5 | J54: 26351.35 | K54: 1814.83 | L54: 5343.77 | M54: 19192.75 | N54: 20703.95 | O54: 4080.37 | P54: 4602.3 | Q54: 12021.28

Sheet SECTION_G_BILAN_2017
A1: Caractéristiques comptables, financières et d'emploi des unités légales - Bilan au niveau division selon la catégorie d'entreprise
A2: Note de lecture : N = Donnée non disponible, S = Donnée soumise au secret statistique
A3: Champ : France - Ensemble des entreprises marchandes y compris auto-entrepreneurs, hors agriculture et hors services financiers et d'assurance (mais y compris auxiliaires de services financiers et d'assurance, sociétés holdings)
A4: Source : Insee, Esane 2017
A5: en millions d'euros
A6: ACTIF
A7: secteur d'activité | B7: G | C7: G | D7: G | E7: G | F7: 45 | G7: 45 | H7: 45 | I7: 45 | J7: 46 | K7: 46 | L7: 46 | M7: 46 | N7: 47 | O7: 47 | P7: 47 | Q7: 47
A8: activité | B8: Commerce - réparation d'automobiles et de motocycles | C8: Commerce - réparation d'automobiles et de motocycles | D8: Commerce - réparation d'automobiles et de motocycles | E8: Commerce - réparation d'automobiles et de motocycles | F8: Commerce et réparation d'automobiles et de motocycles | G8: Commerce et réparation d'automobiles et de motocycles | H8: Commerce et réparation d'automobiles et de motocycles | I8: Commerce et réparation d'automobiles et de motocycles | J8: Commerce de gros, à l'exception des automobiles et des motocycles | K8: Commerce de gros, à l'exception des automobiles et des motocycles | L8: Commerce de gros, à l'exception des automobiles et des motocycles | M8: Commerce de gros, à l'exception des automobiles et des motocycles | N8: Commerce de détail, à l'exception des automobiles et des motocycles | O8: Commerce de détail, à l'exception des automobiles et des motocycles | P8: Commerce de détail, à l'exception des automobiles et des motocycles | Q8: Commerce de détail, à l'exception des automobiles et des motocycles
A9: Tranche d'effectif | B9: Ensemble des catégories d'entreprise | C9: Microentreprises (MICRO) | D9: Petites et moyennes entreprises (PME), hors Microentreprises | E9: Entreprises de taille intermédiaire (ETI) ou Grandes entreprises (GE) | F9: Ensemble des catégories d'entreprise | G9: Microentreprises (MICRO) | H9: Petites et moyennes entreprises (PME), hors Microentreprises | I9: Entreprises de taille intermédiaire (ETI) ou Grandes entreprises (GE) | J9: Ensemble des catégories d'entreprise | K9: Microentreprises (MICRO) | L9: Petites et moyennes entreprises (PME), hors Microentreprises | M9: Entreprises de taille intermédiaire (ETI) ou Grandes entreprises (GE) | N9: Ensemble des catégories d'entreprise | O9: Microentreprises (MICRO) | P9: Petites et moyennes entreprises (PME), hors Microentreprises | Q9: Entreprises de taille intermédiaire (ETI) ou Grandes entreprises (GE)
A10: Nombre d'entreprises | B10: 685853 | C10: 648989 | D10: 35298 | E10: 1566 | F10: 93198 | G10: 88749 | H10: 4201 | I10: 248 | J10: 146707 | K10: 131215 | L10: 14691 | M10: 801 | N10: 445948 | O10: 429025 | P10: 16406 | Q10: 517
A11: Capital souscrit non appelé (I) | B11: 77.95 | C11: 22.43 | D11: 22.97 | E11: 32.56 | F11: 6.99 | G11: 1.84 | H11: 1.57 | I11: 3.58 | J11: 26.22 | K11: 7.1 | L11: 6.53 | M11: 12.59 | N11: 44.75 | O11: 13.48 | P11: 14.87 | Q11: 16.39
A12: Immobilisations incorporelles brutes (a) | B12: 103627.27 | C12: 28945.94 | D12: 21419.26 | E12: 53262.07 | F12: 4556.61 | G12: 1765.14 | H12: 889.97 | I12: 1901.5 | J12: 33930.73 | K12: 3484.58 | L12: 5792.73 | M12: 24653.43 | N12: 65139.93 | O12: 23696.23 | P12: 14736.56 | Q12: 26707.14
A13: Dont Fonds commercial | B13: 81093.33 | C13: 26361.7 | D13: 17605.71 | E13: 37125.92 | F13: 3390.64 | G13: 1555.27 | H13: 670.37 | I13: 1165 | J13: 21565.98 | K13: 2271.6 | L13: 3303.79 | M13: 15990.6 | N13: 56136.7 | O13: 22534.84 | P13: 13631.55 | Q13: 19970.32
A14: Immobilisations corporelles brutes (b) | B14: 233013.78 | C14: 36085.24 | D14: 50399.62 | E14: 146528.92 | F14: 24503.11 | G14: 6753.97 | H14: 4989.79 | I14: 12759.35 | J14: 83532.52 | K14: 7741.4 | L14: 19985.73 | M14: 55805.38 | N14: 124978.15 | O14: 21589.87 | P14: 25424.09 | Q14: 77964.19
A15: Dont Terrains | B15: 13475.56 | C15: 426.24 | D15: 2106.42 | E15: 10942.9 | F15: 723.89 | G15: 106.12 | H15: 185.08 | I15: 432.69 | J15: 4338.03 | K15: 188.85 | L15: 814.97 | M15: 3334.2 | N15: 8413.65 | O15: 131.27 | P15: 1106.37 | Q15: 7176.01
A16: Constructions | B16: 80214.28 | C16: 4375.4 | D16: 17119.71 | E16: 58719.17 | F16: 5562.06 | G16: 881.4 | H16: 1419.52 | I16: 3261.14 | J16: 28614.16 | K16: 1495.79 | L16: 6484.45 | M16: 20633.92 | N16: 46038.06 | O16: 1998.2 | P16: 9215.75 | Q16: 34824.11
A17: Installations techniques, matériel et outillage industriels | B17: 65435.8 | C17: 19618.61 | D17: 11212.7 | E17: 34604.49 | F17: 7675.62 | G17: 3906.28 | H17: 957.83 | I17: 2811.51 | J17: 29157.76 | K17: 3458.06 | L17: 5451.12 | M17: 20248.59 | N17: 28602.41 | O17: 12254.27 | P17: 4803.76 | Q17: 11544.39
A18: Autres immobilisations corporelles | B18: 68674.62 | C18: 11307.66 | D18: 19325.37 | E18: 38041.59 | F18: 10250.49 | G18: 1832.13 | H18: 2381.27 | I18: 6037.09 | J18: 18972.57 | K18: 2395.72 | L18: 6952.55 | M18: 9624.29 | N18: 39451.57 | O18: 7079.81 | P18: 9991.54 | Q18: 22380.22
A19: dont matériel de transport: | B19: 13410.28 | C19: 4208.26 | D19: 3465.07 | E19: 5736.94 | F19: 5892.5 | G19: 1083.92 | H19: 932.93 | I19: 3875.65 | J19: 4672.65 | K19: 1265.71 | L19: 1945.48 | M19: 1461.47 | N19: 2845.13 | O19: 1858.64 | P19: 586.67 | Q19: 399.82
A20: Immobilisations en cours | B20: 4638.72 | C20: 335.7 | D20: 560.11 | E20: 3742.9 | F20: 272.47 | G20: 24.75 | H20: 43.77 | I20: 203.95 | J20: 2253.06 | K20: 193.73 | L20: 238.56 | M20: 1820.76 | N20: 2113.19 | O20: 117.23 | P20: 277.77 | Q20: 1718.19
A21: Avances et acomptes | B21: 574.8 | C21: 21.63 | D21: 75.31 | E21: 477.86 | F21: 18.58 | G21: 3.29 | H21: 2.33 | I21: 12.96 | J21: 196.95 | K21: 9.24 | L21: 44.08 | M21: 143.63 | N21: 359.27 | O21: 9.09 | P21: 28.9 | Q21: 321.28
... A31: Total actif circulant (III=d+e+f+g+h) | B31: 557411.16 | C31: 88515.7 | D31: 141852.81 | E31: 327042.65 | F31: 72159.73 | G31: 14051.62 | H31: 17501.9 | I31: 40606.21 | J31: 295745.91 | K31: 36070.52 | L31: 84570.19 | M31: 175105.19 | N31: 189505.52 | O31: 38393.56 | P31: 39780.72 | Q31: 111331.24
A32: Autres comptes de régularisation (IV) | B32: 999.55 | C32: -N- | D32: -N- | E32: 4769.39 | F32: 1397.72 | G32: -N- | H32: -N- | I32: 1640.84 | J32: 436.16 | K32: -N- | L32: -N- | M32: 2472.25 | N32: -N- | O32: -N- | P32: 185.47 | Q32: 656.3
A33: TOTAL ACTIF BRUT (I+II+III+IV) | B33: 1262842.9 | C33: 167008.38 | D33: 259531.18 | E33: 836303.34 | F33: 119312.72 | G33: 24245.97 | H33: 25879.37 | I33: 69187.38 | J33: 580877.05 | K33: 52551.46 | L33: 134001.25 | M33: 394324.34 | N33: 562653.13 | O33: 90210.95 | P33: 99650.56 | Q33: 372791.62
A34: TOTAL DE L'ACTIF NET DES AMORTISSEMENTS ET PROVISIONS INSCRITS A L'ACTIF | B34: 1032510.8 | C34: 142227.34 | D34: 215568.47 | E34: 674715.01 | F34: 100735.6 | G34: 19478.54 | H34: 21929.33 | I34: 59327.73 | J34: 474799.91 | K34: 45578.58 | L34: 112653.2 | M34: 316568.13 | N34: 456975.31 | O34: 77170.22 | P34: 80985.94 | Q34: 298819.15
A36: PASSIF
A37: en millions d'euros
A38: secteur d'activité | B38: G | C38: G | D38: G | E38: G | F38: 45 | G38: 45 | H38: 45 | I38: 45 | J38: 46 | K38: 46 | L38: 46 | M38: 46 | N38: 47 | O38: 47 | P38: 47 | Q38: 47
B39: Commerce - réparation d'automobiles et de motocycles | C39: Commerce - réparation d'automobiles et de motocycles | D39: Commerce - réparation d'automobiles et de motocycles | E39: Commerce - réparation d'automobiles et de motocycles | F39: Commerce et réparation d'automobiles et de motocycles | G39: Commerce et réparation d'automobiles et de motocycles | H39: Commerce et réparation d'automobiles et de motocycles | I39: Commerce et réparation d'automobiles et de motocycles | J39: Commerce de gros, à l'exception des automobiles et des motocycles | K39: Commerce de gros, à l'exception des automobiles et des motocycles | L39: Commerce de gros, à l'exception des automobiles et des motocycles | M39: Commerce de gros, à l'exception des automobiles et des motocycles | N39: Commerce de détail, à l'exception des automobiles et des motocycles | O39: Commerce de détail, à l'exception des automobiles et des motocycles | P39: Commerce de détail, à l'exception des automobiles et des motocycles | Q39: Commerce de détail, à l'exception des automobiles et des motocycles
A40: Tranche d'effectif | B40: Ensemble des catégories d'entreprise | C40: Microentreprises (MICRO) | D40: Petites et moyennes entreprises (PME), hors Microentreprises | E40: Entreprises de taille intermédiaire (ETI) ou Grandes entreprises (GE) | F40: Ensemble des catégories d'entreprise | G40: Microentreprises (MICRO) | H40: Petites et moyennes entreprises (PME), hors Microentreprises | I40: Entreprises de taille intermédiaire (ETI) ou Grandes entreprises (GE) | J40: Ensemble des catégories d'entreprise | K40: Microentreprises (MICRO) | L40: Petites et moyennes entreprises (PME), hors Microentreprises | M40: Entreprises de taille intermédiaire (ETI) ou Grandes entreprises (GE) | N40: Ensemble des catégories d'entreprise | O40: Microentreprises (MICRO) | P40: Petites et moyennes entreprises (PME), hors Microentreprises | Q40: Entreprises de taille intermédiaire (ETI) ou Grandes entreprises (GE)
A41: Nombre d'entreprises | B41: 685853 | C41: 648989 | D41: 35298 | E41: 1566 | F41: 93198 | G41: 88749 | H41: 4201 | I41: 248 | J41: 146707 | K41: 131215 | L41: 14691 | M41: 801 | N41: 445948 | O41: 429025 | P41: 16406 | Q41: 517
A42: Capital social (ou individuel) y compris primes (i) | B42: 203722.21 | C42: 25835.4 | D42: 33849.81 | E42: 144037 | F42: 12087.1 | G42: 2745.74 | H42: 2438.65 | I42: 6902.71 | J42: 89618.19 | K42: 8285.92 | L42: 19101.24 | M42: 62231.01 | N42: 102016.92 | O42: 14803.72 | P42: 12309.92 | Q42: 74903.27
A43: Report à nouveau (j) | B43: 30889.46 | C43: -2029.12 | D43: 1576.37 | E43: 31342.21 | F43: 1470.9 | G43: -24.39 | H43: 222.52 | I43: 1272.77 | J43: 18834.77 | K43: -1430.2 | L43: 1759.85 | M43: 18505.12 | N43: 10583.79 | O43: -574.52 | P43: -406 | Q43: 11564.32
A44: Résultat de l'exercice comptable (k) | B44: 28642.88 | C44: 4543.14 | D44: 7985.83 | E44: 16113.91 | F44: 2681.73 | G44: 707.24 | H44: 683.08 | I44: 1291.41 | J44: 12532.27 | K44: 1016.33 | L44: 4015.52 | M44: 7500.42 | N44: 13428.88 | O44: 2819.57 | P44: 3287.23 | Q44: 7322.07
A45: Réserves (l) | B45: 129212.13 | C45: 22569.3 | D45: 46568.21 | E45: 60074.62 | F45: 13796.86 | G45: 3578.89 | H45: 4703.77 | I45: 5514.21 | J45: 61870.03 | K45: 7166.13 | L45: 23017.36 | M45: 31686.54 | N45: 53545.23 | O45: 11824.28 | P45: 18847.08 | Q45: 22873.87
A46: Autres capitaux propres (m) | B46: 8107.45 | C46: 307.32 | D46: 832.19 | E46: 6967.94 | F46: 793.33 | G46: 56.74 | H46: 89.16 | I46: 647.42 | J46: 4029.99 | K46: 61.97 | L46: 529.83 | M46: 3438.21 | N46: 3284.15 | O46: 188.62 | P46: 213.2 | Q46: 2882.33
A47: Total des capitaux propres (I=i+j+k+l+m) | B47: 400574.13 | C47: 51226.04 | D47: 90812.41 | E47: 258535.68 | F47: 30829.92 | G47: 7064.22 | H47: 8137.18 | I47: 15628.52 | J47: 186885.25 | K47: 15100.15 | L47: 48423.8 | M47: 123361.3 | N47: 182858.97 | O47: 29061.67 | P47: 34251.43 | Q47: 119545.86
A48: Total des autres fonds propres (II) | B48: 2465.64 | C48: 28.02 | D48: 223.71 | E48: 2213.91 | F48: 42.81 | G48: 2.44 | H48: 8.34 | I48: 32.03 | J48: 978.49 | K48: 15.95 | L48: 193.86 | M48: 768.68 | N48: 1444.35 | O48: 9.63 | P48: 21.51 | Q48: 1413.2
A49: Total des provisions pour risques et charges (III) | B49: 19906.1 | C49: 1362.42 | D49: 2081.59 | E49: 16462.08 | F49: 2342.13 | G49: 352.12 | H49: 114.51 | I49: 1875.5 | J49: 11607.55 | K49: 817.57 | L49: 1444.43 | M49: 9345.55 | N49: 5956.42 | O49: 192.73 | P49: 522.65 | Q49: 5241.04
A50: Emprunts, dettes assimilées (n) | B50: 272802.86 | C50: 33438.37 | D50: 52865.77 | E50: 186498.73 | F50: 24928.72 | G50: 3947.87 | H50: 4785.57 | I50: 16195.28 | J50: 103422.57 | K50: 6736.85 | L50: 22249.81 | M50: 74435.92 | N50: 144451.57 | O50: 22753.66 | P50: 25830.39 | Q50: 95867.52
A51: Avances et acomptes reçus sur commandes en cours (o) | B51: 16153.05 | C51: 7842.45 | D51: 2076.39 | E51: 6234.21 | F51: 821.79 | G51: 137.77 | H51: 220.66 | I51: 463.37 | J51: 13686.48 | K51: 7251.18 | L51: 1411.91 | M51: 5023.39 | N51: 1644.78 | O51: 453.5 | P51: 443.83 | Q51: 747.45
A52: Dettes fournisseurs et comptes rattachés (p) | B52: 174170.26 | C52: 24555.29 | D52: 43796.16 | E52: 105818.81 | F52: 25380.82 | G52: 4132.81 | H52: 6267.97 | I52: 14980.04 | J52: 91722.3 | K52: 8918.43 | L52: 24907.43 | M52: 57896.45 | N52: 57067.13 | O52: 11504.05 | P52: 12620.77 | Q52: 32942.31
... A56: TOTAL PASSIF (I à V) | B56: 1032510.8 | C56: 142227.34 | D56: 215568.47 | E56: 674715.01 | F56: 100735.6 | G56: 19478.54 | H56: 21929.33 | I56: 59327.73 | J56: 474799.91 | K56: 45578.58 | L56: 112653.2 | M56: 316568.13 | N56: 456975.31 | O56: 77170.22 | P56: 80985.94 | Q56: 298819.15

Sheet SECTION_G_BILAN_2018
A1: Caractéristiques comptables, financières et d'emploi des unités légales - Bilan au niveau division selon la catégorie d'entreprise
A2: Note de lecture : N = Donnée non disponible, S = Donnée soumise au secret statistique
A3: Champ : France - Ensemble des entreprises marchandes y compris auto-entrepreneurs, hors agriculture et hors services financiers et d'assurance (mais y compris auxiliaires de services financiers et d'assurance, sociétés holdings)
A4: Source : Insee, Esane 2018
A5: en millions d'euros
A6: ACTIF
A7: secteur d'activité | B7: G | C7: G | D7: G | E7: G | F7: 45 | G7: 45 | H7: 45 | I7: 45 | J7: 46 | K7: 46 | L7: 46 | M7: 46 | N7: 47 | O7: 47 | P7: 47 | Q7: 47
A8: activité | B8: Commerce - réparation d'automobiles et de motocycles | C8: Commerce - réparation d'automobiles et de motocycles | D8: Commerce - réparation d'automobiles et de motocycles | E8: Commerce - réparation d'automobiles et de motocycles | F8: Commerce et réparation d'automobiles et de motocycles | G8: Commerce et réparation d'automobiles et de motocycles | H8: Commerce et réparation d'automobiles et de motocycles | I8: Commerce et réparation d'automobiles et de motocycles | J8: Commerce de gros, à l'exception des automobiles et des motocycles | K8: Commerce de gros, à l'exception des automobiles et des motocycles | L8: Commerce de gros, à l'exception des automobiles et des motocycles | M8: Commerce de gros, à l'exception des automobiles et des motocycles | N8: Commerce de détail, à l'exception des automobiles et des motocycles | O8: Commerce de détail, à l'exception des automobiles et des motocycles | P8: Commerce de détail, à l'exception des automobiles et des motocycles | Q8: Commerce de détail, à l'exception des automobiles et des motocycles
A9: Tranche d'effectif | B9: Ensemble des catégories d'entreprise | C9: Microentreprises (MICRO) | D9: Petites et moyennes entreprises (PME), hors Microentreprises | E9: Entreprises de taille intermédiaire (ETI) ou Grandes entreprises (GE) | F9: Ensemble des catégories d'entreprise | G9: Microentreprises (MICRO) | H9: Petites et moyennes entreprises (PME), hors Microentreprises | I9: Entreprises de taille intermédiaire (ETI) ou Grandes entreprises (GE) | J9: Ensemble des catégories d'entreprise | K9: Microentreprises (MICRO) | L9: Petites et moyennes entreprises (PME), hors Microentreprises | M9: Entreprises de taille intermédiaire (ETI) ou Grandes entreprises (GE) | N9: Ensemble des catégories d'entreprise | O9: Microentreprises (MICRO) | P9: Petites et moyennes entreprises (PME), hors Microentreprises | Q9: Entreprises de taille intermédiaire (ETI) ou Grandes entreprises (GE)
A10: Nombre d'entreprises | B10: 680929 | C10: 643897 | D10: 35445 | E10: 1587 | F10: 94790 | G10: 90224 | H10: 4312 | I10: 254 | J10: 145013 | K10: 129638 | L10: 14569 | M10: 806 | N10: 441126 | O10: 424035 | P10: 16564 | Q10: 527
A11: Capital souscrit non appelé (I) | B11: 50.43 | C11: 26.9 | D11: 15.36 | E11: 8.17 | F11: 2.52 | G11: 1.27 | H11: 0.86 | I11: 0.38 | J11: 18.69 | K11: 7.04 | L11: 5.58 | M11: 6.07 | N11: 29.22 | O11: 18.58 | P11: 8.92 | Q11: 1.72
A12: Immobilisations incorporelles brutes (a) | B12: 108442.83 | C12: 26647.73 | D12: 22254.46 | E12: 59540.63 | F12: 4873.85 | G12: 1627.92 | H12: 864.6 | I12: 2381.34 | J12: 37564.05 | K12: 2153.36 | L12: 6113.63 | M12: 29297.07 | N12: 66004.93 | O12: 22866.46 | P12: 15276.24 | Q12: 27862.23
A13: Dont Fonds commercial | B13: 81177.07 | C13: 24354.69 | D13: 18203.94 | E13: 38618.44 | F13: 3431.2 | G13: 1428.44 | H13: 630.52 | I13: 1372.24 | J13: 21733.37 | K13: 1252.33 | L13: 3366.94 | M13: 17114.11 | N13: 56012.5 | O13: 21673.92 | P13: 14206.48 | Q13: 20132.1
A14: Immobilisations corporelles brutes (b) | B14: 245523.17 | C14: 36347.22 | D14: 51721.52 | E14: 157454.43 | F14: 27028.38 | G14: 6445.35 | H14: 5196.2 | I14: 15386.84 | J14: 89376.59 | K14: 7126.51 | L14: 20543.76 | M14: 61706.32 | N14: 129118.2 | O14: 22775.36 | P14: 25981.56 | Q14: 80361.28
A15: Dont Terrains | B15: 14416.34 | C15: 392.46 | D15: 2165.47 | E15: 11858.41 | F15: 884.92 | G15: 94.98 | H15: 202.56 | I15: 587.37 | J15: 4916.88 | K15: 177.1 | L15: 849.58 | M15: 3890.2 | N15: 8614.54 | O15: 120.37 | P15: 1113.33 | Q15: 7380.84
A16: Constructions | B16: 83986.81 | C16: 3863.56 | D16: 17274.44 | E16: 62848.81 | F16: 6302.02 | G16: 744.95 | H16: 1450.82 | I16: 4106.26 | J16: 30448.15 | K16: 1210.2 | L16: 6523.6 | M16: 22714.35 | N16: 47236.65 | O16: 1908.42 | P16: 9300.02 | Q16: 36028.21
A17: Installations techniques, matériel et outillage industriels | B17: 59383.69 | C17: 11734.66 | D17: 11384.93 | E17: 36264.09 | F17: 6465.45 | G17: 2172.99 | H17: 933.78 | I17: 3358.68 | J17: 28691.46 | K17: 2115.96 | L17: 5545.83 | M17: 21029.67 | N17: 24226.78 | O17: 7445.7 | P17: 4905.33 | Q17: 11875.75
A18: Autres immobilisations corporelles | B18: 81868.37 | C18: 20160.08 | D18: 20048.6 | E18: 41659.69 | F18: 12969.27 | G18: 3403.59 | H18: 2546.16 | I18: 7019.51 | J18: 22433.89 | K18: 3527.56 | L18: 7163.32 | M18: 11743.01 | N18: 46465.22 | O18: 13228.93 | P18: 10339.13 | Q18: 22897.17
A19: dont matériel de transport: | B19: 14019.46 | C19: 4079.34 | D19: 3556.26 | E19: 6383.85 | F19: 6311.61 | G19: 1012.13 | H19: 949.6 | I19: 4349.88 | J19: 4887.38 | K19: 1261.05 | L19: 2028.67 | M19: 1597.67 | N19: 2820.46 | O19: 1806.16 | P19: 577.99 | Q19: 436.31
A20: Immobilisations en cours | B20: 5236.09 | C20: 175.24 | D20: 762.14 | E20: 4298.71 | F20: 352.16 | G20: 26.33 | H20: 54.73 | I20: 271.1 | J20: 2641 | K20: 88.07 | L20: 415.32 | M20: 2137.61 | N20: 2242.93 | O20: 60.83 | P20: 292.09 | Q20: 1890
A21: Avances et acomptes | B21: 631.87 | C21: 21.23 | D21: 85.93 | E21: 524.72 | F21: 54.56 | G21: 2.5 | H21: 8.14 | I21: 43.92 | J21: 245.22 | K21: 7.62 | L21: 46.13 | M21: 191.48 | N21: 332.09 | O21: 11.11 | P21: 31.66 | Q21: 289.32
... A31: Total actif circulant (III=d+e+f+g+h) | B31: 578939.02 | C31: 76990.62 | D31: 144733.63 | E31: 357214.77 | F31: 77114.75 | G31: 11811.87 | H31: 18048.41 | I31: 47254.47 | J31: 308756.27 | K31: 26278.35 | L31: 86290.79 | M31: 196187.13 | N31: 193068 | O31: 38900.4 | P31: 40394.43 | Q31: 113773.17
A32: Autres comptes de régularisation (IV) | B32: -N- | C32: -N- | D32: 1967.61 | E32: -N- | F32: -N- | G32: -N- | H32: 164.93 | I32: 12.63 | J32: 461.79 | K32: -N- | L32: 984.11 | M32: -N- | N32: -N- | O32: -N- | P32: 818.57 | Q32: -N-
A33: TOTAL ACTIF BRUT (I+II+III+IV) | B33: 1396962.8 | C33: 152348.82 | D33: 272699.55 | E33: 971914.46 | F33: 129026.45 | G33: 21225.28 | H33: 27195.4 | I33: 80605.77 | J33: 689895.21 | K33: 40403.14 | L33: 142282.4 | M33: 507209.67 | N33: 578041.17 | O33: 90720.4 | P33: 103221.75 | Q33: 384099.01
A34: TOTAL DE L'ACTIF NET DES AMORTISSEMENTS ET PROVISIONS INSCRITS A L'ACTIF | B34: 1107688.4 | C34: 128096.54 | D34: 228264.82 | E34: 751327.05 | F34: 108824.75 | G34: 16986.43 | H34: 23142.59 | I34: 68695.73 | J34: 536134.03 | K34: 34381.46 | L34: 121088.65 | M34: 380663.91 | N34: 462729.63 | O34: 76728.65 | P34: 84033.57 | Q34: 301967.4
A36: PASSIF
A37: en millions d'euros
A38: secteur d'activité | B38: G | C38: G | D38: G | E38: G | F38: 45 | G38: 45 | H38: 45 | I38: 45 | J38: 46 | K38: 46 | L38: 46 | M38: 46 | N38: 47 | O38: 47 | P38: 47 | Q38: 47
B39: Commerce - réparation d'automobiles et de motocycles | C39: Commerce - réparation d'automobiles et de motocycles | D39: Commerce - réparation d'automobiles et de motocycles | E39: Commerce - réparation d'automobiles et de motocycles | F39: Commerce et réparation d'automobiles et de motocycles | G39: Commerce et réparation d'automobiles et de motocycles | H39: Commerce et réparation d'automobiles et de motocycles | I39: Commerce et réparation d'automobiles et de motocycles | J39: Commerce de gros, à l'exception des automobiles et des motocycles | K39: Commerce de gros, à l'exception des automobiles et des motocycles | L39: Commerce de gros, à l'exception des automobiles et des motocycles | M39: Commerce de gros, à l'exception des automobiles et des motocycles | N39: Commerce de détail, à l'exception des automobiles et des motocycles | O39: Commerce de détail, à l'exception des automobiles et des motocycles | P39: Commerce de détail, à l'exception des automobiles et des motocycles | Q39: Commerce de détail, à l'exception des automobiles et des motocycles
A40: Tranche d'effectif | B40: Ensemble des catégories d'entreprise | C40: Microentreprises (MICRO) | D40: Petites et moyennes entreprises (PME), hors Microentreprises | E40: Entreprises de taille intermédiaire (ETI) ou Grandes entreprises (GE) | F40: Ensemble des catégories d'entreprise | G40: Microentreprises (MICRO) | H40: Petites et moyennes entreprises (PME), hors Microentreprises | I40: Entreprises de taille intermédiaire (ETI) ou Grandes entreprises (GE) | J40: Ensemble des catégories d'entreprise | K40: Microentreprises (MICRO) | L40: Petites et moyennes entreprises (PME), hors Microentreprises | M40: Entreprises de taille intermédiaire (ETI) ou Grandes entreprises (GE) | N40: Ensemble des catégories d'entreprise | O40: Microentreprises (MICRO) | P40: Petites et moyennes entreprises (PME), hors Microentreprises | Q40: Entreprises de taille intermédiaire (ETI) ou Grandes entreprises (GE)
A41: Nombre d'entreprises | B41: 680929 | C41: 643897 | D41: 35445 | E41: 1587 | F41: 94790 | G41: 90224 | H41: 4312 | I41: 254 | J41: 145013 | K41: 129638 | L41: 14569 | M41: 806 | N41: 441126 | O41: 424035 | P41: 16564 | Q41: 527
A42: Capital social (ou individuel) y compris primes (i) | B42: 220009.67 | C42: 24024.04 | D42: 37548.42 | E42: 158437.22 | F42: 12851.79 | G42: 2554.11 | H42: 2637.01 | I42: 7660.68 | J42: 111468.98 | K42: 6006.04 | L42: 22114.82 | M42: 83348.12 | N42: 95688.9 | O42: 15463.88 | P42: 12796.59 | Q42: 67428.43
A43: Report à nouveau (j) | B43: 22237.7 | C43: -N- | D43: 3575.1 | E43: 19515.82 | F43: 1754.2 | G43: 75.58 | H43: 300.28 | I43: 1378.33 | J43: 13115.73 | K43: -N- | L43: 2636.22 | M43: 11526.76 | N43: 7367.78 | O43: 118.44 | P43: 638.6 | Q43: 6610.73
A44: Résultat de l'exercice comptable (k) | B44: 26701.39 | C44: 4218.74 | D44: 8664.01 | E44: 13818.64 | F44: 2391.95 | G44: 783.98 | H44: 776.59 | I44: 831.38 | J44: 15041.48 | K44: 1355.79 | L44: 4463.8 | M44: 9221.89 | N44: 9267.96 | O44: 2078.98 | P44: 3423.62 | Q44: 3765.37
A45: Réserves (l) | B45: 163949.94 | C45: 22510.51 | D45: 48764.79 | E45: 92674.63 | F45: 16056.47 | G45: 3470.65 | H45: 5056.38 | I45: 7529.45 | J45: 79478.95 | K45: 7208.17 | L45: 24476.96 | M45: 47793.83 | N45: 68414.51 | O45: 11831.7 | P45: 19231.45 | Q45: 37351.36
A46: Autres capitaux propres (m) | B46: 7802.68 | C46: -N- | D46: 824.52 | E46: 6680.39 | F46: 873.49 | G46: 36.21 | H46: 68.18 | I46: 769.1 | J46: 4012.92 | K46: -N- | L46: 519.23 | M46: 3390.26 | N46: 2916.26 | O46: 158.14 | P46: 237.11 | Q46: 2521.01
A47: Total des capitaux propres (I=i+j+k+l+m) | B47: 440701.38 | C47: 50197.84 | D47: 99376.84 | E47: 291126.7 | F47: 33927.9 | G47: 6920.53 | H47: 8838.44 | I47: 18168.94 | J47: 223118.06 | K47: 13626.17 | L47: 54211.03 | M47: 155280.86 | N47: 183655.41 | O47: 29651.14 | P47: 36327.37 | Q47: 117676.9
A48: Total des autres fonds propres (II) | B48: 2432.68 | C48: 7.34 | D48: 199.11 | E48: 2226.23 | F48: 43.82 | G48: 3.38 | H48: 8.59 | I48: 31.84 | J48: 1027.59 | K48: 18.96 | L48: 188.59 | M48: 820.04 | N48: 1361.28 | O48: -N- | P48: 1.93 | Q48: 1374.35
A49: Total des provisions pour risques et charges (III) | B49: 24009 | C49: 415.08 | D49: 1918.68 | E49: 21675.24 | F49: 2657.77 | G49: 52.4 | H49: 123.65 | I49: 2481.71 | J49: 13580.35 | K49: 210.64 | L49: 1399.35 | M49: 11970.36 | N49: 7770.88 | O49: 152.04 | P49: 395.67 | Q49: 7223.17
A50: Emprunts, dettes assimilées (n) | B50: 296350.09 | C50: 32937 | D50: 56869.92 | E50: 206543.17 | F50: 28478.35 | G50: 3723.62 | H50: 5043.41 | I50: 19711.32 | J50: 122690.29 | K50: 6820.35 | L50: 24373.53 | M50: 91496.41 | N50: 145181.46 | O50: 22393.03 | P50: 27452.99 | Q50: 95335.45
A51: Avances et acomptes reçus sur commandes en cours (o) | B51: 10744.33 | C51: 894.96 | D51: 2138.66 | E51: 7710.71 | F51: 977.51 | G51: 136.33 | H51: 236.76 | I51: 604.42 | J51: 8138.4 | K51: 291.69 | L51: 1449.3 | M51: 6397.41 | N51: 1628.42 | O51: 466.94 | P51: 452.6 | Q51: 708.88
A52: Dettes fournisseurs et comptes rattachés (p) | B52: 181102.85 | C52: 21773.95 | D52: 43753.34 | E52: 115575.56 | F52: 27141.08 | G52: 2745.38 | H52: 6485.64 | I52: 17910.06 | J52: 96298.59 | K52: 7674.9 | L52: 25190.34 | M52: 63433.36 | N52: 57663.17 | O52: 11353.67 | P52: 12077.36 | Q52: 34232.14
A53: Autres dettes et produits constatés d'avance (q) | B53: 151870.05 | C53: 21851.53 | D53: 23914.01 | E53: 106104.5 | F53: 15591.19 | G53: 3404.37 | H53: 2402.11 | I53: 9784.73 | J53: 70929.86 | K53: 5723.27 | L53: 14192.62 | M53: 51013.96 | N53: 65348.98 | O53: 12723.89 | P53: 7319.28 | Q53: 45305.82
A54: Total des dettes (IV=n+o+p+q) | B54: 640067.32 | C54: 77457.44 | D54: 126675.94 | E54: 435933.94 | F54: 72188.14 | G54: 10009.7 | H54: 14167.91 | I54: 48010.52 | J54: 298057.14 | K54: 20510.21 | L54: 65205.8 | M54: 212341.14 | N54: 269822.04 | O54: 46937.53 | P54: 47302.23 | Q54: 175582.28
A55: Ecart de conversion passif (V) | B55: 478.03 | C55: 18.85 | D55: 94.25 | E55: 364.93 | F55: 7.12 | G55: 0.42 | H55: 3.99 | I55: 2.72 | J55: 350.89 | K55: 15.49 | L55: 83.89 | M55: 251.51 | N55: 120.02 | O55: 2.94 | P55: 6.37 | Q55: 110.71
A56: TOTAL PASSIF (I à V) | B56: 1107688.4 | C56: 128096.54 | D56: 228264.82 | E56: 751327.05 | F56: 108824.75 | G56: 16986.43 | H56: 23142.59 | I56: 68695.73 | J56: 536134.03 | K56: 34381.46 | L56: 121088.65 | M56: 380663.91 | N56: 462729.63 | O56: 76728.65 | P56: 84033.57 | Q56: 301967.4

Sheet SECTION_F_CR_2017
A1: Caractéristiques comptables, financières et d'emploi des entreprises - Compte de résultat au niveau division selon la catégorie d'entreprise
A2: Note de lecture : N = Donnée non disponible, S = Donnée soumise au secret statistique
A3: Champ : France - Ensemble des entreprises marchandes y compris auto-entrepreneurs, hors agriculture et hors services financiers et d'assurance (mais y compris auxiliaires de services financiers et d'assurance, sociétés holdings)
A4: Source : Insee, Esane 2017
N5: Plomberie, Electricité sont dans la rubrique 43
A6: en millions d'euros
A7: secteur d'activité | B7: F | C7: F | D7: F | E7: F | F7: 41 | G7: 41 | H7: 41 | I7: 41 | J7: 42 | K7: 42 | L7: 42 | M7: 42 | N7: 43 | O7: 43 | P7: 43 | Q7: 43
A8: activité | B8: Construction | C8: Construction | D8: Construction | E8: Construction | F8: Construction de bâtiments | G8: Construction de bâtiments | H8: Construction de bâtiments | I8: Construction de bâtiments | J8: Génie civil | K8: Génie civil | L8: Génie civil | M8: Génie civil | N8: Travaux de construction spécialisés | O8: Travaux de construction spécialisés | P8: Travaux de construction spécialisés | Q8: Travaux de construction spécialisés
A9: Catégorie d'entreprise | B9: Ensemble des catégories d'entreprise | C9: Microentreprises (MICRO) | D9: Petites et moyennes entreprises (PME), hors Microentreprises | E9: Entreprises de taille intermédiaire (ETI) ou Grandes entreprises (GE) | F9: Ensemble des catégories d'entreprise | G9: Microentreprises (MICRO) | H9: Petites et moyennes entreprises (PME), hors Microentreprises | I9: Entreprises de taille intermédiaire (ETI) ou Grandes entreprises (GE) | J9: Ensemble des catégories d'entreprise | K9: Microentreprises (MICRO) | L9: Petites et moyennes entreprises (PME), hors Microentreprises | M9: Entreprises de taille intermédiaire (ETI) ou Grandes entreprises (GE) | N9: Ensemble des catégories d'entreprise | O9: Microentreprises (MICRO) | P9: Petites et moyennes entreprises (PME), hors Microentreprises | Q9: Entreprises de taille intermédiaire (ETI) ou Grandes entreprises (GE)
A10: Nombre d'entreprises | B10: 471300 | C10: 448183 | D10: 22809 | E10: 308 | F10: 49123 | G10: 46075 | H10: 2929 | I10: 119 | J10: 4061 | K10: 2986 | L10: 1008 | M10: 67 | N10: 418116 | O10: 399122 | P10: 18872 | Q10: 122
A11: Chiffre d'affaires Hors Taxes (a+d1+d2) | B11: 295139.22 | C11: 84421.79 | D11: 98015.27 | E11: 112702.16 | F11: 75759.47 | G11: 10358.92 | H11: 20642.18 | I11: 44758.37 | J11: 43440.97 | K11: 803.79 | L11: 7641.46 | M11: 34995.71 | N11: 175938.79 | O11: 73259.08 | P11: 69731.62 | Q11: 32948.08
A12: dont exportations | B12: 11421.15 | C12: 1130.83 | D12: 1350.95 | E12: 8939.36 | F12: 1908.53 | G12: 126.41 | H12: 246.78 | I12: 1535.34 | J12: 2188.07 | K12: 13.57 | L12: 97.44 | M12: 2077.06 | N12: 7324.56 | O12: 990.86 | P12: 1006.74 | Q12: 5326.96
A13: Ventes de marchandises (a) | B13: 7175.33 | C13: 180.75 | D13: 1662.74 | E13: 5331.84 | F13: 370.07 | G13: 11.17 | H13: 92.8 | I13: 266.1 | J13: 278.69 | K13: 1.32 | L13: 52.49 | M13: 224.89 | N13: 6526.57 | O13: 168.27 | P13: 1517.45 | Q13: 4840.86
A14: - Achats de marchandises (y compris droits de douanes) (b) | B14: 5505.07 | C14: 165.19 | D14: 1142.49 | E14: 4197.39 | F14: 707.9 | G14: 78.48 | H14: 183.74 | I14: 445.68 | J14: 213.54 | K14: 0.92 | L14: 38.06 | M14: 174.56 | N14: 4583.62 | O14: 85.78 | P14: 920.69 | Q14: 3577.15
A15: - Variation de stock de marchandises (c) | B15: -587.17 | C15: -37.12 | D15: -11.16 | E15: -538.9 | F15: -41.51 | G15: -32.54 | H15: -6.24 | I15: -2.73 | J15: 1.78 | K15: 0 | L15: 0.65 | M15: 1.13 | N15: -547.44 | O15: -4.58 | P15: -5.56 | Q15: -537.3
A16: = Marge commerciale I=a-b-c | B16: 2257.43 | C16: 52.69 | D16: 531.4 | E16: 1673.35 | F16: -296.32 | G16: -34.77 | H16: -84.7 | I16: -176.85 | J16: 63.37 | K16: 0.39 | L16: 13.78 | M16: 49.19 | N16: 2490.39 | O16: 87.06 | P16: 602.31 | Q16: 1801.01
A17: Production vendue de biens (d1) | B17: 274327.82 | C17: 83976.94 | D17: 93599.64 | E17: 96751.23 | F17: 69293.38 | G17: 10212.72 | H17: 19146.85 | I17: 39933.8 | J17: 38641.48 | K17: 722.2 | L17: 7115.36 | M17: 30803.92 | N17: 166392.96 | O17: 73042.01 | P17: 67337.44 | Q17: 26013.5
A18: Production vendue de services (d2) | B18: 13636.07 | C18: 264.1 | D18: 2752.89 | E18: 10619.09 | F18: 6096.01 | G18: 135.02 | H18: 1402.53 | I18: 4558.46 | J18: 4520.8 | K18: 80.27 | L18: 473.62 | M18: 3966.9 | N18: 3019.26 | O18: 48.8 | P18: 876.74 | Q18: 2093.72
A19: + Production stockée | B19: 5281.39 | C19: 3544.13 | D19: -388.79 | E19: 2126.05 | F19: 5657.53 | G19: 3419.21 | H19: -562.39 | I19: 2800.72 | J19: 78.1 | K19: -9.12 | L19: 32.61 | M19: 54.61 | N19: -454.25 | O19: 134.04 | P19: 140.99 | Q19: -729.28
A20: + Production immobilisée | B20: 1056.63 | C20: 145.66 | D20: 308.35 | E20: 602.62 | F20: 595.75 | G20: 91.94 | H20: 205.29 | I20: 298.51 | J20: 313.93 | K20: 3.88 | L20: 41.95 | M20: 268.09 | N20: 146.96 | O20: 49.84 | P20: 61.1 | Q20: 36.02
A21: = Production totale de biens et services (hors marge commerciale) (d') | B21: 294301.91 | C21: 87930.83 | D21: 96272.09 | E21: 110098.99 | F21: 81642.67 | G21: 13858.9 | H21: 20192.28 | I21: 47591.5 | J21: 43554.31 | K21: 797.24 | L21: 7663.54 | M21: 35093.53 | N21: 169104.93 | O21: 73274.69 | P21: 68416.27 | Q21: 27413.97
... A54: Capacité d'autofinancement | B54: 17077.4 | C54: 6629.79 | D54: 4006.57 | E54: 6441.04 | F54: 4822.28 | G54: 809.53 | H54: 1591.91 | I54: 2420.84 | J54: 2650.72 | K54: -76.54 | L54: -125.18 | M54: 2852.45 | N54: 9604.39 | O54: 5896.79 | P54: 2539.84 | Q54: 1167.76

Sheet SECTION_F_CR_2018
A1: Caractéristiques comptables, financières et d'emploi des entreprises - Compte de résultat au niveau division selon la catégorie d'entreprise
A2: Note de lecture : N = Donnée non disponible, S = Donnée soumise au secret statistique
A3: Champ : France - Ensemble des entreprises marchandes y compris auto-entrepreneurs, hors agriculture et hors services financiers et d'assurance (mais y compris auxiliaires de services financiers et d'assurance, sociétés holdings)
A4: Source : Insee, Esane 2018
A6: en millions d'euros
A7: secteur d'activité | B7: F | C7: F | D7: F | E7: F | F7: 41 | G7: 41 | H7: 41 | I7: 41 | J7: 42 | K7: 42 | L7: 42 | M7: 42 | N7: 43 | O7: 43 | P7: 43 | Q7: 43
A8: activité | B8: Construction | C8: Construction | D8: Construction | E8: Construction | F8: Construction de bâtiments | G8: Construction de bâtiments | H8: Construction de bâtiments | I8: Construction de bâtiments | J8: Génie civil | K8: Génie civil | L8: Génie civil | M8: Génie civil | N8: Travaux de construction spécialisés | O8: Travaux de construction spécialisés | P8: Travaux de construction spécialisés | Q8: Travaux de construction spécialisés
A9: Catégorie d'entreprise | B9: Ensemble des catégories d'entreprise | C9: Microentreprises (MICRO) | D9: Petites et moyennes entreprises (PME), hors Microentreprises | E9: Entreprises de taille intermédiaire (ETI) ou Grandes entreprises (GE) | F9: Ensemble des catégories d'entreprise | G9: Microentreprises (MICRO) | H9: Petites et moyennes entreprises (PME), hors Microentreprises | I9: Entreprises de taille intermédiaire (ETI) ou Grandes entreprises (GE) | J9: Ensemble des catégories d'entreprise | K9: Microentreprises (MICRO) | L9: Petites et moyennes entreprises (PME), hors Microentreprises | M9: Entreprises de taille intermédiaire (ETI) ou Grandes entreprises (GE) | N9: Ensemble des catégories d'entreprise | O9: Microentreprises (MICRO) | P9: Petites et moyennes entreprises (PME), hors Microentreprises | Q9: Entreprises de taille intermédiaire (ETI) ou Grandes entreprises (GE)
A10: Nombre d'entreprises | B10: 472390 | C10: 448838 | D10: 23236 | E10: 316 | F10: 45975 | G10: 42865 | H10: 2995 | I10: 115 | J10: 4011 | K10: 2972 | L10: 972 | M10: 67 | N10: 422404 | O10: 403001 | P10: 19269 | Q10: 134
A11: Chiffre d'affaires Hors Taxes (a+d1+d2) | B11: 305431.64 | C11: 86691.91 | D11: 103729.29 | E11: 115010.44 | F11: 78543.9 | G11: 10402.19 | H11: 22135.07 | I11: 46006.64 | J11: 43470.27 | K11: 809.52 | L11: 7559.29 | M11: 35101.46 | N11: 183417.46 | O11: 75480.2 | P11: 74034.93 | Q11: 33902.34
A12: dont exportations | B12: 7307.5 | C12: 1456.39 | D12: 1727.98 | E12: 4123.13 | F12: 1656.83 | G12: 118.45 | H12: 196.04 | I12: 1342.34 | J12: 2124.49 | K12: 12.7 | L12: 156.64 | M12: 1955.15 | N12: 3526.18 | O12: 1325.25 | P12: 1375.3 | Q12: 825.64
A13: Ventes de marchandises (a) | B13: 4141.92 | C13: 203.97 | D13: 2033.54 | E13: 1904.4 | F13: 454.57 | G13: 15.56 | H13: 200.21 | I13: 238.81 | J13: 324.57 | K13: 0.94 | L13: 98.22 | M13: 225.41 | N13: 3362.77 | O13: 187.48 | P13: 1735.11 | Q13: 1440.18
A14: - Achats de marchandises (y compris droits de douanes) (b) | B14: 3286.51 | C14: 275.15 | D14: 1486.93 | E14: 1524.42 | F14: 646.44 | G14: 167.42 | H14: 196.06 | I14: 282.96 | J14: 327.15 | K14: 5.67 | L14: 117.29 | M14: 204.19 | N14: 2312.92 | O14: 102.06 | P14: 1173.58 | Q14: 1037.27
A15: - Variation de stock de marchandises (c) | B15: -226.35 | C15: -181.97 | D15: -38.68 | E15: -5.69 | F15: -171.84 | G15: -106.65 | H15: -33.44 | I15: -31.75 | J15: -95.9 | K15: -81.22 | L15: -13.87 | M15: -0.81 | N15: 41.39 | O15: 5.89 | P15: 8.63 | Q15: 26.87
A16: = Marge commerciale I=a-b-c | B16: 1081.76 | C16: 110.79 | D16: 585.29 | E16: 385.68 | F16: -20.03 | G16: -45.22 | H16: 37.58 | I16: -12.39 | J16: 93.32 | K16: 76.49 | L16: -5.19 | M16: 22.02 | N16: 1008.47 | O16: 79.52 | P16: 552.91 | Q16: 376.05
A17: Production vendue de biens (d1) | B17: 287581.81 | C17: 86171.05 | D17: 98631.62 | E17: 102779.13 | F17: 72865.88 | G17: 10269.03 | H17: 20643.95 | I17: 41952.9 | J17: 37902.57 | K17: 725.87 | L17: 6798.84 | M17: 30377.86 | N17: 176813.35 | O17: 75176.15 | P17: 71188.83 | Q17: 30448.38
A18: Production vendue de services (d2) | B18: 13707.91 | C18: 316.89 | D18: 3064.13 | E18: 10326.9 | F18: 5223.45 | G18: 117.6 | H18: 1290.91 | I18: 3814.94 | J18: 5243.13 | K18: 82.71 | L18: 662.23 | M18: 4498.19 | N18: 3241.33 | O18: 116.57 | P18: 1110.99 | Q18: 2013.78
A19: + Production stockée | B19: 4372.88 | C19: 3387.14 | D19: -596.18 | E19: 1581.92 | F19: 3780.78 | G19: 3204.22 | H19: -787.56 | I19: 1364.12 | J19: 47.35 | K19: 25.39 | L19: 58.29 | M19: -36.33 | N19: 544.75 | O19: 157.52 | P19: 133.09 | Q19: 254.14
A20: + Production immobilisée | B20: 667.57 | C20: 139.53 | D20: 116.29 | E20: 411.75 | F20: 341.35 | G20: 86.99 | H20: 32.04 | I20: 222.32 | J20: 116.25 | K20: 1.33 | L20: 14.26 | M20: 100.66 | N20: 209.97 | O20: 51.21 | P20: 69.99 | Q20: 88.77
A21: = Production totale de biens et services (hors marge commerciale) (d') | B21: 306330.17 | C21: 90014.6 | D21: 101215.86 | E21: 115099.71 | F21: 82211.46 | G21: 13677.85 | H21: 21179.33 | I21: 47354.27 | J21: 43309.3 | K21: 835.3 | L21: 7533.63 | M21: 34940.37 | N21: 180809.41 | O21: 75501.45 | P21: 72502.9 | Q21: 32805.06
... A44: + Bénéfice attribué ou perte transférée (r) | B44: 1357.87 | C44: 63.88 | D44: 240.93 | E44: 1053.06 | F44: 1038.72 | G44: 60.44 | H44: 208.07 | I44: 770.21 | J44: 219.71 | K44: 0.86 | L44: 10.37 | M44: 208.48 | N44: 99.44 | O44: 2.58 | P44: 22.49 | Q44: 74.37
A45: - Perte supportée ou bénéfice transféré (s) | B45: 634.83 | C45: 41.95 | D45: 59.58 | E45: 533.3 | F45: 477.86 | G45: 42.19 | H45: 50.74 | I45: 384.93 | J45: 51.34 | K45: -N- | L45: -N- | M45: 55.48 | N45: 105.64 | O45: 1.9 | P45: 10.85 | Q45: 92.89
A46: + Produits financiers (t) | B46: 5731.59 | C46: 484.11 | D46: 1356.8 | E46: 3890.68 | F46: 3576.91 | G46: 346.45 | H46: 862.16 | I46: 2368.3 | J46: 985.6 | K46: 19.89 | L46: 74.78 | M46: 890.93 | N46: 1169.08 | O46: 117.77 | P46: 419.86 | Q46: 631.45
A47: - Charges financières (u) | B47: 4621.05 | C47: 511.84 | D47: 1044.12 | E47: 3065.1 | F47: 2463.36 | G47: 262.25 | H47: 472.8 | I47: 1728.31 | J47: 905.47 | K47: 23.54 | L47: 108.04 | M47: 773.89 | N47: 1252.22 | O47: 226.04 | P47: 463.28 | Q47: 562.89
A48: = Résultat courant avant impôts VI=V+r-s+t-u | B48: 16451.73 | C48: 4939.06 | D48: 4368.4 | E48: 7144.27 | F48: 4883.21 | G48: 311.36 | H48: 1768.47 | I48: 2803.38 | J48: 2955.51 | K48: -51.25 | L48: -217.36 | M48: 3224.12 | N48: 8613.01 | O48: 4678.95 | P48: 2817.3 | Q48: 1116.77
A49: + produits exceptionnels (v) | B49: 6158.86 | C49: 1579.56 | D49: 1694.63 | E49: 2884.68 | F49: 1934.19 | G49: 555.21 | H49: 461.86 | I49: 917.12 | J49: 1147.51 | K49: 28.89 | L49: 219.52 | M49: 899.1 | N49: 3077.16 | O49: 995.45 | P49: 1013.25 | Q49: 1068.46
A50: - Charges exceptionnelles (w) | B50: 5251.6 | C50: 1187.03 | D50: 1444.75 | E50: 2619.82 | F50: 1584.85 | G50: 368.47 | H50: 419.86 | I50: 796.52 | J50: 1021.61 | K50: 23.1 | L50: 169.78 | M50: 828.73 | N50: 2645.14 | O50: 795.45 | P50: 855.11 | Q50: 994.58
A51: - Participation des salariés (x) | B51: 306.61 | C51: 3.09 | D51: 61.7 | E51: 241.82 | F51: 68.24 | G51: 0.4 | H51: 7.66 | I51: 60.17 | J51: 89.23 | K51: 0.1 | L51: 8.93 | M51: 80.2 | N51: 149.14 | O51: 2.59 | P51: 45.11 | Q51: 101.44
A52: - Impôts sur les bénéfices (y) | B52: 3206.52 | C52: 723.38 | D52: 1173.93 | E52: 1309.21 | F52: 1091.09 | G52: 167.37 | H52: 395.35 | I52: 528.38 | J52: 752.42 | K52: 22.46 | L52: 109.08 | M52: 620.88 | N52: 1363 | O52: 533.55 | P52: 669.49 | Q52: 159.96
A53: = Résultat net comptable VII=VI+v-w-x-y | B53: 13845.86 | C53: 4605.12 | D53: 3382.65 | E53: 5858.1 | F53: 4073.21 | G53: 330.33 | H53: 1407.46 | I53: 2335.43 | J53: 2239.76 | K53: -68.01 | L53: -285.64 | M53: 2593.41 | N53: 7532.89 | O53: 4342.81 | P53: 2260.83 | Q53: 929.26
A54: Capacité d'autofinancement | B54: 18204.49 | C54: 6552.29 | D54: 4557.04 | E54: 7095.16 | F54: 4556.35 | G54: 449.43 | H54: 1693.51 | I54: 2413.41 | J54: 3069.65 | K54: -40.22 | L54: -353.27 | M54: 3463.14 | N54: 10578.5 | O54: 6143.07 | P54: 3216.8 | Q54: 1218.62

Sheet SECTION_F_BILAN_2017
A1: Caractéristiques comptables, financières et d'emploi des unités légales - Bilan au niveau division selon la catégorie d'entreprise
A2: Note de lecture : N = Donnée non disponible, S = Donnée soumise au secret statistique
A3: Champ : France - Ensemble des entreprises marchandes y compris auto-entrepreneurs, hors agriculture et hors services financiers et d'assurance (mais y compris auxiliaires de services financiers et d'assurance, sociétés holdings)
A4: Source : Insee, Esane 2017
A5: en millions d'euros | N5: Plomberie, Electricité sont dans la rubrique 43
A6: ACTIF
A7: secteur d'activité | B7: F | C7: F | D7: F | E7: F | F7: 41 | G7: 41 | H7: 41 | I7: 41 | J7: 42 | K7: 42 | L7: 42 | M7: 42 | N7: 43 | O7: 43 | P7: 43 | Q7: 43
A8: activité | B8: Construction | C8: Construction | D8: Construction | E8: Construction | F8: Construction de bâtiments | G8: Construction de bâtiments | H8: Construction de bâtiments | I8: Construction de bâtiments | J8: Génie civil | K8: Génie civil | L8: Génie civil | M8: Génie civil | N8: Travaux de construction spécialisés | O8: Travaux de construction spécialisés | P8: Travaux de construction spécialisés | Q8: Travaux de construction spécialisés
A9: Tranche d'effectif | B9: Ensemble des catégories d'entreprise | C9: Microentreprises (MICRO) | D9: Petites et moyennes entreprises (PME), hors Microentreprises | E9: Entreprises de taille intermédiaire (ETI) ou Grandes entreprises (GE) | F9: Ensemble des catégories d'entreprise | G9: Microentreprises (MICRO) | H9: Petites et moyennes entreprises (PME), hors Microentreprises | I9: Entreprises de taille intermédiaire (ETI) ou Grandes entreprises (GE) | J9: Ensemble des catégories d'entreprise | K9: Microentreprises (MICRO) | L9: Petites et moyennes entreprises (PME), hors Microentreprises | M9: Entreprises de taille intermédiaire (ETI) ou Grandes entreprises (GE) | N9: Ensemble des catégories d'entreprise | O9: Microentreprises (MICRO) | P9: Petites et moyennes entreprises (PME), hors Microentreprises | Q9: Entreprises de taille intermédiaire (ETI) ou Grandes entreprises (GE)
A10: Nombre d'entreprises | B10: 471300 | C10: 448183 | D10: 22809 | E10: 308 | F10: 49123 | G10: 46075 | H10: 2929 | I10: 119 | J10: 4061 | K10: 2986 | L10: 1008 | M10: 67 | N10: 418116 | O10: 399122 | P10: 18872 | Q10: 122
A11: Capital souscrit non appelé (I) | B11: 663.62 | C11: 26.63 | D11: 8.65 | E11: 628.33 | F11: 31.57 | G11: 17.93 | H11: 4.41 | I11: 9.23 | J11: 570.95 | K11: 5.1 | L11: 2.35 | M11: 563.5 | N11: 61.09 | O11: 3.6 | P11: 1.89 | Q11: 55.61
A12: Immobilisations incorporelles brutes (a) | B12: 12426.42 | C12: 2298.04 | D12: 2384.43 | E12: 7743.96 | F12: 3077.41 | G12: 183.27 | H12: 542.4 | I12: 2351.74 | J12: 1449.5 | K12: 24.18 | L12: 184.41 | M12: 1240.9 | N12: 7899.51 | O12: 2090.58 | P12: 1657.62 | Q12: 4151.32
A13: Dont Fonds commercial | B13: 8430.61 | C13: 1775.86 | D13: 1608.67 | E13: 5046.08 | F13: 1523.95 | G13: 71.33 | H13: 343.08 | I13: 1109.55 | J13: 525.56 | K13: 13.43 | L13: 97 | M13: 415.13 | N13: 6381.1 | O13: 1691.11 | P13: 1168.6 | Q13: 3521.4
A14: Immobilisations corporelles brutes (b) | B14: 99687.14 | C14: 24203.94 | D14: 24842.66 | E14: 50640.54 | F14: 23348.5 | G14: 4557.2 | H14: 8187.06 | I14: 10604.24 | J14: 38148.08 | K14: 751.85 | L14: 3408.73 | M14: 33987.49 | N14: 38190.56 | O14: 18894.89 | P14: 13246.87 | Q14: 6048.81
A15: Dont Terrains | B15: 4136.47 | C15: 624.55 | D15: 1203.6 | E15: 2308.31 | F15: 2314.94 | G15: 483.47 | H15: 756.05 | I15: 1075.42 | J15: 1280.65 | K15: 41.24 | L15: 158.7 | M15: 1080.71 | N15: 540.89 | O15: 99.84 | P15: 288.86 | Q15: 152.19
A16: Constructions | B16: 37740.36 | C16: 2961.98 | D16: 8670.4 | E16: 26107.98 | F16: 12704.59 | G16: 1990.56 | H16: 5601.79 | I16: 5112.24 | J16: 20593.07 | K16: 262.25 | L16: 1119.56 | M16: 19211.26 | N16: 4442.7 | O16: 709.17 | P16: 1949.05 | Q16: 1784.48
A17: Installations techniques, matériel et outillage industriels | B17: 36829.33 | C17: 15889.17 | D17: 7597.03 | E17: 13343.13 | F17: 4200.81 | G17: 1284.82 | H17: 681.97 | I17: 2234.02 | J17: 10243.88 | K17: 297.08 | L17: 1275.43 | M17: 8671.37 | N17: 22384.65 | O17: 14307.28 | P17: 5639.63 | Q17: 2437.74
A18: Autres immobilisations corporelles | B18: 18453.38 | C18: 4331.77 | D18: 6974.5 | E18: 7147.11 | F18: 2871.95 | G18: 479.6 | H18: 918.99 | I18: 1473.36 | J18: 5092.54 | K18: 128.84 | L18: 794.79 | M18: 4168.9 | N18: 10488.89 | O18: 3723.33 | P18: 5260.71 | Q18: 1504.85
A19: dont matériel de transport: | B19: 13457.05 | C19: 6692.14 | D19: 4245.76 | E19: 2519.15 | F19: 959.91 | G19: 339.58 | H19: 325.15 | I19: 295.18 | J19: 2397.52 | K19: 83.1 | L19: 563.48 | M19: 1750.94 | N19: 10099.62 | O19: 6269.46 | P19: 3357.13 | Q19: 473.03
A20: Immobilisations en cours | B20: 2215.95 | C20: 358.36 | D20: 353.72 | E20: 1503.86 | F20: 1039.06 | G20: 284.32 | H20: 197.22 | I20: 557.52 | J20: 861.29 | K20: 22.39 | L20: 58.96 | M20: 779.94 | N20: 315.61 | O20: 51.66 | P20: 97.55 | Q20: 166.4
A21: Avances et acomptes | B21: 311.65 | C21: 38.1 | D21: 43.41 | E21: 230.14 | F21: 217.16 | G21: 34.44 | H21: 31.04 | I21: 151.68 | J21: 76.66 | K21: 0.05 | L21: 1.31 | M21: 75.31 | N21: 17.83 | O21: 3.61 | P21: 11.07 | Q21: 3.15
... A28: Créances clients et comptes rattachés (f) | B28: 89444.35 | C28: 18596.02 | D28: 27067.98 | E28: 43780.35 | F28: 35649.49 | G28: 5804.98 | H28: 6552.29 | I28: 23292.22 | J28: 11932.45 | K28: 262.31 | L28: 2444.06 | M28: 9226.08 | N28: 41862.42 | O28: 12528.74 | P28: 18071.63 | Q28: 11262.05
A29: Autres créances et charges constatées d'avance (g) | B29: 64012.9 | C29: 9219.64 | D29: 14722.19 | E29: 40071.08 | F29: 31785.07 | G29: 4067.07 | H29: 6527.79 | I29: 21190.22 | J29: 11298.61 | K29: 411.32 | L29: 1759.91 | M29: -N- | N29: 20929.22 | O29: 4741.26 | P29: 6434.49 | Q29: 9753.47
A30: Valeurs mobilières de placement et disponibilités (h) | B30: 60489.2 | C30: 16819.5 | D30: 18044.82 | E30: 25624.89 | F30: 24121.32 | G30: 3952.34 | H30: 6074.11 | I30: 14094.87 | J30: 10077.4 | K30: 386.78 | L30: 2106.04 | M30: 7584.58 | N30: 26290.48 | O30: 12480.38 | P30: 9864.67 | Q30: 3945.43
A31: Total actif circulant (III=d+e+f+g+h) | B31: 275358.4 | C31: 60749.45 | D31: 77743.52 | E31: 136865.43 | F31: 134483.72 | G31: 25943.54 | H31: 29667.06 | I31: 78873.12 | J31: 40098.66 | K31: 1491.24 | L31: 9170.32 | M31: 29437.09 | N31: 100776.02 | O31: 33314.67 | P31: 38906.13 | Q31: 28555.22
A32: Autres comptes de régularisation (IV) | B32: 155.94 | C32: 2509.59 | D32: 2506.98 | E32: -N- | F32: 195.14 | G32: 3064.5 | H32: 2532.78 | I32: -N- | J32: 88.25 | K32: -N- | L32: -N- | M32: 364.99 | N32: -N- | O32: -N- | P32: 125.08 | Q32: 176.52
A33: TOTAL ACTIF BRUT (I+II+III+IV) | B33: 526450.81 | C33: 100777.12 | D33: 127432.52 | E33: 298241.16 | F33: 214754.54 | G33: 40630.33 | H33: 52090.53 | I33: 122033.68 | J33: 93420.2 | K33: 2403.99 | L33: 13916.92 | M33: 77099.3 | N33: 218276.07 | O33: 57742.81 | P33: 61425.08 | Q33: 99108.18
A34: TOTAL DE L'ACTIF NET DES AMORTISSEMENTS ET PROVISIONS INSCRITS A L'ACTIF | B34: 422287.65 | C34: 86265.58 | D34: 110516.72 | E34: 225505.35 | F34: 198549.13 | G34: 37972.25 | H34: 48284.97 | I34: 112291.91 | J34: 71589.12 | K34: 1981.44 | L34: 11736.58 | M34: 57871.1 | N34: 152149.39 | O34: 46311.89 | P34: 50495.16 | Q34: 55342.34
A36: PASSIF
A37: en millions d'euros
A38: secteur d'activité | B38: F | C38: F | D38: F | E38: F | F38: 41 | G38: 41 | H38: 41 | I38: 41 | J38: 42 | K38: 42 | L38: 42 | M38: 42 | N38: 43 | O38: 43 | P38: 43 | Q38: 43
B39: Construction | C39: Construction | D39: Construction | E39: Construction | F39: Construction de bâtiments | G39: Construction de bâtiments | H39: Construction de bâtiments | I39: Construction de bâtiments | J39: Génie civil | K39: Génie civil | L39: Génie civil | M39: Génie civil | N39: Travaux de construction spécialisés | O39: Travaux de construction spécialisés | P39: Travaux de construction spécialisés | Q39: Travaux de construction spécialisés
A40: Tranche d'effectif | B40: Ensemble des catégories d'entreprise | C40: Microentreprises (MICRO) | D40: Petites et moyennes entreprises (PME), hors Microentreprises | E40: Entreprises de taille intermédiaire (ETI) ou Grandes entreprises (GE) | F40: Ensemble des catégories d'entreprise | G40: Microentreprises (MICRO) | H40: Petites et moyennes entreprises (PME), hors Microentreprises | I40: Entreprises de taille intermédiaire (ETI) ou Grandes entreprises (GE) | J40: Ensemble des catégories d'entreprise | K40: Microentreprises (MICRO) | L40: Petites et moyennes entreprises (PME), hors Microentreprises | M40: Entreprises de taille intermédiaire (ETI) ou Grandes entreprises (GE) | N40: Ensemble des catégories d'entreprise | O40: Microentreprises (MICRO) | P40: Petites et moyennes entreprises (PME), hors Microentreprises | Q40: Entreprises de taille intermédiaire (ETI) ou Grandes entreprises (GE)
A41: Nombre d'entreprises | B41: 471300 | C41: 448183 | D41: 22809 | E41: 308 | F41: 49123 | G41: 46075 | H41: 2929 | I41: 119 | J41: 4061 | K41: 2986 | L41: 1008 | M41: 67 | N41: 418116 | O41: 399122 | P41: 18872 | Q41: 122
A42: Capital social (ou individuel) y compris primes (i) | B42: 78397.49 | C42: 13279.06 | D42: 17691.21 | E42: 47427.23 | F42: 38803.65 | G42: 8229.63 | H42: 11012.29 | I42: 19561.73 | J42: 6277.71 | K42: 307.62 | L42: 1107.11 | M42: 4862.97 | N42: 33316.13 | O42: 4741.81 | P42: 5571.81 | Q42: 23002.51
A43: Report à nouveau (j) | B43: -3792.04 | C43: 29.71 | D43: 1657.45 | E43: -5479.2 | F43: 3505.8 | G43: -234.86 | H43: 544.73 | I43: 3195.94 | J43: 4037.49 | K43: -99.71 | L43: 227.38 | M43: 3909.82 | N43: -11335.33 | O43: 364.28 | P43: 885.35 | Q43: -12584.96
A44: Résultat de l'exercice comptable (k) | B44: 13779.33 | C44: 4668.96 | D44: 3227.16 | E44: 5883.2 | F44: 3835.93 | G44: 571 | H44: 1353.21 | I44: 1911.72 | J44: 2142.56 | K44: -89.83 | L44: -19.12 | M44: 2251.52 | N44: 7800.83 | O44: 4187.8 | P44: 1893.07 | Q44: 1719.96
A45: Réserves (l) | B45: 46719.03 | C45: 11156.62 | D45: 19083.92 | E45: 16478.49 | F45: 14429.8 | G45: 2663.43 | H45: 5339.27 | I45: 6427.1 | J45: 6361.21 | K45: 371.17 | L45: 1893.45 | M45: 4096.58 | N45: 25928.02 | O45: 8122.01 | P45: 11851.2 | Q45: 5954.81
A46: Autres capitaux propres (m) | B46: 2039.5 | C46: 334.76 | D46: 614.95 | E46: 1089.79 | F46: 877.05 | G46: 144.94 | H46: 298.2 | I46: 433.9 | J46: 548.94 | K46: 92.88 | L46: 189.07 | M46: 267 | N46: 613.52 | O46: 96.94 | P46: 127.67 | Q46: 388.91
A47: Total des capitaux propres (I=i+j+k+l+m) | B47: 137143.31 | C47: 29469.11 | D47: 42274.69 | E47: 65399.51 | F47: 61452.23 | G47: 11374.14 | H47: 18547.7 | I47: 31530.39 | J47: 19367.91 | K47: 582.13 | L47: 3397.89 | M47: 15387.89 | N47: 56323.17 | O47: 17512.84 | P47: 20329.1 | Q47: 18481.23
A48: Total des autres fonds propres (II) | B48: 742.27 | C48: 12.08 | D48: 35.26 | E48: 694.93 | F48: 406.68 | G48: 5.8 | H48: 12.54 | I48: 388.34 | J48: 189.56 | K48: 2.59 | L48: 12.76 | M48: 174.21 | N48: 146.03 | O48: 3.7 | P48: 9.96 | Q48: 132.37
A49: Total des provisions pour risques et charges (III) | B49: 10665.55 | C49: 556.75 | D49: 1701.85 | E49: 8406.95 | F49: 3972.99 | G49: 340.5 | H49: 422.21 | I49: 3210.28 | J49: 3012.52 | K49: 47.34 | L49: 437.34 | M49: 2527.85 | N49: 3680.04 | O49: 168.92 | P49: 842.3 | Q49: 2668.82
A50: Emprunts, dettes assimilées (n) | B50: 100415.11 | C50: 19544.85 | D50: 26065.18 | E50: 54805.08 | F50: 49197.8 | G50: 10879.89 | H50: 14418.91 | I50: 23899 | J50: 24633.01 | K50: 733.94 | L50: 3573.72 | M50: 20325.35 | N50: 26584.29 | O50: 7931.02 | P50: 8072.55 | Q50: 10580.72
A51: Avances et acomptes reçus sur commandes en cours (o) | B51: 11167.05 | C51: 1654.85 | D51: 2869.16 | E51: 6643.04 | F51: 4405.95 | G51: 632.6 | H51: 1167.22 | I51: 2606.13 | J51: 1605.66 | K51: 3.55 | L51: 348.07 | M51: 1254.04 | N51: 5155.44 | O51: 1018.71 | P51: 1353.86 | Q51: 2782.87
A52: Dettes fournisseurs et comptes rattachés (p) | B52: 53732.32 | C52: 10944.82 | D52: 16252.36 | E52: 26535.13 | F52: 20383.75 | G52: 3237.24 | H52: 4515.1 | I52: 12631.41 | J52: 8189.32 | K52: 181.04 | L52: 1437.3 | M52: 6570.98 | N52: 25159.24 | O52: 7526.53 | P52: 10299.96 | Q52: 7332.74
... A56: TOTAL PASSIF (I à V) | B56: 422287.65 | C56: 86265.58 | D56: 110516.72 | E56: 225505.35 | F56: 198549.13 | G56: 37972.25 | H56: 48284.97 | I56: 112291.91 | J56: 71589.12 | K56: 1981.44 | L56: 11736.58 | M56: 57871.1 | N56: 152149.39 | O56: 46311.89 | P56: 50495.16 | Q56: 55342.34

Sheet SECTION_F_BILAN_2018
A1: Caractéristiques comptables, financières et d'emploi des unités légales - Bilan au niveau division selon la catégorie d'entreprise
A2: Note de lecture : N = Donnée non disponible, S = Donnée soumise au secret statistique
A3: Champ : France - Ensemble des entreprises marchandes y compris auto-entrepreneurs, hors agriculture et hors services financiers et d'assurance (mais y compris auxiliaires de services financiers et d'assurance, sociétés holdings)
A4: Source : Insee, Esane 2018
A5: en millions d'euros
A6: ACTIF
A7: secteur d'activité | B7: F | C7: F | D7: F | E7: F | F7: 41 | G7: 41 | H7: 41 | I7: 41 | J7: 42 | K7: 42 | L7: 42 | M7: 42 | N7: 43 | O7: 43 | P7: 43 | Q7: 43
A8: activité | B8: Construction | C8: Construction | D8: Construction | E8: Construction | F8: Construction de bâtiments | G8: Construction de bâtiments | H8: Construction de bâtiments | I8: Construction de bâtiments | J8: Génie civil | K8: Génie civil | L8: Génie civil | M8: Génie civil | N8: Travaux de construction spécialisés | O8: Travaux de construction spécialisés | P8: Travaux de construction spécialisés | Q8: Travaux de construction spécialisés
A9: Tranche d'effectif | B9: Ensemble des catégories d'entreprise | C9: Microentreprises (MICRO) | D9: Petites et moyennes entreprises (PME), hors Microentreprises | E9: Entreprises de taille intermédiaire (ETI) ou Grandes entreprises (GE) | F9: Ensemble des catégories d'entreprise | G9: Microentreprises (MICRO) | H9: Petites et moyennes entreprises (PME), hors Microentreprises | I9: Entreprises de taille intermédiaire (ETI) ou Grandes entreprises (GE) | J9: Ensemble des catégories d'entreprise | K9: Microentreprises (MICRO) | L9: Petites et moyennes entreprises (PME), hors Microentreprises | M9: Entreprises de taille intermédiaire (ETI) ou Grandes entreprises (GE) | N9: Ensemble des catégories d'entreprise | O9: Microentreprises (MICRO) | P9: Petites et moyennes entreprises (PME), hors Microentreprises | Q9: Entreprises de taille intermédiaire (ETI) ou Grandes entreprises (GE)
A10: Nombre d'entreprises | B10: 472390 | C10: 448838 | D10: 23236 | E10: 316 | F10: 45975 | G10: 42865 | H10: 2995 | I10: 115 | J10: 4011 | K10: 2972 | L10: 972 | M10: 67 | N10: 422404 | O10: 403001 | P10: 19269 | Q10: 134
A11: Capital souscrit non appelé (I) | B11: 524.74 | C11: 29.63 | D11: 14.61 | E11: 480.49 | F11: 24.56 | G11: 13.08 | H11: 3.27 | I11: 8.21 | J11: 480.35 | K11: 5.01 | L11: 3.09 | M11: 472.25 | N11: 19.82 | O11: 11.54 | P11: 8.26 | Q11: 0.03
A12: Immobilisations incorporelles brutes (a) | B12: 12146.51 | C12: 2286.17 | D12: 2196.62 | E12: 7663.72 | F12: 2895.96 | G12: 170.47 | H12: 406.38 | I12: 2319.11 | J12: 1386.63 | K12: 22.14 | L12: 167.24 | M12: 1197.25 | N12: 7863.91 | O12: 2093.56 | P12: 1623 | Q12: 4147.36
A13: Dont Fonds commercial | B13: 8419.14 | C13: 1788.22 | D13: 1461.97 | E13: 5168.94 | F13: 1574.73 | G13: 76.62 | H13: 227.16 | I13: 1270.95 | J13: 425.16 | K13: 11.93 | L13: 77.03 | M13: 336.2 | N13: 6419.24 | O13: 1699.67 | P13: 1157.78 | Q13: 3561.79
A14: Immobilisations corporelles brutes (b) | B14: 103240.58 | C14: 25203.6 | D14: 24943.61 | E14: 53093.38 | F14: 23798.54 | G14: 4923.83 | H14: 7366.93 | I14: 11507.78 | J14: 38664.8 | K14: 547.49 | L14: 3666.37 | M14: 34450.94 | N14: 40777.24 | O14: 19732.28 | P14: 13910.31 | Q14: 7134.65
A15: Dont Terrains | B15: 3927.67 | C15: 528.93 | D15: 1109.41 | E15: 2289.34 | F15: 1867.91 | G15: 387.37 | H15: 639.57 | I15: 840.97 | J15: 1465.4 | K15: 36.78 | L15: 172.46 | M15: 1256.16 | N15: 594.36 | O15: 104.78 | P15: 297.38 | Q15: 192.21
A16: Constructions | B16: 38894.63 | C16: 3264.84 | D16: 8107.91 | E16: 27521.88 | F16: 13217.36 | G16: 2324.31 | H16: 4814.55 | I16: 6078.5 | J16: 21549.01 | K16: 202.59 | L16: 1273.77 | M16: 20072.65 | N16: 4128.27 | O16: 737.94 | P16: 2019.59 | Q16: 1370.73
A17: Installations techniques, matériel et outillage industriels | B17: 31256.78 | C17: 9273.14 | D17: 7716.09 | E17: 14267.56 | F17: 3450.71 | G17: 392.63 | H17: 756.76 | I17: 2301.32 | J17: 9762.13 | K17: 99.8 | L17: 1256.37 | M17: 8405.96 | N17: 18043.94 | O17: 8780.7 | P17: 5702.96 | Q17: 3560.29
A18: Autres immobilisations corporelles | B18: 26345.03 | C18: 11812.05 | D18: 7552.95 | E18: 6980.03 | F18: 3928.39 | G18: 1569.56 | H18: 942.02 | I18: 1416.81 | J18: 4841.94 | K18: 175.64 | L18: 847.05 | M18: 3819.25 | N18: 17574.7 | O18: 10066.85 | P18: 5763.89 | Q18: 1743.96
A19: dont matériel de transport: | B19: 13728.99 | C19: 6855.55 | D19: 4410.49 | E19: 2462.95 | F19: 1122.62 | G19: 397.72 | H19: 360.91 | I19: 363.99 | J19: 2093.57 | K19: 84.61 | L19: 578.51 | M19: 1430.45 | N19: 10512.8 | O19: 6373.22 | P19: 3471.07 | Q19: 668.51
A20: Immobilisations en cours | B20: 2594.02 | C20: 315.02 | D20: 441.44 | E20: 1837.56 | F20: 1243.56 | G20: 245.3 | H20: 211.93 | I20: 786.33 | J20: 966.05 | K20: 32.51 | L20: 115.29 | M20: 818.25 | N20: 384.41 | O20: 37.21 | P20: 114.22 | Q20: 232.99
A21: Avances et acomptes | B21: 222.45 | C21: 9.63 | D21: 15.81 | E21: 197.01 | F21: 90.62 | G21: 4.65 | H21: 2.1 | I21: 83.86 | J21: 80.28 | K21: 0.17 | L21: 1.44 | M21: 78.67 | N21: 51.56 | O21: 4.81 | P21: 12.28 | Q21: 34.48
... A31: Total actif circulant (III=d+e+f+g+h) | B31: 280584.8 | C31: 61465.56 | D31: 82538.13 | E31: 136581.11 | F31: 136215.02 | G31: 25518.47 | H31: 31276.95 | I31: 79419.6 | J31: 39496.56 | K31: 1581.31 | L31: 9920.8 | M31: 27994.45 | N31: 104873.23 | O31: 34365.78 | P31: 41340.37 | Q31: 29167.07
A32: Autres comptes de régularisation (IV) | B32: 167.44 | C32: -N- | D32: 134.08 | E32: 628.83 | F32: 436.28 | G32: -N- | H32: 197.02 | I32: 340.01 | J32: -N- | K32: -N- | L32: -N- | M32: 415.05 | N32: -N- | O32: -N- | P32: 432.04 | Q32: -N-
A33: TOTAL ACTIF BRUT (I+II+III+IV) | B33: 471721.83 | C33: 96207.9 | D33: 125703.09 | E33: 249810.84 | F33: 194926.2 | G33: 34037.64 | H33: 45726.45 | I33: 115162.1 | J33: 93546.05 | K33: 2388.94 | L33: 14707.34 | M33: 76449.77 | N33: 183249.59 | O33: 59781.32 | P33: 65269.3 | Q33: 58198.97
A34: TOTAL DE L'ACTIF NET DES AMORTISSEMENTS ET PROVISIONS INSCRITS A L'ACTIF | B34: 405104.93 | C34: 81548.14 | D34: 108149.93 | E34: 215406.87 | F34: 179631.17 | G34: 31427.66 | H34: 41788.6 | I34: 106414.91 | J34: 71151.94 | K34: 2013.45 | L34: 12402.67 | M34: 56735.81 | N34: 154321.83 | O34: 48107.02 | P34: 53958.66 | Q34: 52256.14
A36: PASSIF
A37: en millions d'euros
A38: secteur d'activité | B38: F | C38: F | D38: F | E38: F | F38: 41 | G38: 41 | H38: 41 | I38: 41 | J38: 42 | K38: 42 | L38: 42 | M38: 42 | N38: 43 | O38: 43 | P38: 43 | Q38: 43
B39: Construction | C39: Construction | D39: Construction | E39: Construction | F39: Construction de bâtiments | G39: Construction de bâtiments | H39: Construction de bâtiments | I39: Construction de bâtiments | J39: Génie civil | K39: Génie civil | L39: Génie civil | M39: Génie civil | N39: Travaux de construction spécialisés | O39: Travaux de construction spécialisés | P39: Travaux de construction spécialisés | Q39: Travaux de construction spécialisés
A40: Tranche d'effectif | B40: Ensemble des catégories d'entreprise | C40: Microentreprises (MICRO) | D40: Petites et moyennes entreprises (PME), hors Microentreprises | E40: Entreprises de taille intermédiaire (ETI) ou Grandes entreprises (GE) | F40: Ensemble des catégories d'entreprise | G40: Microentreprises (MICRO) | H40: Petites et moyennes entreprises (PME), hors Microentreprises | I40: Entreprises de taille intermédiaire (ETI) ou Grandes entreprises (GE) | J40: Ensemble des catégories d'entreprise | K40: Microentreprises (MICRO) | L40: Petites et moyennes entreprises (PME), hors Microentreprises | M40: Entreprises de taille intermédiaire (ETI) ou Grandes entreprises (GE) | N40: Ensemble des catégories d'entreprise | O40: Microentreprises (MICRO) | P40: Petites et moyennes entreprises (PME), hors Microentreprises | Q40: Entreprises de taille intermédiaire (ETI) ou Grandes entreprises (GE)
A41: Nombre d'entreprises | B41: 472390 | C41: 448838 | D41: 23236 | E41: 316 | F41: 45975 | G41: 42865 | H41: 2995 | I41: 115 | J41: 4011 | K41: 2972 | L41: 972 | M41: 67 | N41: 422404 | O41: 403001 | P41: 19269 | Q41: 134
A42: Capital social (ou individuel) y compris primes (i) | B42: 41022.79 | C42: 8791.82 | D42: 11199.08 | E42: 21031.9 | F42: 17966.77 | G42: 3465.24 | H42: 4209.45 | I42: 10292.07 | J42: 4876.23 | K42: 268.58 | L42: 1143.17 | M42: 3464.48 | N42: 18179.79 | O42: 5058 | P42: 5846.45 | Q42: 7275.34
A43: Report à nouveau (j) | B43: 9210.92 | C43: 250.34 | D43: 1866.97 | E43: 7093.61 | F43: 1418.76 | G43: -N- | H43: 260.35 | I43: 1977.45 | J43: 4126.58 | K43: -N- | L43: 151.18 | M43: 4048.68 | N43: 3665.58 | O43: 1142.66 | P43: 1455.44 | Q43: 1067.48
A44: Résultat de l'exercice comptable (k) | B44: 13845.86 | C44: 4605.12 | D44: 3382.65 | E44: 5858.1 | F44: 4073.21 | G44: 330.33 | H44: 1407.46 | I44: 2335.43 | J44: 2239.76 | K44: -68.01 | L44: -285.64 | M44: 2593.41 | N44: 7532.89 | O44: 4342.81 | P44: 2260.83 | Q44: 929.26
A45: Réserves (l) | B45: 44734.68 | C45: 11690.77 | D45: 19650.3 | E45: 13393.61 | F45: 12632.31 | G45: 2357.64 | H45: 5106.34 | I45: 5168.33 | J45: 6621.07 | K45: 487.1 | L45: 1977.38 | M45: 4156.59 | N45: 25481.3 | O45: 8846.03 | P45: 12566.58 | Q45: 4068.69
A46: Autres capitaux propres (m) | B46: 2225.79 | C46: 306.8 | D46: 715.94 | E46: 1203.02 | F46: 1057.37 | G46: -N- | H46: 335.45 | I46: 530.32 | J46: 642.72 | K46: -N- | L46: 243.26 | M46: 384.33 | N46: 525.69 | O46: 100.06 | P46: 137.24 | Q46: 288.38
A47: Total des capitaux propres (I=i+j+k+l+m) | B47: 111040.04 | C47: 25644.85 | D47: 36814.94 | E47: 48580.24 | F47: 37148.42 | G47: 5525.77 | H47: 11319.05 | I47: 20303.6 | J47: 18506.36 | K47: 629.52 | L47: 3229.35 | M47: 14647.49 | N47: 55385.25 | O47: 19489.56 | P47: 22266.54 | Q47: 13629.15
A48: Total des autres fonds propres (II) | B48: 766.9 | C48: 11.57 | D48: 40.87 | E48: 714.46 | F48: 440.62 | G48: 3.14 | H48: 12.15 | I48: 425.32 | J48: 189.04 | K48: 0.33 | L48: 17.22 | M48: 171.48 | N48: 137.24 | O48: 8.09 | P48: 11.49 | Q48: 117.66
A49: Total des provisions pour risques et charges (III) | B49: 10034.51 | C49: 463.66 | D49: 1757.39 | E49: 7813.46 | F49: 4008.48 | G49: 269.56 | H49: 437.65 | I49: 3301.28 | J49: 3010.71 | K49: 28.75 | L49: 443.92 | M49: 2538.04 | N49: 3015.33 | O49: 165.36 | P49: 875.82 | Q49: 1974.14
A50: Emprunts, dettes assimilées (n) | B50: 103612.21 | C50: 18850.66 | D50: 26448.47 | E50: 58313.09 | F50: 49138.57 | G50: 9993.92 | H50: 13710.22 | I50: 25434.43 | J50: 25220.06 | K50: 757.47 | L50: 4050.04 | M50: 20412.55 | N50: 29253.58 | O50: 8099.27 | P50: 8688.21 | Q50: 12466.1
A51: Avances et acomptes reçus sur commandes en cours (o) | B51: 12031.42 | C51: 1586.13 | D51: 2575.55 | E51: 7869.73 | F51: 4252.52 | G51: 473.13 | H51: 913.54 | I51: 2865.85 | J51: 1530.57 | K51: 16.42 | L51: 197.85 | M51: 1316.3 | N51: 6248.33 | O51: 1096.58 | P51: 1464.16 | Q51: 3687.59
A52: Dettes fournisseurs et comptes rattachés (p) | B52: 53961.63 | C52: 10800.12 | D52: 17277.2 | E52: 25884.31 | F52: 21531.81 | G52: 3316.05 | H52: 4928.43 | I52: 13287.33 | J52: 8363.74 | K52: 200.41 | L52: 1640.27 | M52: 6523.06 | N52: 24066.07 | O52: 7283.66 | P52: 10708.49 | Q52: 6073.92
A53: Autres dettes et produits constatés d'avance (q) | B53: 113458.99 | C53: 24189.63 | D53: 23224.76 | E53: 66044.61 | F53: 62968.28 | G53: 11845.17 | H53: 10467.02 | I53: 40656.09 | J53: 14306.34 | K53: 380.55 | L53: 2823.36 | M53: 11102.42 | N53: 36184.38 | O53: 11963.9 | P53: 9934.39 | Q53: 14286.09
A54: Total des dettes (IV=n+o+p+q) | B54: 283064.25 | C54: 55426.54 | D54: 69525.97 | E54: 158111.74 | F54: 137891.18 | G54: 25628.27 | H54: 30019.21 | I54: 82243.7 | J54: 49420.71 | K54: 1354.86 | L54: 8711.52 | M54: 39354.33 | N54: 95752.36 | O54: 28443.41 | P54: 30795.24 | Q54: 36513.7
A55: Ecart de conversion passif (V) | B55: 199.24 | C55: 1.51 | D55: 10.76 | E55: 186.96 | F55: 142.47 | G55: 0.92 | H55: 0.54 | I55: 141.01 | J55: 25.12 | K55: 0 | L55: 0.66 | M55: 24.47 | N55: 31.65 | O55: 0.59 | P55: 9.57 | Q55: 21.49
A56: TOTAL PASSIF (I à V) | B56: 405104.93 | C56: 81548.14 | D56: 108149.93 | E56: 215406.87 | F56: 179631.17 | G56: 31427.66 | H56: 41788.6 | I56: 106414.91 | J56: 71151.94 | K56: 2013.45 | L56: 12402.67 | M56: 56735.81 | N56: 154321.83 | O56: 48107.02 | P56: 53958.66 | Q56: 52256.14

Sheet SECTION_J_CR_2017
A1: Caractéristiques comptables, financières et d'emploi des entreprises - Compte de résultat au niveau division selon la catégorie d'entreprise
A2: Note de lecture : N = Donnée non disponible, S = Donnée soumise au secret statistique
A3: Champ : France - Ensemble des entreprises marchandes y compris auto-entrepreneurs, hors agriculture et hors services financiers et d'assurance (mais y compris auxiliaires de services financiers et d'assurance, sociétés holdings)
A4: Source : Insee, Esane 2017
A6: en millions d'euros
A7: secteur d'activité | B7: J | C7: J | D7: J | E7: J | F7: 58 | G7: 58 | H7: 58 | I7: 58 | J7: 59 | K7: 59 | L7: 59 | M7: 59 | N7: 60 | O7: 60 | P7: 60 | Q7: 60 | R7: 61 | S7: 61 | T7: 61 | U7: 61 | V7: 62 | W7: 62 | X7: 62 | Y7: 62 | Z7: 63 | AA7: 63 | AB7: 63 | AC7: 63
A8: activité | B8: Information et communication | C8: Information et communication | D8: Information et communication | E8: Information et communication | F8: Édition | G8: Édition | H8: Édition | I8: Édition | J8: Production de films cinématographiques, de vidéo et de programmes de télévision - enregistrement sonore et édition musicale | K8: Production de films cinématographiques, de vidéo et de programmes de télévision - enregistrement sonore et édition musicale | L8: Production de films cinématographiques, de vidéo et de programmes de télévision - enregistrement sonore et édition musicale | M8: Production de films cinématographiques, de vidéo et de programmes de télévision - enregistrement sonore et édition musicale | N8: Programmation et diffusion | O8: Programmation et diffusion | P8: Programmation et diffusion | Q8: Programmation et diffusion | R8: Télécommunications | S8: Télécommunications | T8: Télécommunications | U8: Télécommunications | V8: Programmation, conseil et autres activités informatiques | W8: Programmation, conseil et autres activités informatiques | X8: Programmation, conseil et autres activités informatiques | Y8: Programmation, conseil et autres activités informatiques | Z8: Servicesd'information | AA8: Servicesd'information | AB8: Servicesd'information | AC8: Servicesd'information
A9: Catégorie d'entreprise | B9: Ensemble des catégories d'entreprise | C9: Microentreprises (MICRO) | D9: Petites et moyennes entreprises (PME), hors Microentreprises | E9: Entreprises de taille intermédiaire (ETI) ou Grandes entreprises (GE) | F9: Ensemble des catégories d'entreprise | G9: Microentreprises (MICRO) | H9: Petites et moyennes entreprises (PME), hors Microentreprises | I9: Entreprises de taille intermédiaire (ETI) ou Grandes entreprises (GE) | J9: Ensemble des catégories d'entreprise | K9: Microentreprises (MICRO) | L9: Petites et moyennes entreprises (PME), hors Microentreprises | M9: Entreprises de taille intermédiaire (ETI) ou Grandes entreprises (GE) | N9: Ensemble des catégories d'entreprise | O9: Microentreprises (MICRO) | P9: Petites et moyennes entreprises (PME), hors Microentreprises | Q9: Entreprises de taille intermédiaire (ETI) ou Grandes entreprises (GE) | R9: Ensemble des catégories d'entreprise | S9: Microentreprises (MICRO) | T9: Petites et moyennes entreprises (PME), hors Microentreprises | U9: Entreprises de taille intermédiaire (ETI) ou Grandes entreprises (GE) | V9: Ensemble des catégories d'entreprise | W9: Microentreprises (MICRO) | X9: Petites et moyennes entreprises (PME), hors Microentreprises | Y9: Entreprises de taille intermédiaire (ETI) ou Grandes entreprises (GE) | Z9: Ensemble des catégories d'entreprise | AA9: Microentreprises (MICRO) | AB9: Petites et moyennes entreprises (PME), hors Microentreprises | AC9: Entreprises de taille intermédiaire (ETI) ou Grandes entreprises (GE)
A10: Nombre d'entreprises | B10: 126843 | C10: 120802 | D10: 5724 | E10: 317 | F10: 14807 | G10: 13494 | H10: 1238 | I10: 75 | J10: 24006 | K10: 23175 | L10: 794 | M10: 37 | N10: 447 | O10: 376 | P10: 58 | Q10: 13 | R10: 2966 | S10: 2634 | T10: 297 | U10: 35 | V10: 73637 | W10: 70641 | X10: 2864 | Y10: 132 | Z10: 10980 | AA10: 10482 | AB10: 473 | AC10: 25
A11: Chiffre d'affaires Hors Taxes (a+d1+d2) | B11: 195802.74 | C11: 13947.73 | D11: 33505.49 | E11: 148349.52 | F11: 32102.42 | G11: 2041.39 | H11: 8223.1 | I11: 21837.94 | J11: 11402.63 | K11: 2592.66 | L11: 4043.33 | M11: 4766.64 | N11: 16324.6 | O11: 71.91 | P11: 350.4 | Q11: 15902.3 | R11: 55898.54 | S11: 588.97 | T11: 2503.41 | U11: 52806.16 | V11: 73408.93 | W11: 7793.48 | X11: 15505.02 | Y11: 50110.43 | Z11: 6665.62 | AA11: 859.33 | AB11: 2880.23 | AC11: 2926.06
A12: dont exportations | B12: 25740.84 | C12: 1282.97 | D12: 5524.58 | E12: 18933.28 | F12: 5965.64 | G12: 275.36 | H12: 1626.31 | I12: 4063.97 | J12: 1467.68 | K12: 257.13 | L12: 483.53 | M12: 727.02 | N12: 1315.55 | O12: 1.02 | P12: 44.12 | Q12: 1270.42 | R12: 4070.45 | S12: 48.78 | T12: 507.27 | U12: 3514.4 | V12: 11445.04 | W12: 605.54 | X12: 2281.06 | Y12: 8558.44 | Z12: 1476.48 | AA12: 95.14 | AB12: 582.29 | AC12: 799.04
A13: Ventes de marchandises (a) | B13: 13326.73 | C13: 1272.6 | D13: 1970.54 | E13: 10083.59 | F13: 4165.87 | G13: 223.8 | H13: 341.71 | I13: 3600.36 | J13: 409.05 | K13: 84.51 | L13: 104.41 | M13: 220.13 | N13: 290.21 | O13: 1.27 | P13: 7.11 | Q13: 281.84 | R13: 3456 | S13: 108.28 | T13: 192.85 | U13: 3154.87 | V13: 4822 | W13: 799.2 | X13: 1225.93 | Y13: 2796.88 | Z13: 183.59 | AA13: 55.55 | AB13: 98.53 | AC13: 29.52
A14: - Achats de marchandises (y compris droits de douanes) (b) | B14: 12179.3 | C14: 801.37 | D14: 1353.89 | E14: 10024.05 | F14: 3099.9 | G14: 93.16 | H14: 177.9 | I14: 2828.84 | J14: 158.43 | K14: 37 | L14: 44.94 | M14: 76.49 | N14: 301.89 | O14: -N- | P14: 3.74 | Q14: 298.85 | R14: 4897.01 | S14: 89.46 | T14: 181.39 | U14: 4626.16 | V14: 3588.28 | W14: 544.4 | X14: 876.32 | Y14: 2167.57 | Z14: 133.79 | AA14: 38.03 | AB14: 69.61 | AC14: 26.15
A15: - Variation de stock de marchandises (c) | B15: -196.53 | C15: -2.92 | D15: -5.58 | E15: -188.02 | F15: 15.61 | G15: -0.56 | H15: 4.26 | I15: 11.91 | J15: 4.45 | K15: 1.43 | L15: -0.19 | M15: 3.21 | N15: -3.44 | O15: -0.01 | P15: 0.09 | Q15: -3.53 | R15: -228.35 | S15: 0.29 | T15: -0.7 | U15: -227.94 | V15: 15.1 | W15: -3.62 | X15: -10.02 | Y15: 28.75 | Z15: 0.11 | AA15: -0.45 | AB15: 0.98 | AC15: -0.42
A16: = Marge commerciale I=a-b-c | B16: 1343.95 | C16: 474.16 | D16: 622.23 | E16: 247.56 | F16: 1050.37 | G16: 131.2 | H16: 159.56 | I16: 759.61 | J16: 246.17 | K16: 46.08 | L16: 59.66 | M16: 140.42 | N16: -8.24 | O16: 1.96 | P16: 3.28 | Q16: -13.48 | R16: -N- | S16: 18.53 | T16: 12.16 | U16: -N- | V16: 1218.62 | W16: 258.42 | X16: 359.63 | Y16: 600.56 | Z16: 49.69 | AA16: 17.96 | AB16: 27.94 | AC16: 3.79
A17: Production vendue de biens (d1) | B17: 1872.86 | C17: 19.64 | D17: 184.1 | E17: 1669.13 | F17: 334.48 | G17: 4.85 | H17: 69.27 | I17: 260.36 | J17: 20.15 | K17: 5.81 | L17: 9.3 | M17: 5.04 | N17: 5.6 | O17: 0 | P17: 0 | Q17: 5.6 | R17: 280.81 | S17: 0.54 | T17: 18.22 | U17: 262.05 | V17: 1226.51 | W17: 3.13 | X17: 87.32 | Y17: 1136.07 | Z17: 5.31 | AA17: 5.31 | AB17: 0 | AC17: 0
A18: Production vendue de services (d2) | B18: 180603.15 | C18: 12655.49 | D18: 31350.85 | E18: 136596.8 | F18: 27602.07 | G18: 1812.73 | H18: 7812.12 | I18: 17977.22 | J18: 10973.43 | K18: 2502.33 | L18: 3929.62 | M18: 4541.47 | N18: 16028.79 | O18: 70.64 | P18: 343.28 | Q18: 15614.86 | R18: 52161.73 | S18: 480.15 | T18: 2292.34 | U18: 49389.24 | V18: 67360.42 | W18: 6991.15 | X18: 14191.78 | Y18: 46177.48 | Z18: 6476.71 | AA18: 798.47 | AB18: 2781.7 | AC18: 2896.54
A19: + Production stockée | B19: 138.99 | C19: 27.69 | D19: 51.53 | E19: 59.77 | F19: 25.15 | G19: 10.11 | H19: 4.36 | I19: 10.68 | J19: 20.78 | K19: 8.79 | L19: 14.68 | M19: -2.7 | N19: 0.46 | O19: 0.12 | P19: 0.08 | Q19: 0.26 | R19: 28.93 | S19: 0.34 | T19: -0.19 | U19: 28.78 | V19: 55.28 | W19: 6.93 | X19: 30.67 | Y19: 17.68 | Z19: 8.4 | AA19: 1.41 | AB19: 1.93 | AC19: 5.06
A20: + Production immobilisée | B20: 10355.11 | C20: 836.59 | D20: 1996.68 | E20: 7521.85 | F20: 1188.11 | G20: 71.87 | H20: 235.78 | I20: 880.46 | J20: 2325.49 | K20: 403.39 | L20: 1356.77 | M20: 565.34 | N20: 1686.27 | O20: 2.26 | P20: 0.31 | Q20: 1683.7 | R20: 3538.51 | S20: 137.88 | T20: 20.84 | U20: 3379.8 | V20: 1353.35 | W20: 193.45 | X20: 314.54 | Y20: 845.36 | Z20: 263.38 | AA20: 27.75 | AB20: 68.45 | AC20: 167.18
A21: = Production totale de biens et services (hors marge commerciale) (d') | B21: 192970.11 | C21: 13539.4 | D21: 33583.16 | E21: 145847.55 | F21: 29149.8 | G21: 1899.55 | H21: 8121.53 | I21: 19128.72 | J21: 13339.85 | K21: 2920.32 | L21: 5310.37 | M21: 5109.15 | N21: 17721.12 | O21: 73.02 | P21: 343.67 | Q21: 17304.42 | R21: 56009.98 | S21: 618.91 | T21: 2331.2 | U21: 53059.87 | V21: 69995.56 | W21: 7194.65 | X21: 14624.31 | Y21: 48176.6 | Z21: 6753.8 | AA21: 832.94 | AB21: 2852.08 | AC21: 3068.79
A22: - Achats de matières premières et autres approvisionnements (e) | B22: 9773.83 | C22: 492.6 | D22: 1392.18 | E22: 7889.05 | F22: 1644.52 | G22: 88.71 | H22: 432.72 | I22: 1123.08 | J22: 438.67 | K22: 49.38 | L22: 71.17 | M22: 318.13 | N22: 3730.26 | O22: 1.37 | P22: 58.52 | Q22: 3670.38 | R22: 1193.56 | S22: 54.84 | T22: 186.88 | U22: 951.84 | V22: 2490.84 | W22: 275.23 | X22: 571.86 | Y22: 1643.74 | Z22: 275.98 | AA22: 23.07 | AB22: 71.02 | AC22: 181.88
A23: - Variations de stock (matières premières et approvisionnements) (f) | B23: 133.09 | C23: -9.02 | D23: -2.74 | E23: 144.85 | F23: -4.05 | G23: -1.8 | H23: -2.65 | I23: 0.41 | J23: 21.36 | K23: -0.13 | L23: -0.32 | M23: 21.81 | N23: -38.07 | O23: -0.04 | P23: 0.36 | Q23: -38.39 | R23: 161.38 | S23: -0.43 | T23: -0.74 | U23: 162.55 | V23: 2.12 | W23: -5.97 | X23: -0.28 | Y23: 8.37 | Z23: -9.65 | AA23: -0.64 | AB23: 0.88 | AC23: -9.89
A24: - Autres achats et charges externes (g) | B24: 83626.95 | C24: 6496.62 | D24: 14826.74 | E24: 62303.6 | F24: 14506.79 | G24: 1049.07 | H24: 3335.87 | I24: 10121.86 | J24: 5963.58 | K24: 1539.48 | L24: 2204.67 | M24: 2219.43 | N24: 5735.41 | O24: 44.37 | P24: 197.23 | Q24: 5493.8 | R24: 24428.91 | S24: 442.52 | T24: 1378.34 | U24: 22608.05 | V24: 29595.25 | W24: 2960.63 | X24: 6207.97 | Y24: 20426.65 | Z24: 3397.01 | AA24: 460.55 | AB24: 1502.65 | AC24: 1433.81
A25: dont : Sous-traitance | B25: 39944.63 | C25: 1965.16 | D25: 7405.88 | E25: 30573.59 | F25: 5606.86 | G25: 296.42 | H25: 1169.03 | I25: 4141.4 | J25: 2685.83 | K25: 515.96 | L25: 1194.26 | M25: 975.62 | N25: 2786.26 | O25: 14.55 | P25: 63.71 | Q25: 2708 | R25: 12389.29 | S25: 205.44 | T25: 813.41 | U25: 11370.44 | V25: 15019.15 | W25: 811.81 | X25: 3463.01 | Y25: 10744.34 | Z25: 1457.24 | AA25: 120.98 | AB25: 702.48 | AC25: 633.78
A26: dont : Locations, charges locatives et de copropriété | B26: 6757.29 | C26: 454.48 | D26: 1329.07 | E26: 4973.75 | F26: 975.65 | G26: 69.64 | H26: 306.84 | I26: 599.17 | J26: 665.88 | K26: 150.49 | L26: 261.2 | M26: 254.19 | N26: 330.41 | O26: 4.1 | P26: 23.29 | Q26: 303.02 | R26: 2214.37 | S26: 18.49 | T26: 124.31 | U26: 2071.57 | V26: 2284 | W26: 178.95 | X26: 501.09 | Y26: 1603.95 | Z26: 286.98 | AA26: 32.8 | AB26: 112.33 | AC26: 141.85
A27: dont : Crédit-bail | B27: 379.79 | C27: 27.49 | D27: 80.4 | E27: 271.9 | F27: 33.08 | G27: 3.51 | H27: 16.9 | I27: 12.67 | J27: 65.32 | K27: 7.46 | L27: 19.59 | M27: 38.27 | N27: 21.93 | O27: 0.29 | P27: 0.53 | Q27: 21.11 | R27: 133.54 | S27: 2.03 | T27: 8.78 | U27: 122.73 | V27: 117.69 | W27: 12.58 | X27: 30.89 | Y27: 74.22 | Z27: 8.23 | AA27: 1.61 | AB27: 3.71 | AC27: 2.9
A28: dont : Coût du personnel extérieur à l'entreprise | B28: 2672.69 | C28: 57.49 | D28: 360.48 | E28: 2254.72 | F28: 348.51 | G28: 11.44 | H28: 83.71 | I28: 253.35 | J28: 75.32 | K28: 8.21 | L28: 41.34 | M28: 25.76 | N28: 195.63 | O28: 0.5 | P28: 5.86 | Q28: 189.27 | R28: 300.34 | S28: 4.83 | T28: 19.29 | U28: 276.21 | V28: 1685.94 | W28: 27.17 | X28: 173.22 | Y28: 1485.55 | Z28: 66.95 | AA28: 5.33 | AB28: 37.05 | AC28: 24.57
... A54: Capacité d'autofinancement | B54: 28191.51 | C54: 1469.28 | D54: 2852.49 | E54: 23869.74 | F54: 2041.51 | G54: 100.48 | H54: 463.56 | I54: 1477.47 | J54: 2488.99 | K54: 449.06 | L54: 1374.84 | M54: 665.08 | N54: 4116.48 | O54: 3.57 | P54: -24.45 | Q54: 4137.36 | R54: 12280.8 | S54: -18.28 | T54: 201.33 | U54: 12097.75 | V54: 6620.15 | W54: 904.02 | X54: 718.37 | Y54: 4997.76 | Z54: 643.59 | AA54: 30.42 | AB54: 118.84 | AC54: 494.33

Sheet SECTION_J_CR_2018
A1: Caractéristiques comptables, financières et d'emploi des entreprises - Compte de résultat au niveau division selon la catégorie d'entreprise
A2: Note de lecture : N = Donnée non disponible, S = Donnée soumise au secret statistique
A3: Champ : France - Ensemble des entreprises marchandes y compris auto-entrepreneurs, hors agriculture et hors services financiers et d'assurance (mais y compris auxiliaires de services financiers et d'assurance, sociétés holdings)
A4: Source : Insee, Esane 2018
A6: en millions d'euros
A7: secteur d'activité | B7: J | C7: J | D7: J | E7: J | F7: 58 | G7: 58 | H7: 58 | I7: 58 | J7: 59 | K7: 59 | L7: 59 | M7: 59 | N7: 60 | O7: 60 | P7: 60 | Q7: 60 | R7: 61 | S7: 61 | T7: 61 | U7: 61 | V7: 62 | W7: 62 | X7: 62 | Y7: 62 | Z7: 63 | AA7: 63 | AB7: 63 | AC7: 63
A8: activité | B8: Information et communication | C8: Information et communication | D8: Information et communication | E8: Information et communication | F8: Édition | G8: Édition | H8: Édition | I8: Édition | J8: Production de films cinématographiques, de vidéo et de programmes de télévision - enregistrement sonore et édition musicale | K8: Production de films cinématographiques, de vidéo et de programmes de télévision - enregistrement sonore et édition musicale | L8: Production de films cinématographiques, de vidéo et de programmes de télévision - enregistrement sonore et édition musicale | M8: Production de films cinématographiques, de vidéo et de programmes de télévision - enregistrement sonore et édition musicale | N8: Programmation et diffusion | O8: Programmation et diffusion | P8: Programmation et diffusion | Q8: Programmation et diffusion | R8: Télécommunications | S8: Télécommunications | T8: Télécommunications | U8: Télécommunications | V8: Programmation, conseil et autres activités informatiques | W8: Programmation, conseil et autres activités informatiques | X8: Programmation, conseil et autres activités informatiques | Y8: Programmation, conseil et autres activités informatiques | Z8: Servicesd'information | AA8: Servicesd'information | AB8: Servicesd'information | AC8: Servicesd'information
A9: Catégorie d'entreprise | B9: Ensemble des catégories d'entreprise | C9: Microentreprises (MICRO) | D9: Petites et moyennes entreprises (PME), hors Microentreprises | E9: Entreprises de taille intermédiaire (ETI) ou Grandes entreprises (GE) | F9: Ensemble des catégories d'entreprise | G9: Microentreprises (MICRO) | H9: Petites et moyennes entreprises (PME), hors Microentreprises | I9: Entreprises de taille intermédiaire (ETI) ou Grandes entreprises (GE) | J9: Ensemble des catégories d'entreprise | K9: Microentreprises (MICRO) | L9: Petites et moyennes entreprises (PME), hors Microentreprises | M9: Entreprises de taille intermédiaire (ETI) ou Grandes entreprises (GE) | N9: Ensemble des catégories d'entreprise | O9: Microentreprises (MICRO) | P9: Petites et moyennes entreprises (PME), hors Microentreprises | Q9: Entreprises de taille intermédiaire (ETI) ou Grandes entreprises (GE) | R9: Ensemble des catégories d'entreprise | S9: Microentreprises (MICRO) | T9: Petites et moyennes entreprises (PME), hors Microentreprises | U9: Entreprises de taille intermédiaire (ETI) ou Grandes entreprises (GE) | V9: Ensemble des catégories d'entreprise | W9: Microentreprises (MICRO) | X9: Petites et moyennes entreprises (PME), hors Microentreprises | Y9: Entreprises de taille intermédiaire (ETI) ou Grandes entreprises (GE) | Z9: Ensemble des catégories d'entreprise | AA9: Microentreprises (MICRO) | AB9: Petites et moyennes entreprises (PME), hors Microentreprises | AC9: Entreprises de taille intermédiaire (ETI) ou Grandes entreprises (GE)
A10: Nombre d'entreprises | B10: 134700 | C10: 128467 | D10: 5906 | E10: 327 | F10: 16201 | G10: 14839 | H10: 1284 | I10: 78 | J10: 25290 | K10: 24432 | L10: 823 | M10: 35 | N10: 443 | O10: 372 | P10: 58 | Q10: 13 | R10: 2986 | S10: 2653 | T10: 297 | U10: 36 | V10: 78545 | W10: 75438 | X10: 2972 | Y10: 135 | Z10: 11235 | AA10: 10733 | AB10: 472 | AC10: 30
A11: Chiffre d'affaires Hors Taxes (a+d1+d2) | B11: 203851.09 | C11: 14584.94 | D11: 34780.71 | E11: 154485.44 | F11: 34485.7 | G11: 2113 | H11: 8968.79 | I11: 23403.92 | J11: 11129.45 | K11: 2632.81 | L11: 4209.96 | M11: 4286.68 | N11: 24357.75 | O11: 84.22 | P11: 399.06 | Q11: 23874.47 | R11: 57869.68 | S11: 607.33 | T11: 2578.45 | U11: 54683.9 | V11: 67341.52 | W11: 8236.48 | X11: 15661.07 | Y11: 43443.98 | Z11: 8666.99 | AA11: 911.11 | AB11: 2963.38 | AC11: 4792.5
A12: dont exportations | B12: 31021.46 | C12: 1274.72 | D12: 5967.07 | E12: 23779.66 | F12: 6946.3 | G12: 231.1 | H12: 1783.37 | I12: 4931.83 | J12: 1567.79 | K12: 262.13 | L12: 583.68 | M12: 721.99 | N12: 4285.49 | O12: 3.85 | P12: 51.29 | Q12: 4230.35 | R12: 3795.02 | S12: 45.04 | T12: 468.58 | U12: 3281.4 | V12: 12060.57 | W12: 623.84 | X12: 2414.02 | Y12: 9022.71 | Z12: 2366.28 | AA12: 108.76 | AB12: 666.13 | AC12: 1591.39
A13: Ventes de marchandises (a) | B13: 18132.13 | C13: 1390.03 | D13: 2275.64 | E13: 14466.45 | F13: 5331.35 | G13: 281.41 | H13: 517.79 | I13: 4532.14 | J13: 510.49 | K13: 101.05 | L13: 148.75 | M13: 260.69 | N13: 2790.33 | O13: 1.01 | P13: 13.6 | Q13: 2775.72 | R13: 3974.45 | S13: 104.36 | T13: 228.36 | U13: 3641.73 | V13: 5114.06 | W13: 830.35 | X13: 1253.57 | Y13: 3030.15 | Z13: 411.45 | AA13: 71.85 | AB13: 113.58 | AC13: 226.02
A14: - Achats de marchandises (y compris droits de douanes) (b) | B14: 15542.64 | C14: 832.29 | D14: 1477.06 | E14: 13233.29 | F14: 3838.82 | G14: 105.29 | H14: 257.8 | I14: 3475.74 | J14: 206.11 | K14: 45.15 | L14: 64.13 | M14: 96.83 | N14: 2461.5 | O14: 0.47 | P14: 9.1 | Q14: 2451.92 | R14: 5183.32 | S14: 74.83 | T14: 202.29 | U14: 4906.2 | V14: 3553.44 | W14: 559.5 | X14: 871.88 | Y14: 2122.06 | Z14: 299.44 | AA14: 47.05 | AB14: 71.86 | AC14: 180.53
A15: - Variation de stock de marchandises (c) | B15: -382.88 | C15: -8.32 | D15: -1.36 | E15: -373.2 | F15: 5.35 | G15: 0.27 | H15: 4.86 | I15: 0.23 | J15: 9.47 | K15: -2.4 | L15: 8.34 | M15: 3.53 | N15: -2.61 | O15: 0.02 | P15: -2.29 | Q15: -0.33 | R15: -369.62 | S15: -0.44 | T15: -6.66 | U15: -362.52 | V15: -21.3 | W15: -4.16 | X15: -5.11 | Y15: -12.03 | Z15: -4.18 | AA15: -1.61 | AB15: -0.48 | AC15: -2.09
A16: = Marge commerciale I=a-b-c | B16: 2972.37 | C16: 566.07 | D16: 799.94 | E16: 1606.37 | F16: 1487.17 | G16: 175.86 | H16: 255.14 | I16: 1056.18 | J16: 294.91 | K16: 58.31 | L16: 76.28 | M16: 160.32 | N16: 331.44 | O16: 0.51 | P16: 6.79 | Q16: 324.13 | R16: -839.25 | S16: 29.97 | T16: 32.73 | U16: -901.95 | V16: 1581.92 | W16: 275.01 | X16: 386.8 | Y16: 920.11 | Z16: 116.19 | AA16: 26.42 | AB16: 42.2 | AC16: 47.57
A17: Production vendue de biens (d1) | B17: 1947.98 | C17: 17.71 | D17: 233.18 | E17: 1697.09 | F17: 358.87 | G17: 10.47 | H17: 75.26 | I17: 273.14 | J17: 32.67 | K17: 0.56 | L17: 26.8 | M17: 5.31 | N17: 328.85 | O17: 0 | P17: 0.03 | Q17: 328.82 | R17: 534.16 | S17: 3.58 | T17: 38.99 | U17: 491.59 | V17: 599.66 | W17: 2.88 | X17: 78.29 | Y17: 518.48 | Z17: 93.78 | AA17: 0.22 | AB17: 13.81 | AC17: 79.75
A18: Production vendue de services (d2) | B18: 183770.98 | C18: 13177.2 | D18: 32271.88 | E18: 138321.9 | F18: 28795.49 | G18: 1821.12 | H18: 8375.74 | I18: 18598.63 | J18: 10586.29 | K18: 2531.2 | L18: 4034.42 | M18: 4020.68 | N18: 21238.57 | O18: 83.21 | P18: 385.42 | Q18: 20769.93 | R18: 53361.07 | S18: 499.38 | T18: 2311.11 | U18: 50550.58 | V18: 61627.8 | W18: 7403.25 | X18: 14329.2 | Y18: 39895.35 | Z18: 8161.76 | AA18: 839.04 | AB18: 2835.99 | AC18: 4486.73
A19: + Production stockée | B19: 32.39 | C19: 23.01 | D19: 15.06 | E19: -5.67 | F19: 32.32 | G19: 13.03 | H19: -2.47 | I19: 21.76 | J19: 11.38 | K19: 3.56 | L19: 4.61 | M19: 3.21 | N19: -11.23 | O19: -0.29 | P19: 0.28 | Q19: -11.21 | R19: 2.64 | S19: -0.5 | T19: 3.71 | U19: -0.57 | V19: -3.06 | W19: 6.62 | X19: 8.01 | Y19: -17.68 | Z19: 0.34 | AA19: 0.59 | AB19: 0.93 | AC19: -1.18
A20: + Production immobilisée | B20: 11155.18 | C20: 768.41 | D20: 2505.3 | E20: 7881.47 | F20: 2027.87 | G20: 135.89 | H20: 465.48 | I20: 1426.5 | J20: 2183.65 | K20: 345.23 | L20: 1464.55 | M20: 373.86 | N20: 1636.75 | O20: 1.21 | P20: 0.86 | Q20: 1634.69 | R20: 3764.26 | S20: 58.56 | T20: 201.98 | U20: 3503.73 | V20: 1254.06 | W20: 198.8 | X20: 300.98 | Y20: 754.27 | Z20: 288.58 | AA20: 28.72 | AB20: 71.45 | AC20: 188.42
A21: = Production totale de biens et services (hors marge commerciale) (d') | B21: 196906.53 | C21: 13986.33 | D21: 35025.42 | E21: 147894.78 | F21: 31214.55 | G21: 1980.51 | H21: 8914.01 | I21: 20320.03 | J21: 12813.99 | K21: 2880.55 | L21: 5530.38 | M21: 4403.07 | N21: 23192.94 | O21: 84.12 | P21: 386.6 | Q21: 22722.22 | R21: 57662.13 | S21: 561.03 | T21: 2555.78 | U21: 54545.32 | V21: 63478.46 | W21: 7611.55 | X21: 14716.49 | Y21: 41150.42 | Z21: 8544.46 | AA21: 868.57 | AB21: 2922.17 | AC21: 4753.72
... A54: Capacité d'autofinancement | B54: 27413.32 | C54: 1418.35 | D54: 2520.02 | E54: 23474.95 | F54: 2093.79 | G54: 89.09 | H54: 233.43 | I54: 1771.27 | J54: 2335.44 | K54: 442.75 | L54: 1337.82 | M54: 554.87 | N54: 4919.66 | O54: 5.3 | P54: 0.67 | Q54: 4913.69 | R54: 11051.52 | S54: 14.47 | T54: 166.7 | U54: 10870.36 | V54: 6380.82 | W54: 811.58 | X54: 644.86 | Y54: 4924.39 | Z54: 632.08 | AA54: 55.15 | AB54: 136.54 | AC54: 440.38

Sheet SECTION_J_BILAN_2017
A1: Caractéristiques comptables, financières et d'emploi des unités légales - Bilan au niveau division selon la catégorie d'entreprise
A2: Note de lecture : N = Donnée non disponible, S = Donnée soumise au secret statistique
A3: Champ : France - Ensemble des entreprises marchandes y compris auto-entrepreneurs, hors agriculture et hors services financiers et d'assurance (mais y compris auxiliaires de services financiers et d'assurance, sociétés holdings)
A4: Source : Insee, Esane 2017
A5: en millions d'euros
A6: ACTIF
A7: secteur d'activité | B7: J | C7: J | D7: J | E7: J | F7: 58 | G7: 58 | H7: 58 | I7: 58 | J7: 59 | K7: 59 | L7: 59 | M7: 59 | N7: 60 | O7: 60 | P7: 60 | Q7: 60 | R7: 61 | S7: 61 | T7: 61 | U7: 61 | V7: 62 | W7: 62 | X7: 62 | Y7: 62 | Z7: 63 | AA7: 63 | AB7: 63 | AC7: 63
A8: activité | B8: Information et communication | C8: Information et communication | D8: Information et communication | E8: Information et communication | F8: Édition | G8: Édition | H8: Édition | I8: Édition | J8: Production de films cinématographiques, de vidéo et de programmes de télévision - enregistrement sonore et édition musicale | K8: Production de films cinématographiques, de vidéo et de programmes de télévision - enregistrement sonore et édition musicale | L8: Production de films cinématographiques, de vidéo et de programmes de télévision - enregistrement sonore et édition musicale | M8: Production de films cinématographiques, de vidéo et de programmes de télévision - enregistrement sonore et édition musicale | N8: Programmation et diffusion | O8: Programmation et diffusion | P8: Programmation et diffusion | Q8: Programmation et diffusion | R8: Télécommunications | S8: Télécommunications | T8: Télécommunications | U8: Télécommunications | V8: Programmation, conseil et autres activités informatiques | W8: Programmation, conseil et autres activités informatiques | X8: Programmation, conseil et autres activités informatiques | Y8: Programmation, conseil et autres activités informatiques | Z8: Servicesd'information | AA8: Servicesd'information | AB8: Servicesd'information | AC8: Servicesd'information
A9: Tranche d'effectif | B9: Ensemble des catégories d'entreprise | C9: Microentreprises (MICRO) | D9: Petites et moyennes entreprises (PME), hors Microentreprises | E9: Entreprises de taille intermédiaire (ETI) ou Grandes entreprises (GE) | F9: Ensemble des catégories d'entreprise | G9: Microentreprises (MICRO) | H9: Petites et moyennes entreprises (PME), hors Microentreprises | I9: Entreprises de taille intermédiaire (ETI) ou Grandes entreprises (GE) | J9: Ensemble des catégories d'entreprise | K9: Microentreprises (MICRO) | L9: Petites et moyennes entreprises (PME), hors Microentreprises | M9: Entreprises de taille intermédiaire (ETI) ou Grandes entreprises (GE) | N9: Ensemble des catégories d'entreprise | O9: Microentreprises (MICRO) | P9: Petites et moyennes entreprises (PME), hors Microentreprises | Q9: Entreprises de taille intermédiaire (ETI) ou Grandes entreprises (GE) | R9: Ensemble des catégories d'entreprise | S9: Microentreprises (MICRO) | T9: Petites et moyennes entreprises (PME), hors Microentreprises | U9: Entreprises de taille intermédiaire (ETI) ou Grandes entreprises (GE) | V9: Ensemble des catégories d'entreprise | W9: Microentreprises (MICRO) | X9: Petites et moyennes entreprises (PME), hors Microentreprises | Y9: Entreprises de taille intermédiaire (ETI) ou Grandes entreprises (GE) | Z9: Ensemble des catégories d'entreprise | AA9: Microentreprises (MICRO) | AB9: Petites et moyennes entreprises (PME), hors Microentreprises | AC9: Entreprises de taille intermédiaire (ETI) ou Grandes entreprises (GE)
A10: Nombre d'entreprises | B10: 126843 | C10: 120802 | D10: 5724 | E10: 317 | F10: 14807 | G10: 13494 | H10: 1238 | I10: 75 | J10: 24006 | K10: 23175 | L10: 794 | M10: 37 | N10: 447 | O10: 376 | P10: 58 | Q10: 13 | R10: 2966 | S10: 2634 | T10: 297 | U10: 35 | V10: 73637 | W10: 70641 | X10: 2864 | Y10: 132 | Z10: 10980 | AA10: 10482 | AB10: 473 | AC10: 25
A11: Capital souscrit non appelé (I) | B11: 428.54 | C11: 10.7 | D11: 4.43 | E11: 413.41 | F11: 9.62 | G11: 1.57 | H11: 1.61 | I11: 6.44 | J11: 2.36 | K11: 1.07 | L11: 1.15 | M11: 0.14 | N11: 28.08 | O11: 0.1 | P11: 0.08 | Q11: 27.9 | R11: 3.49 | S11: 3.16 | T11: 0.15 | U11: 0.17 | V11: 384.07 | W11: 3.89 | X11: 1.42 | Y11: 378.77 | Z11: 0.92 | AA11: 0.9 | AB11: 0.02 | AC11: 0
A12: Immobilisations incorporelles brutes (a) | B12: 164815.42 | C12: 10185.93 | D12: 20553.46 | E12: 134076.03 | F12: 19046.18 | G12: 709.76 | H12: 2919 | I12: 15417.43 | J12: 37073.45 | K12: 7567.51 | L12: 13211.96 | M12: 16293.97 | N12: 17888.85 | O12: 23.4 | P12: 124.3 | Q12: 17741.15 | R12: 70801.61 | S12: 96.43 | T12: 507.49 | U12: 70197.68 | V12: 17944.54 | W12: 1514.23 | X12: 3005.34 | Y12: 13424.97 | Z12: 2060.79 | AA12: 274.6 | AB12: 785.36 | AC12: 1000.83
A13: Dont Fonds commercial | B13: 53416.77 | C13: 385.34 | D13: 2011.85 | E13: 51019.58 | F13: 7861.56 | G13: 92.24 | H13: 708.22 | I13: 7061.1 | J13: 727.79 | K13: 100.72 | L13: 109.18 | M13: 517.88 | N13: 3085.09 | O13: 1.22 | P13: 69.61 | Q13: 3014.26 | R13: 36507.07 | S13: 19.62 | T13: 141.65 | U13: 36345.8 | V13: 4825.02 | W13: 136.66 | X13: 765.34 | Y13: 3923.02 | Z13: 410.23 | AA13: 34.87 | AB13: 217.84 | AC13: 157.52
A14: Immobilisations corporelles brutes (b) | B14: 170966.3 | C14: 3634.68 | D14: 7430.69 | E14: 159900.93 | F14: 5264.44 | G14: 372.36 | H14: 1002.37 | I14: 3889.7 | J14: 5237.62 | K14: 1204.98 | L14: 1463.32 | M14: 2569.32 | N14: 4794.56 | O14: 23.67 | P14: 161.05 | Q14: 4609.85 | R14: 111732.12 | S14: 347.37 | T14: 2381.58 | U14: 109003.17 | V14: 41048.93 | W14: 1412.66 | X14: 1493.24 | Y14: 38143.03 | Z14: 2888.62 | AA14: 273.63 | AB14: 929.13 | AC14: 1685.86
